Workbook
Name Admin_Hse: #REF!
Name Audit: #REF!
Name Bank_Charges: #REF!
Name Board_of_Children: #REF!
Name Board_of_Children: #REF!
Name Board_of_Worship: #REF!
Name Board_of_Worship: #REF!
Name Board_of_Youth: #REF!
Name Board_of_Youth: #REF!
Name Car_Travel: #REF!
Name Church_Van: #REF!
Name Church_Van: #REF!
Name Cleaning_Material: #REF!
Name Compassionate: #REF!
Name Compassionate: #REF!
Name Couples_Fellowship: #REF!
Name Couples_Fellowship: #REF!
Name Equip_Furniture: #REF!
Name Flower: #REF!
Name Flower: #REF!
Name FYP: #REF!
Name FYP: #REF!
Name Generator: #REF!
Name Generator: #REF!
Name Home_Group_Fellowships: #REF!
Name Hospitality: #REF!
Name Housing: #REF!
Name Income: #REF!
Name Income: #REF!
Name Insurances: #REF!
Name Insurances: #REF!
Name IT_Maintenance: #REF!
Name Library: #REF!
Name MAIN: #REF!
Name Mambers_Kitty: #REF!
Name Mambers_Kitty: #REF!
Name Medical: #REF!
Name Members_Kitty: #REF!
Name Members_Kitty: #REF!
Name Mens_Fellowship: #REF!
Name MISSIONARY: #REF!
Name Music: #REF!
Name Music: #REF!
Name NOW: #REF!
Name NOW: #REF!
Name Outlook: #REF!
Name Outlook: #REF!
Name Outreach: #REF!
Name Outreach: #REF!
Name Parking_Creche: #REF!
Name Pastoral_Communication: #REF!
Name Pastoral_Communication: #REF!
Name Pastoral_Emeritus: #REF!
Name Pastoral_Emeritus: #REF!
Name Postage_Tel.: #REF!
Name Printing_Statio.: #REF!
Name Professional_Fee: #REF!
Name Property: #REF!
Name Pulpit: #REF!
Name Pulpit: #REF!

Sheet Global Dashboard
B2: NBC 2022 WORKPLAN IMPLEMENTATION DASHBOARD (SUMMARY) | N2: Date when last updated | O2: 44708
B4: # | C4: DEPARTMENT | D4: PROGRESS | O4: Overall 2022 achievement
B5: 1.0 | C5: NBC Ngong Road | D5: =AVERAGE('NBC NgRd'!D7:D12) -> 0 | O5: =AVERAGE(D5:D13) -> 0.014705882
B6: 2.0 | C6: NBC Kibera | D6: ='NBC Kibera '!P2 -> 0
B7: 3.0 | C7: NBC Ongata Rongai | D7: ='NBC ORongai'!Q2 -> 0
B8: 4.0 | C8: NBC Westlands | D8: ='NBC Westlands'!P2 -> 0
B9: 5.0 | C9: NBC Kikuyu | D9: ='NBC Kikuyu'!P2 -> 0
B10: 6.0 | C10: NBC Kitengela | D10: ='NBC Kitengela'!P4 -> 0
B11: 7.0 | C11: Global Missions & Outreach | D11: ='GMO '!P2 -> 0.13235294 | O11: KEY
B12: 8.0 | C12: Administry | D12: =Administry!N3 -> 0 | O12: Excellent
B13: 9.0 | C13: Leadership Office | D13: =Leadership!P2 -> 0 | O13: Good
O14: Fair
O15: Not so good
O16: Worrying

Sheet NBC NgRd
B3: NBC 2022 WORKPLAN IMPLEMENTATION DASHBOARD | N3: Date when last updated
B6: # | C6: DEPARTMENT | D6: PROGRESS | O6: Overall 2022 achievement
B7: 1.0 | C7: CHILDREN | D7: =Children!P2 -> 0
B8: 2.0 | C8: YOUTH & YOUNG ADULTS | D8: ='Youth&YAd'!P2 -> 0 | O8: =AVERAGE(D7:D18) -> 0
B9: 3.0 | C9: FAMILY CARE | D9: ='Family Care'!P2 -> 0
B10: 4.0 | C10: DISCIPLESHIP | D10: =Discipleship!P2 -> 0
B11: 5.0 | C11: WORSHIP & PRAYER | D11: =Worship!P2 -> 0
B12: 6.0 | C12: MEDIA | D12: =Media!P2 -> 0
O15: KEY
O16: Excellent
O17: Good
O18: Fair
O19: Not so good
O20: Worrying

Sheet Children
B1: WORKPLAN & APPRAISAL TOOL FOR CHILDREN'S MINISTRY: YEAR 2022
O2: Overall achievement | P2: =AVERAGE(P6:P71) -> 0
B3: NAME OF ASSEMBLY/DEPT: | C3: CHILDRENS MINISTRY | E3: NAME: JACQUELINE WASONGA | H3: Qtr of year | L3: Qtr of year | R3: (only for Assembly/departmental workplan)
H4: Planned Implementation | L4: Actual Implementation | P4: Progress | R4: BUDGET | S4: SELF FUNDING | T4: BUDGET Request | V4: NARRATIVE REPORT 2022 | AA4: Appraisal
A5: Goal by 2023 & Target | B5: Outcome(s) | C5: Outcome indicator(s) | D5: BASELINE 2019 | E5: TARGET 2023 | F5: 2022 Activities | G5: TARGET/ INDICATOR | H5: I | I5: II | J5: III | K5: IV | L5: I | M5: II | N5: III | O5: IV | P5: (auto-calculated) | V5: 1ST QUARTER | W5: 2ND QUARTER | X5: 3RD QUARTER | Y5: 4TH QUARTER | AA5: SELF | AB5: SUPERVISOR
A6: There is increased spiritual engagement and expression of regular congregants through worship, prayer and the word; Level of congregants engagement measured as good (from 75% to 85%) | B6: 1.1 Congregants expressing and experiencing Christ-centered, vibrant and relevant worship | C6: Proportion of worship content that is Christ-centered | D6: 0.87 | E6: Keep it at at least 90% | F6: Have the children playing in the band and more visibibility required during the Children Services. | G6: 18 | H6: 6 | I6: 6 | J6: 6 | P6: =(SUM(L6:O6)/SUM(H6:K6)) -> 0 | R6: 180000 | S6: 180000 | T6: =R6-S6 -> 0
F7: Give opportunity to perform more often during Main Services.Memory verses, drama,poems,co service leading…. | G7: 6 | H7: 2 | I7: 2 | K7: 2 | P7: =(SUM(L7:O7)/SUM(H7:K7)) -> 0 | T7: =R7-S7 -> 0
F8: Training of children in drama,poetry and dance in the children's time of worship | G8: 20 | I8: 10 | K8: 10 | P8: =(SUM(L8:O8)/SUM(H8:K8)) -> 0 | R8: 20000 | T8: =R8-S8 -> 20000
F9: HBC IN APRIL | G9: 1 | I9: 1 | P9: =(SUM(L9:O9)/SUM(H9:K9)) -> 0 | R9: 120000 | S9: 50000 | T9: =R9-S9 -> 70000
F10: HBC Childrens December Camp | G10: 1 | K10: 1 | P10: =(SUM(L10:O10)/SUM(H10:K10)) -> 0 | R10: 2000000 | S10: 1200000 | T10: =R10-S10 -> 800000
C11: Level of congregations responsiveness to the worship | D11: 0.63 | E11: Keep it at at least 80% | F11: Lesson based challenges e.g Bible quizzes, radio presentations, skits. | G11: 4 | H11: 1 | I11: 1 | J11: 1 | K11: 1 | P11: =(SUM(L11:O11)/SUM(H11:K11)) -> 0 | R11: 10000 | T11: =R11-S11 -> 10000
F12: Lesson summary by children in various classes-in mime, drama ,song and poetry,games puppets movies. | G12: 4 | H12: 1 | I12: 1 | J12: 1 | K12: 1 | P12: =(SUM(L12:O12)/SUM(H12:K12)) -> 0 | T12: =R12-S12 -> 0
F13: Outreach activity in a designated place-New Hope,St Barnados,Watoto Wema | G13: 2 | I13: 1 | K13: 1 | P13: =(SUM(L13:O13)/SUM(H13:K13)) -> 0 | R13: 50000 | T13: =R13-S13 -> 50000
B14: 1.2 Congregants are increasingly engaged in fervent, continuous prayer empowered by the Holy Spirit | C14: Proportion of people engaged in fervent, continuous prayer | D14: 0.44 | E14: Keep it at at least 70% | F14: Prayer Day for children and teachers (all assemblies) | G14: 1 | H14: 1 | P14: =(SUM(L14:O14)/SUM(H14:K14)) -> 0 | R14: 20000 | T14: =R14-S14 -> 20000
F15: Sunday school stationary (Quarterly reports) | G15: 4 | H15: 1 | I15: 1 | J15: 1 | K15: 1 | P15: =(SUM(L15:O15)/SUM(H15:K15)) -> 0 | R15: 200000 | T15: =R15-S15 -> 200000
F16: photocopying of take home materials (Quarterly reports) | G16: 4 | H16: 1 | I16: 1 | J16: 1 | K16: 1 | P16: =(SUM(L16:O16)/SUM(H16:K16)) -> 0 | R16: 150000 | T16: =R16-S16 -> 150000
C17: # of prayer initiatives currently in place | F17: Prayer chain for teachers | G17: 3 | H17: 1 | J17: 1 | K17: 1 | P17: =(SUM(L17:O17)/SUM(H17:K17)) -> 0 | T17: =R17-S17 -> 0
F18: Prayer Day for ALL CHURCHES | G18: 1 | K18: 1 | P18: =(SUM(L18:O18)/SUM(H18:K18)) -> 0 | T18: =R18-S18 -> 0
B19: 1.3 Congregants are experienceing and responding to Christ-centred and relevent preaching and teaching | C19: Proportion of preaching and teaching that is Christ-like centred and relevant | D19: 0.92 | E19: Keep it at at least 90% | F19: Sunday school themed lessons being taught (Quarterly reports) | G19: 48 | H19: 12 | I19: 12 | J19: 12 | K19: 12 | P19: =(SUM(L19:O19)/SUM(H19:K19)) -> 0 | R19: 10000 | T19: =R19-S19 -> 10000
G20: 2 | H20: 1 | J20: 1 | P20: =(SUM(L20:O20)/SUM(H20:K20)) -> 0 | T20: =R20-S20 -> 0
F21: photocopying of take home materials (Quarterly reports) | G21: 52 | H21: 13 | I21: 13 | J21: 13 | K21: 13 | P21: =(SUM(L21:O21)/SUM(H21:K21)) -> 0 | R21: 500000 | T21: =R21-S21 -> 500000
F22: Teachers refreshments (Quarterly reports) | G22: 52 | H22: 13 | I22: 13 | J22: 13 | K22: 13 | P22: =(SUM(L22:O22)/SUM(H22:K22)) -> 0 | R22: 130000 | T22: =R22-S22 -> 130000
C23: Level of congregation's responsiveness to the preaching and teaching | D23: 0.83 | E23: Keep it at at least 80% | F23: Parenting classes | G23: 3 | H23: 1 | I23: 1 | J23: 1 | P23: =(SUM(L23:O23)/SUM(H23:K23)) -> 0 | R23: 20000 | T23: =R23-S23 -> 20000
F24: Increased child participation in various ministries within the Sunday school. | G24: 48 | H24: 12 | I24: 12 | J24: 12 | K24: 12 | P24: =(SUM(L24:O24)/SUM(H24:K24)) -> 0 | T24: =R24-S24 -> 0
F25: Present a Child led Service periodically in the main Service | G25: 2 | I25: 1 | K25: 1 | P25: =(SUM(L25:O25)/SUM(H25:K25)) -> 0 | R25: 20000 | T25: =R25-S25 -> 20000
B26: 1.4 Congregants encountering quality ministry in every aspect of the worship service | C26: Level of quality in every aspect of the worship service | D26: 0.84 | E26: Keep it at at least 90% | T26: =R26-S26 -> 0
T27: =R27-S27 -> 0
T28: =R28-S28 -> 0
T29: =R29-S29 -> 0
T30: =R30-S30 -> 0
A31: There is increased spiritual maturity of regular congregants through effective discipleship, mentorship and leadership development; At least 50% of regular congregants, at any given time, who understand, communicate and live out the gospel | B31: 2.1 Congregants effectively discipled and discipling others | C31: # of congregants being discipled | D31: 0.5 | E31: 0.6 | F31: Discipleship classes for children. | G31: 4 | H31: 1 | I31: 1 | J31: 1 | K31: 1 | P31: =(SUM(L31:O31)/SUM(H31:K31)) -> 0 | T31: =R31-S31 -> 0
F32: Discipleship sessions for teachers | G32: 4 | H32: 1 | I32: 1 | J32: 1 | K32: 1 | P32: =(SUM(L32:O32)/SUM(H32:K32)) -> 0 | R32: 10000 | T32: =R32-S32 -> 10000
F33: Teachers' retreat | G33: 1 | I33: 1 | P33: =(SUM(L33:O33)/SUM(H33:K33)) -> 0 | R33: 500000 | S33: 100000 | T33: =R33-S33 -> 400000
F34: Teachers refreshments (Quarterly reports) | G34: 52 | H34: 13 | I34: 13 | J34: 13 | K34: 13 | P34: =(SUM(L34:O34)/SUM(H34:K34)) -> 0 | R34: 130000 | T34: =R34-S34 -> 130000
C35: # of congregants discipling others | D35: 0.46 | E35: 0.55 | T35: =R35-S35 -> 0
T36: =R36-S36 -> 0
T37: =R37-S37 -> 0
T38: =R38-S38 -> 0
B39: 2.2 Increased number of persons involved in mentorship programs | C39: # ofpersons involved in mentorship programs - being mentored | D39: 0.29 | E39: 0.4 | T39: =R39-S39 -> 0
T40: =R40-S40 -> 0
T41: =R41-S41 -> 0
T42: =R42-S42 -> 0
C43: # of persons involved in mentorship others | D43: 0.27 | E43: 0.4 | T43: =R43-S43 -> 0
T44: =R44-S44 -> 0
T45: =R45-S45 -> 0
T46: =R46-S46 -> 0
B47: 2.3 Visible and active leadership development | C47: # of Leadership development initiatives | D47: 86 in diff ministries across assemblies | E47: 100 initiatives | F47: Teachers attending the various church based trainings (at least 2) | G47: 3 | H47: 1 | I47: 1 | J47: 1 | P47: =(SUM(L47:O47)/SUM(H47:K47)) -> 0 | R47: 40000 | T47: =R47-S47 -> 40000
C48: # of participants in the Leadership development initatives | D48: TBC | F48: Teacher training workshops offered out | G48: 3 | H48: 1 | I48: 1 | J48: 1 | P48: =(SUM(L48:O48)/SUM(H48:K48)) -> 0 | R48: 40000 | T48: =R48-S48 -> 40000
F49: Training sessions for those interested in the PPI (Inhouse training) | G49: 2 | H49: 1 | J49: 1 | P49: =(SUM(L49:O49)/SUM(H49:K49)) -> 0 | R49: 20000 | T49: =R49-S49 -> 20000
T50: =R50-S50 -> 0
T51: =R51-S51 -> 0
B52: 2.4 Visible and active fellowship oriented forums | C52: Level of involvement/Participation in fellowship/care ministries | D52: 0.12 | E52: 0.4 | F52: Teacher Visitation | G52: 24 | H52: 6 | I52: 6 | J52: 6 | K52: 6 | P52: =(SUM(L52:O52)/SUM(H52:K52)) -> 0 | R52: 8000 | T52: =R52-S52 -> 8000
T53: =R53-S53 -> 0
A54: Regular congregants are participating in holistic outreach, evangelism and viable Church Planting; At least 60% of regular congregants participating; and 2 churches planted | B54: 3.1 An equipped congregation that is actively and effectively engaged in holistic outreach. | C54: Proportion of congregants who are enthusiastically and consistently involved in holistic outreach. | D54: 0.22 | E54: 0.55 | F54: PPI in 3 Schools (Qtrlyreport) | G54: 16 | H54: 4 | I54: 4 | J54: 4 | K54: 4 | P54: =(SUM(L54:O54)/SUM(H54:K54)) -> 0 | R54: 50000 | T54: =R54-S54 -> 50000
T55: =R55-S55 -> 0
T56: =R56-S56 -> 0
T57: =R57-S57 -> 0
B58: 3.2 An equipped congregation that is actively and effectively engaged in evangelism. | C58: Proportion of congregants who are enthusiastically and consistently sharing the gospel of Christ. | D58: 0.45 | E58: 0.65 | T58: =R58-S58 -> 0
T59: =R59-S59 -> 0
T60: =R60-S60 -> 0
T61: =R61-S61 -> 0
B62: 3.3 Planted and established vibrant, Christ centered churces that are advancing the Kingdom of God. | C62: # of congregations planted and established. | D62: 3 | E62: 5 | T62: =R62-S62 -> 0
T63: =R63-S63 -> 0
T64: =R64-S64 -> 0
T65: =R65-S65 -> 0
C66: # of strucutred ministries established in the church plants (Limited to the church plants including Children incl ROPES, youth, young adults and the fellowship/care ministries) | D66: 28 | E66: 35 | T66: =R66-S66 -> 0
T67: =R67-S67 -> 0
T68: =R68-S68 -> 0
T69: =R69-S69 -> 0
T70: =R70-S70 -> 0
A71: Children, Youth, and Young Adults are actively and variously engaged in influencing the world around them by living out and sharing their Christian testimony; At least 50% of Children, youth and young adults | B71: 4.1 Children actively living out and sharing their Christian testimony | C71: % of children living out and sharing their Christian testimony (home, school, play arenas etc) | D71: 0.49 | E71: 0.6 | F71: Children share the Gospel in their neighbourhood | G71: 16 | H71: 4 | I71: 4 | J71: 4 | K71: 4 | P71: =(SUM(L71:O71)/SUM(H71:K71)) -> 0 | T71: =R71-S71 -> 0
B72: 4.2 Youth actively living out and sharing their Christian testimony | C72: % of youth (ages13-17) involved actively living out and sharing their Christian testimony (understand, communicate and living out the gospel) | D72: 0.13 | E72: 0.45 | T72: =R72-S72 -> 0
T73: =R73-S73 -> 0
T74: =R74-S74 -> 0
T75: =R75-S75 -> 0
B76: 4.3 Young adults actively living out and sharing their Christian testimony | C76: % of young adults (ages 18-29) actively living out their Christian testimony (understand, communicate and living out the gospel) | D76: 0.16 | E76: 0.45 | T76: =R76-S76 -> 0
T77: =R77-S77 -> 0
T78: =R78-S78 -> 0
T79: =R79-S79 -> 0
T80: =R80-S80 -> 0
A81: Governance and management structures are aligned and strengthened effectively overseeing the affairs of NBC and its growth; Alignment and strength of governance and management structures rated as good | B81: 5.1 Governance and management structures are fully aligned to the changing structure of the church | C81: % level of alignment across the entire NBC | D81: 0.72 | E81: 0.95 | T81: =R81-S81 -> 0
R82: =(200*10)*110-220000 -> 0 | T82: =R82-S82 -> 0
T83: =R83-S83 -> 0
T84: =R84-S84 -> 0
B85: 5.2 Governance and management structures strengthened to effecitvely give oversight to the growing and dynamic church | C85: Level of strengthening attained | D85: 0.7 | E85: 0.95 | F85: Strategic Plan implementation | R85: =100000-100000 -> 0 | T85: =R85-S85 -> 0
T86: =R86-S86 -> 0
T87: =R87-S87 -> 0
T88: =R88-S88 -> 0
B89: 5.3 Increased Registered Membership | C89: % increased propotion of members | D89: 0.31 | E89: At least 50% of congregation at any one time are members | T89: =R89-S89 -> 0
T90: =R90-S90 -> 0
T91: =R91-S91 -> 0
T92: =R92-S92 -> 0
T93: =R93-S93 -> 0
A94: CRITICAL SUPPORT/ADMINISTRATIVE ITEMS | C94: Other Pastrol Duties | F94: Preaching and teaching engagements | T94: =R94-S94 -> 0
F95: Benevolence engagements | R95: 200000 | T95: =R95-S95 -> 200000
F96: Visitation of Home Group Fellowships | T96: =R96-S96 -> 0
F97: Visitation of Teachers in the childrens ministry | T97: =R97-S97 -> 0
F98: Airtime | R98: 40000 | T98: =R98-S98 -> 40000
F99: Transport | R99: 50000 | T99: =R99-S99 -> 50000
T100: =R100-S100 -> 0
...

Sheet Youth&YAd
B1: WORKPLAN & APPRAISAL TOOL FOR YOUTH & YOUNG ADULTS: YEAR 2022
O2: Overall achievement | P2: =AVERAGE(P6:P108) -> 0
B3: NAME OF ASSEMBLY/DEPT: | E3: NAME: | H3: Qtr of year | L3: Qtr of year | R3: (only for Assembly/departmental workplan)
H4: Planned Implementation | L4: Actual Implementation | P4: Progress | R4: BUDGET | S4: SELF FUNDING | T4: BUDGET Request | V4: NARRATIVE REPORT 2022 | AA4: Appraisal
A5: Goal by 2023 & Target | B5: Outcome(s) | C5: Outcome indicator(s) | D5: BASELINE 2019 | E5: TARGET 2023 | F5: 2022 Activities | G5: TARGET/ INDICATOR | H5: I | I5: II | J5: III | K5: IV | L5: I | M5: II | N5: III | O5: IV | P5: (auto-calculated) | V5: 1ST QUARTER | W5: 2ND QUARTER | X5: 3RD QUARTER | Y5: 4TH QUARTER | AA5: SELF | AB5: SUPERVISOR
A6: There is increased spiritual engagement and expression of regular congregants through worship, prayer and the word; Level of congregants engagement measured as good (from 75% to 85%) | B6: 1.1 Congregants expressing and experiencing Christ-centered, vibrant and relevant worship | C6: Proportion of worship content that is Christ-centered | D6: 0.87 | E6: Keep it at at least 90% | F6: Song lists checked for Scriptural soundness | G6: Weekly | H6: 1 | I6: 1 | J6: 1 | K6: 1 | P6: =(SUM(L6:O6)/SUM(H6:K6)) -> 0 | T6: =R6-S6 -> 0
F7: Song lists in line with the sermon series/topic | G7: Weekly | H7: 1 | I7: 1 | J7: 1 | K7: 1 | P7: =(SUM(L7:O7)/SUM(H7:K7)) -> 0 | T7: =R7-S7 -> 0
F8: Evaluate the youth song databaseto determine comformity to Scripture | I8: 1 | K8: 1 | P8: =(SUM(L8:O8)/SUM(H8:K8)) -> 0 | T8: =R8-S8 -> 0
F9: Ensure all worship team members are saved and are growing in the faith | G9: Ongoing | H9: 1 | I9: 1 | J9: 1 | K9: 1 | P9: =(SUM(L9:O9)/SUM(H9:K9)) -> 0 | T9: =R9-S9 -> 0
C10: Level of congregations responsiveness to the worship | D10: 0.63 | E10: Keep it at at least 80% | F10: Recorded song(s) by the Youth Music Team | G10: 1 | J10: 1 | P10: =(SUM(L10:O10)/SUM(H10:K10)) -> 0 | R10: 50000 | T10: =R10-S10 -> 50000
F11: Monthly Holy communion services at NMC | G11: 11 | H11: 1 | I11: 1 | J11: 1 | K11: 1 | P11: =(SUM(L11:O11)/SUM(H11:K11)) -> 0 | T11: =R11-S11 -> 0
F12: A youth worship concert | G12: 1 | I12: 1 | P12: =(SUM(L12:O12)/SUM(H12:K12)) -> 0 | R12: 50000 | T12: =R12-S12 -> 50000
F13: Invite guest music teams | G13: 4 | H13: 1 | I13: 1 | J13: 1 | K13: 1 | P13: =(SUM(L13:O13)/SUM(H13:K13)) -> 0 | R13: 30000 | T13: =R13-S13 -> 30000
F14: Extended worship and prayer every 5th Sunday | G14: 4 | H14: 1 | I14: 1 | J14: 1 | K14: 1 | P14: =(SUM(L14:O14)/SUM(H14:K14)) -> 0 | T14: =R14-S14 -> 0
B15: 1.2 Congregants are increasingly engaged in fervent, continuous prayer empowered by the Holy Spirit | C15: Proportion of people engaged in fervent, continuous prayer | D15: 0.44 | E15: Keep it at at least 70% | F15: Encourage all the youth serving to participate in the church's pre-service prayers | G15: ongoing | H15: 1 | I15: 1 | J15: 1 | K15: 1 | P15: =(SUM(L15:O15)/SUM(H15:K15)) -> 0 | T15: =R15-S15 -> 0
F16: Continue incorporating ACTS model of prayer in the services | G16: 38 | H16: 9 | I16: 10 | J16: 10 | K16: 9 | P16: =(SUM(L16:O16)/SUM(H16:K16)) -> 0 | T16: =R16-S16 -> 0
F17: Young adults prayer meetings at least once a month | G17: 11 | H17: 3 | I17: 3 | J17: 3 | K17: 2 | P17: =(SUM(L17:O17)/SUM(H17:K17)) -> 0 | R17: 30000 | T17: =R17-S17 -> 30000
F18: Mobilise young adults to participate in the church's prayer activities | G18: Services & 3 fasting sessions | H18: 1 | I18: 1 | J18: 1 | K18: 1 | P18: =(SUM(L18:O18)/SUM(H18:K18)) -> 0 | T18: =R18-S18 -> 0
C19: # of prayer initiatives currently in place | F19: Quarterly prayer retreats for youth leaders | G19: 4 | H19: 1 | I19: 1 | J19: 1 | K19: 1 | P19: =(SUM(L19:O19)/SUM(H19:K19)) -> 0 | R19: 20000 | T19: =R19-S19 -> 20000
F20: ACTS prayer model in services | G20: 38 | H20: 9 | I20: 10 | J20: 10 | K20: 9 | P20: =(SUM(L20:O20)/SUM(H20:K20)) -> 0 | T20: =R20-S20 -> 0
T21: =R21-S21 -> 0
T22: =R22-S22 -> 0
B23: 1.3 Congregants are experienceing and responding to Christ-centred and relevent preaching and teaching | C23: Proportion of preaching and teaching that is Christ-like centred and relevant | D23: 0.92 | E23: Keep it at at least 90% | F23: Preparation and execution of preaching plan in line with the annual theme | G23: 1 | H23: 1 | P23: =(SUM(L23:O23)/SUM(H23:K23)) -> 0 | T23: =R23-S23 -> 0
F24: Weekly sermon evaluation | G24: 38 | H24: 9 | I24: 10 | J24: 10 | K24: 9 | P24: =(SUM(L24:O24)/SUM(H24:K24)) -> 0 | T24: =R24-S24 -> 0
F25: Invite external preachers | G25: 4 | H25: 1 | I25: 1 | J25: 1 | K25: 1 | P25: =(SUM(L25:O25)/SUM(H25:K25)) -> 0 | R25: 30000 | T25: =R25-S25 -> 30000
T26: =R26-S26 -> 0
C27: Level of congregation's responsiveness to the preaching and teaching | D27: 0.83 | E27: Keep it at at least 80% | F27: Scripture memorisation in each series | G27: 8 | H27: 2 | I27: 2 | J27: 2 | K27: 2 | P27: =(SUM(L27:O27)/SUM(H27:K27)) -> 0 | T27: =R27-S27 -> 0
F28: Calls to response after preaching | G28: 8 | H28: 2 | I28: 2 | J28: 2 | K28: 2 | P28: =(SUM(L28:O28)/SUM(H28:K28)) -> 0 | T28: =R28-S28 -> 0
T29: =R29-S29 -> 0
T30: =R30-S30 -> 0
B31: 1.4 Congregants encountering quality ministry in every aspect of the worship service | C31: Level of quality in every aspect of the worship service | D31: 0.84 | E31: Keep it at at least 90% | F31: Enhancing the media and digital experience in the services | G31: Ongoing | I31: 1 | K31: 1 | P31: =(SUM(L31:O31)/SUM(H31:K31)) -> 0 | R31: 50000 | T31: =R31-S31 -> 50000
F32: Improve aesthetics through décor | G32: 2 | H32: 1 | K32: 1 | P32: =(SUM(L32:O32)/SUM(H32:K32)) -> 0 | R32: 50000 | T32: =R32-S32 -> 50000
F33: Ushers are punctual and well organised | G33: 38 | H33: 9 | I33: 10 | J33: 10 | K33: 9 | P33: =(SUM(L33:O33)/SUM(H33:K33)) -> 0 | T33: =R33-S33 -> 0
F34: Flow of service created and executed by the service planning team | G34: 38 | H34: 9 | I34: 10 | J34: 10 | K34: 9 | P34: =(SUM(L34:O34)/SUM(H34:K34)) -> 0 | T34: =R34-S34 -> 0
F35: Meet and greet every 5th Sunday (subject to COVID situation) | G35: 3 | H35: 1 | I35: 1 | J35: 1 | P35: =(SUM(L35:O35)/SUM(H35:K35)) -> 0 | R35: 15000 | T35: =R35-S35 -> 15000
F36: Refreshments available every Sunday to foster fellowship (subject to COVID situation) | G36: 19 | J36: 10 | K36: 9 | P36: =(SUM(L36:O36)/SUM(H36:K36)) -> 0 | R36: 50000 | T36: =R36-S36 -> 50000
T37: =R37-S37 -> 0
A38: There is increased spiritual maturity of regular congregants through effective discipleship, mentorship and leadership development; At least 50% of regular congregants, at any given time, who understand, communicate and live out the gospel | B38: 2.1 Congregants effectively discipled and discipling others | C38: # of congregants being discipled | D38: 0.5 | E38: 0.6 | F38: Invite older men and women to attend youth services and activities to foster discipleship relationships | G38: ongoing | H38: 1 | I38: 1 | J38: 1 | K38: 1 | P38: =(SUM(L38:O38)/SUM(H38:K38)) -> 0 | T38: =R38-S38 -> 0
T39: =R39-S39 -> 0
T40: =R40-S40 -> 0
T41: =R41-S41 -> 0
C42: # of congregants discipling others | D42: 0.46 | E42: 0.55 | F42: Youth leaders and co-workers engaged with ROPES | G42: ongoing | H42: 1 | I42: 1 | J42: 1 | K42: 1 | P42: =(SUM(L42:O42)/SUM(H42:K42)) -> 0 | T42: =R42-S42 -> 0
T43: =R43-S43 -> 0
T44: =R44-S44 -> 0
T45: =R45-S45 -> 0
B46: 2.2 Increased number of persons involved in mentorship programs | C46: # ofpersons involved in mentorship programs - being mentored | D46: 0.29 | E46: 0.4 | F46: High school leavers mentored through the IMPACT program | G46: 1 | J46: 1 | P46: =(SUM(L46:O46)/SUM(H46:K46)) -> 0 | R46: 360000 | S46: 180000 | T46: =R46-S46 -> 180000
F47: Class 8 students and its equivalent in non-844 systems mentored through the ROPES program | G47: Ongoing | H47: 1 | I47: 1 | J47: 1 | K47: 1 | P47: =(SUM(L47:O47)/SUM(H47:K47)) -> 0 | R47: 1500000 | S47: 1150000 | T47: =R47-S47 -> 350000
T48: =R48-S48 -> 0
T49: =R49-S49 -> 0
C50: # of persons involved in mentorship others | D50: 0.27 | E50: 0.4 | F50: Report on number of participants in Impact | T50: =R50-S50 -> 0
F51: Report on number of participants in ROPES | T51: =R51-S51 -> 0
T52: =R52-S52 -> 0
T53: =R53-S53 -> 0
B54: 2.3 Visible and active leadership development | C54: # of Leadership development initiatives | D54: 86 in diff ministries across assemblies | E54: 100 initiatives | F54: Youth Leaders' Retreat | G54: 2 | H54: 1 | J54: 1 | P54: =(SUM(L54:O54)/SUM(H54:K54)) -> 0 | R54: 150000 | T54: =R54-S54 -> 150000
F55: Leadership Fast Track | G55: Ongoing | K55: 1 | P55: =(SUM(L55:O55)/SUM(H55:K55)) -> 0 | T55: =R55-S55 -> 0
F56: Youth Leaders Transition | G56: 1 | K56: 1 | P56: =(SUM(L56:O56)/SUM(H56:K56)) -> 0 | R56: 50000 | T56: =R56-S56 -> 50000
F57: Youth volunteers fellowships/trainings | G57: 2 | H57: 1 | J57: 1 | P57: =(SUM(L57:O57)/SUM(H57:K57)) -> 0 | R57: 50000 | T57: =R57-S57 -> 50000
C58: # of participants in the Leadership development initatives | D58: TBC | F58: Report on participants during the youth leaders' retreat | G58: 2 | H58: 1 | J58: 1 | P58: =(SUM(L58:O58)/SUM(H58:K58)) -> 0 | T58: =R58-S58 -> 0
F59: Report on participants in the Leadership Fast Track | G59: 1 | K59: 1 | P59: =(SUM(L59:O59)/SUM(H59:K59)) -> 0 | T59: =R59-S59 -> 0
F60: Report on participants during the youth volunteers fellowships/trainings | G60: 2 | H60: 1 | J60: 1 | P60: =(SUM(L60:O60)/SUM(H60:K60)) -> 0 | T60: =R60-S60 -> 0
T61: =R61-S61 -> 0
B62: 2.4 Visible and active fellowship oriented forums | C62: Level of involvement/Participation in fellowship/care ministries | D62: 0.12 | E62: 0.4 | F62: Young Adults Monthly fellowship activities | G62: 10 | H62: 2 | I62: 3 | J62: 3 | K62: 2 | P62: =(SUM(L62:O62)/SUM(H62:K62)) -> 0 | R62: 300000 | S62: 150000 | T62: =R62-S62 -> 150000
F63: Young Adults Dinner | G63: 1 | J63: 1 | P63: =(SUM(L63:O63)/SUM(H63:K63)) -> 0 | R63: 300000 | S63: 150000 | T63: =R63-S63 -> 150000
F64: Fellowship activities (Fun Day, Mocktails, Game nights etc) | G64: 4 | H64: 1 | I64: 1 | J64: 1 | K64: 1 | P64: =(SUM(L64:O64)/SUM(H64:K64)) -> 0 | R64: 100000 | S64: 0 | T64: =R64-S64 -> 100000
T65: =R65-S65 -> 0
T66: =R66-S66 -> 0
A67: Regular congregants are participating in holistic outreach, evangelism and viable Church Planting; At least 60% of regular congregants participating; and 2 churches planted | B67: 3.1 An equipped congregation that is actively and effectively engaged in holistic outreach. | C67: Proportion of congregants who are enthusiastically and consistently involved in holistic outreach. | D67: 0.22 | E67: 0.55 | F67: Encourage youth and young adults to participate in the church wide outreach activities | G67: Ongoing | H67: 1 | I67: 1 | J67: 1 | K67: 1 | P67: =(SUM(L67:O67)/SUM(H67:K67)) -> 0 | T67: =R67-S67 -> 0
F68: High school outreach | G68: 4 | H68: 1 | I68: 1 | J68: 1 | K68: 1 | P68: =(SUM(L68:O68)/SUM(H68:K68)) -> 0 | R68: 50000 | T68: =R68-S68 -> 50000
F69: University outreach | G69: 4 | H69: 1 | I69: 1 | J69: 1 | K69: 1 | P69: =(SUM(L69:O69)/SUM(H69:K69)) -> 0 | R69: 50000 | T69: =R69-S69 -> 50000
T70: =R70-S70 -> 0
B71: 3.2 An equipped congregation that is actively and effectively engaged in evangelism. | C71: Proportion of congregants who are enthusiastically and consistently sharing the gospel of Christ. | D71: 0.45 | E71: 0.65 | F71: Encourage youth and young adults to participate in the church wide evangelism activities | G71: Ongoing | H71: 1 | I71: 1 | J71: 1 | K71: 1 | P71: =(SUM(L71:O71)/SUM(H71:K71)) -> 0 | T71: =R71-S71 -> 0
T72: =R72-S72 -> 0
T73: =R73-S73 -> 0
T74: =R74-S74 -> 0
B75: 3.3 Planted and established vibrant, Christ centered churces that are advancing the Kingdom of God. | C75: # of congregations planted and established. | D75: 3 | E75: 5 | T75: =R75-S75 -> 0
T76: =R76-S76 -> 0
T77: =R77-S77 -> 0
T78: =R78-S78 -> 0
C79: # of strucutred ministries established in the church plants (Limited to the church plants including Children incl ROPES, youth, young adults and the fellowship/care ministries) | D79: 28 | E79: 35 | T79: =R79-S79 -> 0
T80: =R80-S80 -> 0
T81: =R81-S81 -> 0
T82: =R82-S82 -> 0
T83: =R83-S83 -> 0
A84: Children, Youth, and Young Adults are actively and variously engaged in influencing the world around them by living out and sharing their Christian testimony; At least 50% of Children, youth and young adults | B84: 4.1 Children actively living out and sharing their Christian testimony | C84: % of children living out and sharing their Christian testimony (home, school, play arenas etc) | D84: 0.49 | E84: 0.6 | T84: =R84-S84 -> 0
T85: =R85-S85 -> 0
T86: =R86-S86 -> 0
T87: =R87-S87 -> 0
B88: 4.2 Youth actively living out and sharing their Christian testimony | C88: % of youth (ages13-17) involved actively living out and sharing their Christian testimony (understand, communicate and living out the gospel) | D88: 0.13 | E88: 0.45 | F88: New believers' class | G88: 2 | I88: 1 | J88: 1 | P88: =(SUM(L88:O88)/SUM(H88:K88)) -> 0 | T88: =R88-S88 -> 0
F89: LITE Camp (Subject to COVID situation) | G89: 1 | K89: 1 | P89: =(SUM(L89:O89)/SUM(H89:K89)) -> 0 | R89: 1000000 | S89: 500000 | T89: =R89-S89 -> 500000
T90: =R90-S90 -> 0
T91: =R91-S91 -> 0
B92: 4.3 Young adults actively living out and sharing their Christian testimony | C92: % of young adults (ages 18-29) actively living out their Christian testimony (understand, communicate and living out the gospel) | D92: 0.16 | E92: 0.45 | F92: Collegers' Camp (subject to COVID situation) | G92: 1 | J92: 1 | P92: =(SUM(L92:O92)/SUM(H92:K92)) -> 0 | R92: 1000000 | S92: 500000 | T92: =R92-S92 -> 500000
F93: A visit to a children's home or an elderly home | G93: 1 | J93: 1 | P93: =(SUM(L93:O93)/SUM(H93:K93)) -> 0 | R93: 10000 | S93: 5000 | T93: =R93-S93 -> 5000
F94: Strenghening and building Young Adults Bible study groups | G94: 4 | H94: 1 | I94: 1 | J94: 1 | K94: 1 | P94: =(SUM(L94:O94)/SUM(H94:K94)) -> 0 | R94: 50000 | S94: 0 | T94: =R94-S94 -> 50000
F95: Bible Book Clubs | G95: Ongoing | H95: 1 | I95: 1 | J95: 1 | K95: 1 | P95: =(SUM(L95:O95)/SUM(H95:K95)) -> 0 | R95: 50000 | S95: 0 | T95: =R95-S95 -> 50000
T96: =R96-S96 -> 0
A97: Governance and management structures are aligned and strengthened effectively overseeing the affairs of NBC and its growth; Alignment and strength of governance and management structures rated as good | B97: 5.1 Governance and management structures are fully aligned to the changing structure of the church | C97: % level of alignment across the entire NBC | D97: 0.72 | E97: 0.95 | T97: =R97-S97 -> 0
R98: =(200*10)*110 -> 220000 | T98: =R98-S98 -> 220000
T99: =R99-S99 -> 0
T100: =R100-S100 -> 0
...

Sheet Family Care
B1: WORKPLAN & APPRAISAL TOOL FOR FAMILY CARE: YEAR 2022
O2: Overall achievement | P2: =AVERAGE(P6:P112) -> 0
B3: NAME OF ASSEMBLY/DEPT: | E3: NAME: | H3: Qtr of year | L3: Qtr of year | R3: (only for Assembly/departmental workplan)
H4: Planned Implementation | L4: Actual Implementation | P4: Progress | R4: BUDGET | S4: SELF FUNDING | T4: BUDGET Request | V4: NARRATIVE REPORT 2022 | AA4: Appraisal
A5: Goal by 2023 & Target | B5: Outcome(s) | C5: Outcome indicator(s) | D5: BASELINE 2019 | E5: TARGET 2023 | F5: 2022 Activities | G5: TARGET/ INDICATOR | H5: I | I5: II | J5: III | K5: IV | L5: I | M5: II | N5: III | O5: IV | P5: (auto-calculated) | V5: 1ST QUARTER | W5: 2ND QUARTER | X5: 3RD QUARTER | Y5: 4TH QUARTER | AA5: SELF | AB5: SUPERVISOR
A6: There is increased spiritual engagement and expression of regular congregants through worship, prayer and the word; Level of congregants engagement measured as good (from 75% to 85%) | B6: 1.1 Congregants expressing and experiencing Christ-centered, vibrant and relevant worship | C6: Proportion of worship content that is Christ-centered | D6: 0.87 | E6: Keep it at at least 90%
C10: Level of congregations responsiveness to the worship | D10: 0.63 | E10: Keep it at at least 80%
B14: 1.2 Congregants are increasingly engaged in fervent, continuous prayer empowered by the Holy Spirit | C14: Proportion of people engaged in fervent, continuous prayer | D14: 0.44 | E14: Keep it at at least 70%
C18: # of prayer initiatives currently in place
B22: 1.3 Congregants are experienceing and responding to Christ-centred and relevent preaching and teaching | C22: Proportion of preaching and teaching that is Christ-like centred and relevant | D22: 0.92 | E22: Keep it at at least 90%
C26: Level of congregation's responsiveness to the preaching and teaching | D26: 0.83 | E26: Keep it at at least 80%
B30: 1.4 Congregants encountering quality ministry in every aspect of the worship service | C30: Level of quality in every aspect of the worship service | D30: 0.84 | E30: Keep it at at least 90%
A35: There is increased spiritual maturity of regular congregants through effective discipleship, mentorship and leadership development; At least 50% of regular congregants, at any given time, who understand, communicate and live out the gospel | B35: 2.1 Congregants effectively discipled and discipling others | C35: # of congregants being discipled | D35: 0.5 | E35: 0.6 | F35: Men's Fellowship for support | G35: Once a month | H35: 3 | I35: 3 | J35: 3 | K35: 3 | P35: =(SUM(L35:O35)/SUM(H35:K35)) -> 0 | R35: 142000 | S35: 42000 | T35: =R35-S35 -> 100000
F36: Angaza Fellowship | G36: Once a month | H36: 3 | I36: 3 | J36: 3 | K36: 3 | P36: =(SUM(L36:O36)/SUM(H36:K36)) -> 0 | R36: 220000 | S36: 70000 | T36: =R36-S36 -> 150000
F37: Caleb Generation | G37: Monthly meetings & Bible study | H37: 3 | I37: 3 | J37: 3 | K37: 3 | P37: =(SUM(L37:O37)/SUM(H37:K37)) -> 0 | R37: 60000 | S37: 0 | T37: =R37-S37 -> 60000
F38: Olives Fellowship | G38: Every other month | H38: 1.5 | I38: 1.5 | J38: 1.5 | K38: 1.5 | P38: =(SUM(L38:O38)/SUM(H38:K38)) -> 0 | R38: 50000 | S38: 0 | T38: =R38-S38 -> 50000
F39: Marriage enrichment Fellowship | G39: Every other month | H39: 2 | I39: 1 | J39: 1 | K39: 1 | P39: =(SUM(L39:O39)/SUM(H39:K39)) -> 0 | R39: 127650 | S39: 0 | T39: =R39-S39 -> 127650
F40: Jars of Clay Fellowship | G40: Every other month | H40: 1.5 | I40: 1.5 | J40: 1.5 | K40: 1.5 | P40: =(SUM(L40:O40)/SUM(H40:K40)) -> 0 | R40: 40000 | S40: 0 | T40: =R40-S40 -> 40000
F41: Child Dedication | G41: 1) Parents prepared and children dedicated at least 2 times a year | I41: 1 | K41: 1 | P41: =(SUM(L41:O41)/SUM(H41:K41)) -> 0 | R41: 90000 | S41: 0 | T41: =R41-S41 -> 90000
F42: GOLDS Fellowship | H42: 3 | I42: 3 | J42: 3 | K42: 3 | P42: =(SUM(L42:O42)/SUM(H42:K42)) -> 0 | R42: 60000 | S42: 0 | T42: =R42-S42 -> 60000
F43: Grief Support Ministry (GSM) | G43: 36 Family Visits | H43: 3 | I43: 3 | J43: 3 | K43: 3 | P43: =(SUM(L43:O43)/SUM(H43:K43)) -> 0 | R43: 100000 | S43: 0 | T43: =R43-S43 -> 100000
F44: Counseling Ministry | G44: Training ad debriefing | H44: 1.5 | I44: 1.5 | J44: 1.5 | K44: 1.5 | P44: =(SUM(L44:O44)/SUM(H44:K44)) -> 0 | R44: 60000 | S44: 0 | T44: =R44-S44 -> 60000
F45: Premarital Counseling Classes(PMCC) | G45: Two Pre-marital classes | H45: 1 | J45: 1 | P45: =(SUM(L45:O45)/SUM(H45:K45)) -> 0 | R45: 60000 | S45: 30000 | T45: =R45-S45 -> 30000
C46: # of congregants discipling others | D46: 0.46 | E46: 0.55 | F46: Premarital Counseling follow-up | G46: Two Pre-marital classes and dinner in a year | I46: 1 | K46: 1 | P46: =(SUM(L46:O46)/SUM(H46:K46)) -> 0 | R46: 35000 | S46: 0 | T46: =R46-S46 -> 35000
F47: Wedding Bible purchase | G47: Premarital Counseling follow-up | I47: 1 | K47: 1 | P47: =(SUM(L47:O47)/SUM(H47:K47)) -> 0 | R47: 50000 | S47: 0 | T47: =R47-S47 -> 50000
T48: =R48-S48 -> 0
T49: =R49-S49 -> 0
B50: 2.2 Increased number of persons involved in mentorship programs | C50: # ofpersons involved in mentorship programs - being mentored | D50: 0.29 | E50: 0.4 | F50: 1)Marriage Enrichment Retreats and / or Conferences | G50: 1 couples retreat | J50: 1 | P50: =(SUM(L50:O50)/SUM(H50:K50)) -> 0 | R50: 150000 | S50: 0 | T50: =R50-S50 -> 150000
F51: Create mentorship opportuities through engagement of the older and younger men | G51: Quarterly reports | H51: 1 | I51: 1 | J51: 1 | K51: 1 | P51: =(SUM(L51:O51)/SUM(H51:K51)) -> 0 | R51: 15000 | S51: 15000 | T51: =R51-S51 -> 0
T52: =R52-S52 -> 0
T53: =R53-S53 -> 0
C54: # of persons involved in mentorship others | D54: 0.27 | E54: 0.4 | T54: =R54-S54 -> 0
T55: =R55-S55 -> 0
T56: =R56-S56 -> 0
T57: =R57-S57 -> 0
B58: 2.3 Visible and active leadership development | C58: # of Leadership development initiatives | D58: 86 in diff ministries across assemblies | E58: 100 initiatives | F58: Men's committee retreat | G58: 1 | J58: 1 | P58: =(SUM(L58:O58)/SUM(H58:K58)) -> 0 | R58: 50000 | S58: 0 | T58: =R58-S58 -> 50000
F59: Angaza Fellowship | G59: monthly meetings | H59: 3 | I59: 3 | J59: 3 | K59: 3 | P59: =(SUM(L59:O59)/SUM(H59:K59)) -> 0 | R59: 50000 | S59: 0 | T59: =R59-S59 -> 50000
F60: Grief Support Ministry (GSM) trainings | G60: 2 Trainings per year | H60: 1 | J60: 1 | P60: =(SUM(L60:O60)/SUM(H60:K60)) -> 0 | R60: 24500 | T60: =R60-S60 -> 24500
T61: =R61-S61 -> 0
C62: # of participants in the Leadership development initatives | D62: TBC | F62: # of participants in Men's committee retreat | H62: 1 | J62: 1 | P62: =(SUM(L62:O62)/SUM(H62:K62)) -> 0 | T62: =R62-S62 -> 0
F63: # (average) of participants in Angaza Fellowship | H63: 3 | I63: 3 | J63: 3 | K63: 3 | P63: =(SUM(L63:O63)/SUM(H63:K63)) -> 0 | T63: =R63-S63 -> 0
F64: Grief Support Ministry (GSM) trainings | H64: 1 | J64: 1 | P64: =(SUM(L64:O64)/SUM(H64:K64)) -> 0 | T64: =R64-S64 -> 0
T65: =R65-S65 -> 0
B66: 2.4 Visible and active fellowship oriented forums | C66: Level of involvement/Participation in fellowship/care ministries | D66: 0.12 | E66: 0.4 | F66: 2) Parenting skills training at least 2 times a year | G66: Parenting forums/trainings | H66: 1 | K66: 1 | P66: =(SUM(L66:O66)/SUM(H66:K66)) -> 0 | R66: 50500 | S66: 30000 | T66: =R66-S66 -> 20500
F67: Family conference/month | G67: 1 family emphasis month in which there will be a conference addressing family issues | K67: 1 | P67: =(SUM(L67:O67)/SUM(H67:K67)) -> 0 | R67: 400000 | S67: 0 | T67: =R67-S67 -> 400000
F68: Quarterly Family Care Heads Committee and vision casting | G68: Quarterly Meeting on Updates and Ministries | H68: 1 | I68: 1 | J68: 1 | K68: 1 | P68: =(SUM(L68:O68)/SUM(H68:K68)) -> 0 | R68: 0 | S68: 0 | T68: =R68-S68 -> 0
T69: =R69-S69 -> 0
T70: =R70-S70 -> 0
A71: Regular congregants are participating in holistic outreach, evangelism and viable Church Planting; At least 60% of regular congregants participating; and 2 churches planted | B71: 3.1 An equipped congregation that is actively and effectively engaged in holistic outreach. | C71: Proportion of congregants who are enthusiastically and consistently involved in holistic outreach. | D71: 0.22 | E71: 0.55 | F71: Outreach through Family Ministries | G71: Visits to Kwale, Mua girls home, Watoto Wema home | I71: 2 | K71: 2 | P71: =(SUM(L71:O71)/SUM(H71:K71)) -> 0 | R71: 226000 | S71: 55000 | T71: =R71-S71 -> 171000
T72: =R72-S72 -> 0
T73: =R73-S73 -> 0
T74: =R74-S74 -> 0
B75: 3.2 An equipped congregation that is actively and effectively engaged in evangelism. | C75: Proportion of congregants who are enthusiastically and consistently sharing the gospel of Christ. | D75: 0.45 | E75: 0.65 | T75: =R75-S75 -> 0
T76: =R76-S76 -> 0
T77: =R77-S77 -> 0
T78: =R78-S78 -> 0
B79: 3.3 Planted and established vibrant, Christ centered churces that are advancing the Kingdom of God. | C79: # of congregations planted and established. | D79: 3 | E79: 5 | T79: =R79-S79 -> 0
T80: =R80-S80 -> 0
T81: =R81-S81 -> 0
T82: =R82-S82 -> 0
C83: # of strucutred ministries established in the church plants (Limited to the church plants including Children incl ROPES, youth, young adults and the fellowship/care ministries) | D83: 28 | E83: 35 | T83: =R83-S83 -> 0
T84: =R84-S84 -> 0
T85: =R85-S85 -> 0
T86: =R86-S86 -> 0
T87: =R87-S87 -> 0
A88: Children, Youth, and Young Adults are actively and variously engaged in influencing the world around them by living out and sharing their Christian testimony; At least 50% of Children, youth and young adults | B88: 4.1 Children actively living out and sharing their Christian testimony | C88: % of children living out and sharing their Christian testimony (home, school, play arenas etc) | D88: 0.49 | E88: 0.6 | T88: =R88-S88 -> 0
T89: =R89-S89 -> 0
T90: =R90-S90 -> 0
T91: =R91-S91 -> 0
B92: 4.2 Youth actively living out and sharing their Christian testimony | C92: % of youth (ages13-17) involved actively living out and sharing their Christian testimony (understand, communicate and living out the gospel) | D92: 0.13 | E92: 0.45 | T92: =R92-S92 -> 0
T93: =R93-S93 -> 0
T94: =R94-S94 -> 0
T95: =R95-S95 -> 0
B96: 4.3 Young adults actively living out and sharing their Christian testimony | C96: % of young adults (ages 18-29) actively living out their Christian testimony (understand, communicate and living out the gospel) | D96: 0.16 | E96: 0.45 | T96: =R96-S96 -> 0
T97: =R97-S97 -> 0
T98: =R98-S98 -> 0
T99: =R99-S99 -> 0
T100: =R100-S100 -> 0
A101: Governance and management structures are aligned and strengthened effectively overseeing the affairs of NBC and its growth; Alignment and strength of governance and management structures rated as good | B101: 5.1 Governance and management structures are fully aligned to the changing structure of the church | C101: % level of alignment across the entire NBC | D101: 0.72 | E101: 0.95 | T101: =R101-S101 -> 0
T102: =R102-S102 -> 0
T103: =R103-S103 -> 0
T104: =R104-S104 -> 0
B105: 5.2 Governance and management structures strengthened to effecitvely give oversight to the growing and dynamic church | C105: Level of strengthening attained | D105: 0.7 | E105: 0.95 | F105: Strategic Plan implementation | T105: =R105-S105 -> 0
T106: =R106-S106 -> 0
T107: =R107-S107 -> 0
T108: =R108-S108 -> 0
B109: 5.3 Increased Registered Membership | C109: % increased propotion of members | D109: 0.31 | E109: At least 50% of congregation at any one time are members | T109: =R109-S109 -> 0
T110: =R110-S110 -> 0
T111: =R111-S111 -> 0
T112: =R112-S112 -> 0
T113: =R113-S113 -> 0
A114: CRITICAL SUPPORT/ADMINISTRATIVE ITEMS | F114: Pastoral Care and Benevolence | R114: 500000 | S114: 0 | T114: =R114-S114 -> 500000
F115: Sunday Tea | R115: 300000 | S115: 0 | T115: =R115-S115 -> 300000
F116: Administrative costs | R116: 150500 | S116: 0 | T116: =R116-S116 -> 150500
F117: TOTALS | R117: =SUM(R6:R116) -> 3011150 | S117: =SUM(S6:S116) -> 242000 | T117: =SUM(T6:T116) -> 2769150
B132: Signed by employee: | E132: Date:
B135: Signed by Supervisor: | E135: Date:

Sheet Discipleship
B1: WORKPLAN & APPRAISAL TOOL FOR DISCIPLESHIP: YEAR 2022
O2: Overall achievement | P2: =AVERAGE(P6:P102) -> 0
B3: NAME OF ASSEMBLY/DEPT: | E3: NAME: | H3: Qtr of year | L3: Qtr of year | R3: (only for Assembly/departmental workplan)
H4: Planned Implementation | L4: Actual Implementation | P4: Progress | R4: BUDGET | S4: SELF FUNDING | T4: BUDGET Request | V4: NARRATIVE REPORT 2022 | AA4: Appraisal
A5: Goal by 2023 & Target | B5: Outcome(s) | C5: Outcome indicator(s) | D5: BASELINE 2019 | E5: TARGET 2023 | F5: 2022 Activities | G5: TARGET/ INDICATOR | H5: I | I5: II | J5: III | K5: IV | L5: I | M5: II | N5: III | O5: IV | P5: (auto-calculated) | V5: 1ST QUARTER | W5: 2ND QUARTER | X5: 3RD QUARTER | Y5: 4TH QUARTER | AA5: SELF | AB5: SUPERVISOR
A6: There is increased spiritual engagement and expression of regular congregants through worship, prayer and the word; Level of congregants engagement measured as good (from 75% to 85%) | B6: 1.1 Congregants expressing and experiencing Christ-centered, vibrant and relevant worship | C6: Proportion of worship content that is Christ-centered | D6: 0.87 | E6: Keep it at at least 90% | T6: =R6-S6 -> 0
T7: =R7-S7 -> 0
T8: =R8-S8 -> 0
T9: =R9-S9 -> 0
C10: Level of congregations responsiveness to the worship | D10: 0.63 | E10: Keep it at at least 80% | T10: =R10-S10 -> 0
T11: =R11-S11 -> 0
T12: =R12-S12 -> 0
T13: =R13-S13 -> 0
B14: 1.2 Congregants are increasingly engaged in fervent, continuous prayer empowered by the Holy Spirit | C14: Proportion of people engaged in fervent, continuous prayer | D14: 0.44 | E14: Keep it at at least 70% | T14: =R14-S14 -> 0
T15: =R15-S15 -> 0
T16: =R16-S16 -> 0
T17: =R17-S17 -> 0
C18: # of prayer initiatives currently in place | T18: =R18-S18 -> 0
T19: =R19-S19 -> 0
T20: =R20-S20 -> 0
T21: =R21-S21 -> 0
B22: 1.3 Congregants are experienceing and responding to Christ-centred and relevent preaching and teaching | C22: Proportion of preaching and teaching that is Christ-like centred and relevant | D22: 0.92 | E22: Keep it at at least 90% | T22: =R22-S22 -> 0
T23: =R23-S23 -> 0
T24: =R24-S24 -> 0
T25: =R25-S25 -> 0
C26: Level of congregation's responsiveness to the preaching and teaching | D26: 0.83 | E26: Keep it at at least 80% | F26: Preparing and providing HGF materials to congregants in line with the preaching on a monthly basis | G26: 12 | H26: 1 | I26: 1 | J26: 1 | K26: 1 | P26: =(SUM(L26:O26)/SUM(H26:K26)) -> 0 | R26: 50000 | T26: =R26-S26 -> 50000
T27: =R27-S27 -> 0
T28: =R28-S28 -> 0
T29: =R29-S29 -> 0
B30: 1.4 Congregants encountering quality ministry in every aspect of the worship service | C30: Level of quality in every aspect of the worship service | D30: 0.84 | E30: Keep it at at least 90% | T30: =R30-S30 -> 0
T31: =R31-S31 -> 0
T32: =R32-S32 -> 0
T33: =R33-S33 -> 0
T34: =R34-S34 -> 0
A35: There is increased spiritual maturity of regular congregants through effective discipleship, mentorship and leadership development; At least 50% of regular congregants, at any given time, who understand, communicate and live out the gospel | B35: 2.1 Congregants effectively discipled and discipling others | C35: # of congregants being discipled | D35: 0.5 | E35: 0.6 | F35: Start at least 5 new online groups or Plug in at least 50 people into small groups or HGFs. Report per Q | G35: 4 | H35: 1 | I35: 1 | J35: 1 | K35: 1 | P35: =(SUM(L35:O35)/SUM(H35:K35)) -> 0 | R35: 10000 | T35: =R35-S35 -> 10000
F36: New believers taken through New believers classes. Report per q | G36: 4 | H36: 1 | I36: 1 | J36: 1 | K36: 1 | P36: =(SUM(L36:O36)/SUM(H36:K36)) -> 0 | R36: 30000 | T36: =R36-S36 -> 30000
F37: To conduct at least 2 baptism class sessions | H37: 2 | K37: 2 | P37: =(SUM(L37:O37)/SUM(H37:K37)) -> 0 | R37: 10000 | T37: =R37-S37 -> 10000
F38: Have Follow up with visitors on a weekly basis and plug in those who want to be regulars on visitors sessions sessions | G38: 12 | H38: 3 | I38: 3 | J38: 3 | K38: 3 | P38: =(SUM(L38:O38)/SUM(H38:K38)) -> 0 | R38: 30000 | T38: =R38-S38 -> 30000
C39: # of congregants discipling others | D39: 0.46 | E39: 0.55 | F39: Follow up on disciplers for equipping, accountabbility and fellowship (3 joint fellowships per year) | G39: 3 | H39: 1 | J39: 1 | K39: 1 | P39: =(SUM(L39:O39)/SUM(H39:K39)) -> 0 | R39: 50000 | T39: =R39-S39 -> 50000
F40: Equip new possible disciplers on intentional evangelism and discipleship | G40: 2 | I40: 1 | J40: 1 | P40: =(SUM(L40:O40)/SUM(H40:K40)) -> 0 | R40: 40000 | T40: =R40-S40 -> 40000
T41: =R41-S41 -> 0
T42: =R42-S42 -> 0
B43: 2.2 Increased number of persons involved in mentorship programs | C43: # ofpersons involved in mentorship programs - being mentored | D43: 0.29 | E43: 0.4 | F43: Training on Mentorship | G43: 2 | I43: 1 | J43: 1 | P43: =(SUM(L43:O43)/SUM(H43:K43)) -> 0 | R43: 20000 | T43: =R43-S43 -> 20000
F44: Continous recruitment of mentees from the Services and small groups. Report per q | G44: 4 | H44: 1 | I44: 1 | J44: 1 | K44: 1 | P44: =(SUM(L44:O44)/SUM(H44:K44)) -> 0 | T44: =R44-S44 -> 0
T45: =R45-S45 -> 0
T46: =R46-S46 -> 0
C47: # of persons involved in mentorship others | D47: 0.27 | E47: 0.4 | F47: Forum with Angaza to continually recruits and sensitize possible mentors. Report Q | G47: 4 | H47: 1 | I47: 1 | J47: 1 | K47: 1 | P47: =(SUM(L47:O47)/SUM(H47:K47)) -> 0 | T47: =R47-S47 -> 0
F48: Career fair | G48: 4 | H48: 1 | I48: 1 | J48: 1 | K48: 1 | P48: =(SUM(L48:O48)/SUM(H48:K48)) -> 0 | R48: 80000 | T48: =R48-S48 -> 80000
T49: =R49-S49 -> 0
T50: =R50-S50 -> 0
B51: 2.3 Visible and active leadership development | C51: # of Leadership development initiatives | D51: 86 in diff ministries across assemblies | E51: 100 initiatives | F51: Discipleship Workshop/conference | G51: 2 | H51: 1 | J51: 1 | P51: =(SUM(L51:O51)/SUM(H51:K51)) -> 0 | R51: 250000 | T51: =R51-S51 -> 250000
F52: HGF and small groups Faith Question segment | G52: 10 | H52: 2 | I52: 3 | J52: 3 | K52: 2 | P52: =(SUM(L52:O52)/SUM(H52:K52)) -> 0 | R52: 50000 | T52: =R52-S52 -> 50000
F53: Christian apologetics | G53: 1 | I53: 1 | P53: =(SUM(L53:O53)/SUM(H53:K53)) -> 0 | R53: 130000 | T53: =R53-S53 -> 130000
F54: Training on HGF Material development | G54: 2 | H54: 1 | J54: 1 | P54: =(SUM(L54:O54)/SUM(H54:K54)) -> 0 | R54: 10000 | T54: =R54-S54 -> 10000
C55: # of participants in the Leadership development initatives | D55: TBC | F55: # of cogregants involved in the discipleship Workshop/conference | G55: 2 | H55: 1 | J55: 1 | P55: =(SUM(L55:O55)/SUM(H55:K55)) -> 0 | T55: =R55-S55 -> 0
F56: # of HGF and small groups involved in the Faith Question segment | G56: 10 | H56: 2 | I56: 3 | J56: 3 | K56: 2 | P56: =(SUM(L56:O56)/SUM(H56:K56)) -> 0 | T56: =R56-S56 -> 0
F57: # of Congregants involved in the Christian apologetics | G57: 1 | I57: 1 | P57: =(SUM(L57:O57)/SUM(H57:K57)) -> 0 | T57: =R57-S57 -> 0
F58: # Trained on HGF Development | G58: 2 | H58: 1 | J58: 1 | P58: =(SUM(L58:O58)/SUM(H58:K58)) -> 0 | T58: =R58-S58 -> 0
B59: 2.4 Visible and active fellowship oriented forums | C59: Level of involvement/Participation in fellowship/care ministries | D59: 0.12 | E59: 0.4 | F59: Plan forums for non-Kenyan community for pastoral care | G59: 4 | H59: 1 | I59: 1 | J59: 1 | K59: 1 | P59: =(SUM(L59:O59)/SUM(H59:K59)) -> 0 | R59: 80000 | T59: =R59-S59 -> 80000
F60: HGF and Small groups fellowship | G60: 4 | H60: 1 | I60: 1 | J60: 1 | K60: 1 | P60: =(SUM(L60:O60)/SUM(H60:K60)) -> 0 | R60: 10000 | T60: =R60-S60 -> 10000
F61: HGF and small group visitiation. Report Q | G61: 4 | H61: 1 | I61: 1 | J61: 1 | K61: 1 | P61: =(SUM(L61:O61)/SUM(H61:K61)) -> 0 | T61: =R61-S61 -> 0
F62: Prison Ministry Facilitation. Report Q | G62: 4 | H62: 1 | I62: 1 | J62: 1 | K62: 1 | P62: =(SUM(L62:O62)/SUM(H62:K62)) -> 0 | R62: 80000 | T62: =R62-S62 -> 80000
T63: =R63-S63 -> 0
A64: Regular congregants are participating in holistic outreach, evangelism and viable Church Planting; At least 60% of regular congregants participating; and 2 churches planted | B64: 3.1 An equipped congregation that is actively and effectively engaged in holistic outreach. | C64: Proportion of congregants who are enthusiastically and consistently involved in holistic outreach. | D64: 0.22 | E64: 0.55 | T64: =R64-S64 -> 0
T65: =R65-S65 -> 0
T66: =R66-S66 -> 0
T67: =R67-S67 -> 0
B68: 3.2 An equipped congregation that is actively and effectively engaged in evangelism. | C68: Proportion of congregants who are enthusiastically and consistently sharing the gospel of Christ. | D68: 0.45 | E68: 0.65 | T68: =R68-S68 -> 0
T69: =R69-S69 -> 0
T70: =R70-S70 -> 0
T71: =R71-S71 -> 0
B72: 3.3 Planted and established vibrant, Christ centered churces that are advancing the Kingdom of God. | C72: # of congregations planted and established. | D72: 3 | E72: 5 | T72: =R72-S72 -> 0
T73: =R73-S73 -> 0
T74: =R74-S74 -> 0
T75: =R75-S75 -> 0
C76: # of strucutred ministries established in the church plants (Limited to the church plants including Children incl ROPES, youth, young adults and the fellowship/care ministries) | D76: 28 | E76: 35 | T76: =R76-S76 -> 0
T77: =R77-S77 -> 0
T78: =R78-S78 -> 0
T79: =R79-S79 -> 0
T80: =R80-S80 -> 0
A81: Children, Youth, and Young Adults are actively and variously engaged in influencing the world around them by living out and sharing their Christian testimony; At least 50% of Children, youth and young adults | B81: 4.1 Children actively living out and sharing their Christian testimony | C81: % of children living out and sharing their Christian testimony (home, school, play arenas etc) | D81: 0.49 | E81: 0.6 | T81: =R81-S81 -> 0
T82: =R82-S82 -> 0
T83: =R83-S83 -> 0
T84: =R84-S84 -> 0
B85: 4.2 Youth actively living out and sharing their Christian testimony | C85: % of youth (ages13-17) involved actively living out and sharing their Christian testimony (understand, communicate and living out the gospel) | D85: 0.13 | E85: 0.45 | T85: =R85-S85 -> 0
T86: =R86-S86 -> 0
T87: =R87-S87 -> 0
T88: =R88-S88 -> 0
B89: 4.3 Young adults actively living out and sharing their Christian testimony | C89: % of young adults (ages 18-29) actively living out their Christian testimony (understand, communicate and living out the gospel) | D89: 0.16 | E89: 0.45 | T89: =R89-S89 -> 0
T90: =R90-S90 -> 0
T91: =R91-S91 -> 0
T92: =R92-S92 -> 0
T93: =R93-S93 -> 0
A94: Governance and management structures are aligned and strengthened effectively overseeing the affairs of NBC and its growth; Alignment and strength of governance and management structures rated as good | B94: 5.1 Governance and management structures are fully aligned to the changing structure of the church | C94: % level of alignment across the entire NBC | D94: 0.72 | E94: 0.95 | T94: =R94-S94 -> 0
T95: =R95-S95 -> 0
T96: =R96-S96 -> 0
T97: =R97-S97 -> 0
B98: 5.2 Governance and management structures strengthened to effecitvely give oversight to the growing and dynamic church | C98: Level of strengthening attained | D98: 0.7 | E98: 0.95 | F98: Strategic Plan implementation | T98: =R98-S98 -> 0
T99: =R99-S99 -> 0
T100: =R100-S100 -> 0
...

Sheet Worship
C1: WORKPLAN & APPRAISAL TOOL FOR WORSHIP PRAYER & TEACHING: YEAR 2022
O2: Overall achievement | P2: =AVERAGE(P6:P121) -> 0
A3: NAME OF ASSEMBLY/DEPT: | C3: NG. RD Worship, Prayer & Ushers | F3: NAME: Melina Kemboi | H3: Qtr of year | L3: Qtr of year | R3: (only for Assembly/departmental workplan)
H4: Planned Implementation | L4: Actual Implementation | P4: Progress | R4: BUDGET | S4: SELF FUNDING | T4: BUDGET Request | V4: NARRATIVE REPORT 2022 | AA4: Appraisal
A5: Goal by 2023 & Target | B5: Outcome(s) | C5: Outcome indicator(s) | D5: BASELINE 2019 | E5: TARGET 2023 | F5: 2021 Activities | G5: TARGET/ INDICATOR | H5: I | I5: II | J5: III | K5: IV | L5: I | M5: II | N5: III | O5: IV | P5: (auto-calculated) | V5: 1ST QUARTER | W5: 2ND QUARTER | X5: 3RD QUARTER | Y5: 4TH QUARTER | AA5: SELF | AB5: SUPERVISOR
A6: There is increased spiritual engagement and expression of regular congregants through worship, prayer and the word; Level of congregants engagement measured as good (from 75% to 85%) | B6: 1.1 Congregants expressing and experiencing Christ-centered, vibrant and relevant worship | C6: Proportion of worship content that is Christ-centered | D6: 0.87 | E6: Keep it at at least 90% | F6: 1) Maintain an updated online music folder for worship teams. (To report per q) | G6: 4 | H6: 1 | I6: 1 | J6: 1 | K6: 1 | P6: =(SUM(L6:O6)/SUM(H6:K6)) -> 0 | R6: 0 | T6: =R6-S6 -> 0
F7: 2) Send the preaching plan in advance so that the team can plan for songs in line with the sermon series. | G7: 4 | H7: 1 | I7: 1 | J7: 1 | K7: 1 | P7: =(SUM(L7:O7)/SUM(H7:K7)) -> 0
F8: 3)Share new Biblically sound songs that can be done within a sermon series Share these with team on whatsapp. | G8: 4 | H8: 1 | I8: 1 | J8: 1 | K8: 1 | P8: =(SUM(L8:O8)/SUM(H8:K8)) -> 0 | R8: 0 | T8: =R8-S8 -> 0
F9: 3)Weekly Pre-view & Review of songlists- support in music selection and processing of song lists with media team for services each week. | G9: 52 | H9: 13 | I9: 13 | J9: 13 | K9: 13 | P9: =(SUM(L9:O9)/SUM(H9:K9)) -> 0 | R9: 0 | T9: =R9-S9 -> 0
F10: 4) Training & mentorship of all song leaders in songlist development (& response songs)- each team | G10: 4 | H10: 1 | I10: 1 | J10: 1 | K10: 1 | P10: =(SUM(L10:O10)/SUM(H10:K10)) -> 0 | R10: 0 | T10: =R10-S10 -> 0
F11: 5) Discuss scripture of the week in relation to the song list before practise | G11: 52 Sundays | H11: 13 | I11: 13 | J11: 13 | K11: 13 | P11: =(SUM(L11:O11)/SUM(H11:K11)) -> 0 | R11: 0 | T11: =R11-S11 -> 0
F12: 6) Song-writing challenge- teams to develop 2 songs that are Christ centred, record & upload on youtube | G12: 2 | K12: 3 | P12: =(SUM(L12:O12)/SUM(H12:K12)) -> 0 | R12: 50000 | T12: =R12-S12 -> 50000
C13: Level of congregations responsiveness to the worship | D13: 0.63 | E13: Keep it at at least 80% | F13: 1) Teams to encourage congregation to respond during worship (lift hands, bow, pray, kneel, reflect etc) | G13: 100% of the time | H13: 1 | I13: 1 | J13: 1 | K13: 1 | P13: =(SUM(L13:O13)/SUM(H13:K13)) -> 0 | R13: 0 | T13: =R13-S13 -> 0
F14: 2) Share new songs, re-mixes of songs & beautiful arrangements of songs on the worship leaders social media platforms- at least once per quarter | G14: 4 | H14: 1 | I14: 1 | J14: 1 | K14: 1 | P14: =(SUM(L14:O14)/SUM(H14:K14)) -> 0 | R14: 0 | T14: =R14-S14 -> 0
F15: 3) Teach the congregation (Sermons on worship/ Prayer each 5th Sunday) | G15: 3 | I15: 1 | J15: 1 | K15: 1 | P15: =(SUM(L15:O15)/SUM(H15:K15)) -> 0 | R15: 0 | T15: =R15-S15 -> 0
F16: 4a) Use rich/ diverse expressions of worship- 2 creative outputs a year e.g. Concerts, productions, film fest, online song medleys, online talk shows- at least twice a year | G16: 2 | I16: 1 | K16: 1 | P16: =(SUM(L16:O16)/SUM(H16:K16)) -> 0 | R16: 70000 | T16: 70000
F17: 5) Teams lead at specific NBC events when possible (e.g. conference, funerals, weddings etc); report per Q | G17: 4 | H17: 1 | I17: 1 | J17: 1 | K17: 1 | P17: =(SUM(L17:O17)/SUM(H17:K17)) -> 0 | R17: 10000 | T17: 10000
B18: 1.2 Congregants are increasingly engaged in fervent, continuous prayer empowered by the Holy Spirit | C18: Proportion of people engaged in fervent, continuous prayer | D18: 0.44 | E18: Keep it at at least 70% | F18: 1) Mobilize, through announcements, for prayer service & prayer events (pre-service, morning/ Evening of prayer, keshas etc). Report per Q. | G18: 4 | H18: 1 | I18: 1 | J18: 1 | K18: 1 | P18: =(SUM(L18:O18)/SUM(H18:K18)) -> 0 | T18: =R18-S18 -> 0
F19: 2) Teach the congregation on Prayer (series)- Thursdays or Sunday (Pair with a month that has a 5th Sunday if possible)- To be approved by SMT | G19: 1 | K19: 1 | P19: =(SUM(L19:O19)/SUM(H19:K19)) -> 0 | R19: 0 | T19: =R19-S19 -> 0
F20: 3) Build a Prayer team of at least 100 that pray for the church & beyond on Thursdays and Sundays and individually through the week. | G20: 1 | I20: 1 | P20: =(SUM(L20:O20)/SUM(H20:K20)) -> 0 | R20: 0 | T20: =R20-S20 -> 0
F21: 4) Follow up of prayer team members by prayer leadership team (e.g. keep register of attendance during team activities & follow up those absent)- Report per q | G21: 4 | H21: 1 | I21: 1 | J21: 1 | K21: 1 | P21: =(SUM(L21:O21)/SUM(H21:K21)) -> 0 | R21: 4000 | T21: =R21-S21 -> 4000
F22: 4) The music team to have a time of prayer within the teams each week. | G22: 52 | H22: 13 | I22: 13 | J22: 13 | K22: 13 | P22: =(SUM(L22:O22)/SUM(H22:K22)) -> 0 | R22: 0 | T22: =R22-S22 -> 0
C23: # of prayer initiatives currently in place | F23: 1) Prayer/ Worship experience services during Sunday services (every 5th Sunday) or at least 3 times a year | G23: 3 | I23: 1 | J23: 1 | K23: 1 | P23: =(SUM(L23:O23)/SUM(H23:K23)) -> 0 | R23: 0 | T23: =R23-S23 -> 0
F24: 2) Weekly Thursday Prayer service. Plan & prepare for the service. Bi-monthly service schedule (every 2 months). Have a mix of staff and non- staff leaders leading the service. | G24: 6 | H24: 2 | I24: 2 | J24: 1 | K24: 1 | P24: =(SUM(L24:O24)/SUM(H24:K24)) -> 0 | R24: 0 | T24: =R24-S24 -> 0
F25: 3) Ensure Prayer service sermon series are prepared in advance (liase with various Pastoral team members in the development of varied series). Every 2 months. | G25: 6 | H25: 2 | I25: 2 | J25: 1 | K25: 1 | P25: =(SUM(L25:O25)/SUM(H25:K25)) -> 0
F26: 4) Prayer & worship experience services during the Thursday service (twice a year) | G26: 2 | I26: 1 | K26: 1 | P26: =(SUM(L26:O26)/SUM(H26:K26)) -> 0 | R26: 0 | T26: =R26-S26 -> 0
F27: 5) Thursday Testimony services ( 3 times a year) | G27: 3 | I27: 1 | J27: 1 | K27: 1 | P27: =(SUM(L27:O27)/SUM(H27:K27)) -> 0 | R27: 0 | T27: =R27-S27 -> 0
F28: 6) Pre-service prayers every Sunday & Thursday open to the congregation; report per q | G28: 3 | H28: 1 | I28: 1 | J28: 1 | K28: 1 | P28: =(SUM(L28:O28)/SUM(H28:K28)) -> 0 | R28: 0 | T28: =R28-S28 -> 0
F29: 7) Monthly prayer bulletin developed by prayer team & shared in the church networks (With the exception of January). | G29: 11 | H29: 2 | I29: 3 | J29: 3 | K29: 3 | P29: =(SUM(L29:O29)/SUM(H29:K29)) -> 0
F30: 8) Prayer & Fasting week (3 times a year) including two prayer chains a year. | G30: 5 | H30: 1 | J30: 2 | K30: 2 | P30: =(SUM(L30:O30)/SUM(H30:K30)) -> 0 | R30: 0 | T30: =R30-S30 -> 0
F31: 9)Monthly prayer meetings for all intercessors (Every First Friday)- With the exception of January and the months with day prayer retreats. (2 of these should be training sessions) | G31: 9 | H31: 2 | I31: 3 | J31: 2 | K31: 2 | P31: =(SUM(L31:O31)/SUM(H31:K31)) -> 0
F32: 10) Ministry prayer day each week- where intercessors pray for ministries once a week (Report per q) | G32: 4 | H32: 1 | I32: 1 | J32: 1 | K32: 1 | P32: =(SUM(L32:O32)/SUM(H32:K32)) -> 0
F33: 11) 2 Prayer meetings open to the entire Church (e.g. kesha, mini-kesha, morning/ evening/ day of prayer)- either organised by assembly team or liase with global team | G33: 2 | I33: 1 | K33: 1 | P33: =(SUM(L33:O33)/SUM(H33:K33)) -> 0 | R33: 160000 | T33: =R33-S33 -> 160000
F34: 12) Prayer retreat for intercessors (Include training with internal & external speakers) | G34: 2 | I34: 1 | K34: 1 | P34: =(SUM(L34:O34)/SUM(H34:K34)) -> 0 | R34: 50000 | S34: 20000 | T34: 30000
F35: 13) Weekly staff prayer chain, send reminders and prayer items. Report per q | G35: 4 | H35: 1 | I35: 1 | J35: 1 | K35: 1 | P35: =(SUM(L35:O35)/SUM(H35:K35)) -> 0 | R35: 0 | T35: =R35-S35 -> 0
F36: 14) Extended Ngong road staff prayer (three times a year)- Liase with Chaplaincy | G36: 3 | I36: 1 | J36: 1 | K36: 1 | P36: =(SUM(L36:O36)/SUM(H36:K36)) -> 0 | R36: 0 | T36: =R36-S36 -> 0
F37: 1) Evaluation of preaching (using evaluation form & discussions) with the aim of sharpening the preachers- staff & non: staff (report once per quarter) | G37: 4 | H37: 1 | I37: 1 | J37: 1 | K37: 1 | P37: =(SUM(L37:O37)/SUM(H37:K37)) -> 0 | R37: 0 | T37: =R37-S37 -> 0
F38: 2) Evaluation of preaching (during service planning). Discussions to help the preachers grow. | G38: 4 | H38: 1 | I38: 1 | J38: 1 | K38: 1 | P38: =(SUM(L38:O38)/SUM(H38:K38)) -> 0 | R38: 0 | T38: =R38-S38 -> 0
C39: Level of congregation's responsiveness to the preaching and teaching | D39: 0.83 | E39: Keep it at at least 80% | F39: 1) Encourage speakers to suggest songs & to communicate their sermon direction for planning the response section of the service. | G39: 4 | H39: 1 | I39: 1 | J39: 1 | K39: 1 | P39: =(SUM(L39:O39)/SUM(H39:K39)) -> 0 | R39: 0 | T39: =R39-S39 -> 0
F40: 2) Sermon Series- pre- Planning & post-series evaluation (series Crafting team)- Meet every month | G40: 12 | H40: 1 | I40: 1 | J40: 1 | K40: 1 | P40: =(SUM(L40:O40)/SUM(H40:K40)) -> 0 | R40: 0 | T40: =R40-S40 -> 0
B41: 1.4 Congregants encountering quality ministry in every aspect of the worship service | C41: Level of quality in every aspect of the worship service | D41: 0.84 | E41: Keep it at at least 90% | F41: 1) Weekly service Planning & review meetings. | G41: 50 | H41: 12 | I41: 12 | J41: 13 | K41: 13 | P41: =(SUM(L41:O41)/SUM(H41:K41)) -> 0 | R41: 0 | T41: =R41-S41 -> 0
F42: 2) Special themed services e.g. some combined services, children, youth, Pentecost, evangelistic Sunday etc | G42: 3 | I42: 1 | J42: 1 | K42: 1 | P42: =(SUM(L42:O42)/SUM(H42:K42)) -> 0 | R42: 0 | T42: =R42-S42 -> 0
F43: 2b) Creative elements in the services once per quarter e.g. trailers, special artists, dance, drama, media etc; report per Q | G43: 4 | H43: 1 | I43: 1 | J43: 1 | K43: 1 | P43: =(SUM(L43:O43)/SUM(H43:K43)) -> 0 | R43: 10000 | T43: =R43-S43 -> 10000
F44: 3) Service Leaders prepration & feedback post-service- Allocate one person per month to prepare the Sunday service leaders (Report per q) | G44: 4 | H44: 1 | I44: 1 | J44: 1 | K44: 1 | P44: =(SUM(L44:O44)/SUM(H44:K44)) -> 0 | T44: =R44-S44 -> 0
F45: 4) Ushers training- annually (Budgeted for in the combined fellowship) | G45: 1 | K45: 1 | P45: =(SUM(L45:O45)/SUM(H45:K45)) -> 0 | T45: =R45-S45 -> 0
F46: 5) Service planning & music Team reps to visit other churches in person or online for observation & benchmarking. (at least once a year) | G46: 1 | K46: 1 | P46: =(SUM(L46:O46)/SUM(H46:K46)) -> 0 | R46: 0 | T46: =R46-S46 -> 0
F47: 6) Develop Goals for each aspect of the service- ushers, prayer, sound, media, worship etc | G47: 1 | I47: 1 | P47: =(SUM(L47:O47)/SUM(H47:K47)) -> 0 | R47: 0 | T47: =R47-S47 -> 0
F48: 7) Strenghten music teams via recruitment drives . Interview & audition all those that join (Spiritual & Musical evaluation) | G48: 4 | H48: 1 | I48: 1 | J48: 1 | K48: 1 | P48: =(SUM(L48:O48)/SUM(H48:K48)) -> 0 | R48: 0 | T48: =R48-S48 -> 0
F49: 8) Worship operations documents updated & communicated to the teams (e.g. dress code, code of conduct etc) | G49: 2 | J49: 1 | K49: 1 | P49: =(SUM(L49:O49)/SUM(H49:K49)) -> 0 | R49: 0 | T49: =R49-S49 -> 0
F50: 9) 6 month music team schedule developed & implemented to enhance organisation in the worship ministry | G50: 2 | H50: 1 | J50: 1 | P50: =(SUM(L50:O50)/SUM(H50:K50)) -> 0 | R50: 0 | T50: =R50-S50 -> 0
F51: 10) Feedback and evaluation of music teams and leaders. (Report per q) | G51: 4 | H51: 1 | I51: 1 | J51: 1 | K51: 1 | P51: =(SUM(L51:O51)/SUM(H51:K51)) -> 0
F52: 11) Worship Café- Master class (either in- person or online)-Around music, worship, how to do a set, teaching, lessons learned etc. can invite guests and also internal spekaers. | G52: 4 | H52: 1 | I52: 1 | J52: 1 | K52: 1 | P52: =(SUM(L52:O52)/SUM(H52:K52)) -> 0 | R52: 10000 | T52: 10000
F53: 11) flowers for decoration of the sanctuary (every Sunday). | G53: 4 | H53: 1 | I53: 1 | J53: 1 | K53: 1 | P53: =(SUM(L53:O53)/SUM(H53:K53)) -> 0 | R53: 130000 | S53: 50000 | T53: =R53-S53 -> 80000
F54: 12) Use creative stage set up to enhance the worship atmosphere of the sanctuary. | G54: 4 | H54: 1 | I54: 1 | J54: 1 | K54: 1 | P54: =(SUM(L54:O54)/SUM(H54:K54)) -> 0 | R54: 100000 | S54: 0 | T54: =R54-S54 -> 100000
F55: 13) Music team writing/ music sessions to strengthen synergy in the teams musically & socially to help build unity in the team. | G55: 1 | K55: 1 | P55: =(SUM(L55:O55)/SUM(H55:K55)) -> 0 | T55: =R55-S55 -> 0
F56: 14) Whatsapp group & communication lines set up and maintained with music teams & leaders and ushers for ease of communication & coordination. | G56: 4 | H56: 1 | I56: 1 | J56: 1 | K56: 1 | P56: =(SUM(L56:O56)/SUM(H56:K56)) -> 0 | R56: 0 | T56: =R56-S56 -> 0
T57: =R57-S57 -> 0
A58: There is increased spiritual maturity of regular congregants through effective discipleship, mentorship and leadership development; At least 50% of regular congregants, at any given time, who understand, communicate and live out the gospel | B58: 2.1 Congregants effectively discipled and discipling others | C58: # of congregants being discipled | D58: 0.5 | E58: 0.6 | F58: 1) Music team Bible studies- Each team to have a time of Bible study/ Devotion when they are leading e.g. look at the scripture of the Sunday and do a short study/ share about this portion of scripture. Spearheaded by those leading each week. | G58: 4 | J58: 4 | P58: =(SUM(L58:O58)/SUM(H58:K58)) -> 0 | R58: 0 | T58: =R58-S58 -> 0
F59: 2) Having a discipleship representative for each music team that co-ordinates follow up of team members e.g. join HGF's/ small groups. | G59: 1 | J59: 1 | P59: =(SUM(L59:O59)/SUM(H59:K59)) -> 0 | R59: 0 | T59: =R59-S59 -> 0
F60: 3) Run a small group open to members of worship ministry & other young adults with the aim of discipleship (Meet twice a month) | G60: 1 | H60: 1 | P60: =(SUM(L60:O60)/SUM(H60:K60)) -> 0 | T60: =R60-S60 -> 0
C61: # of congregants discipling others | D61: 0.46 | E61: 0.55 | F61: 1) Session on discipleship for all the leaders. (Included in combined leaders meetings) | G61: 1 | I61: 1 | P61: =(SUM(L61:O61)/SUM(H61:K61)) -> 0 | R61: 0 | T61: =R61-S61 -> 0
R62: 0 | T62: =R62-S62 -> 0
B63: 2.2 Increased number of persons involved in mentorship programs | C63: # ofpersons involved in mentorship programs - being mentored (worship mentorship programs) | D63: 0.29 | E63: 0.4 | F63: 1) Older worship leaders mentoring younger leaders & or pastoral presence in youth teams (Report per quarter) | G63: 4 | H63: 1 | I63: 1 | J63: 1 | K63: 1 | P63: =(SUM(L63:O63)/SUM(H63:K63)) -> 0 | R63: 0 | T63: =R63-S63 -> 0
F64: 2) Invite guest teams to minister at some Sunday services. To give our music teams exposure to different ways of leading musical worship (twice a year in Youth & NMC) | G64: 2 | I64: 1 | K64: 1 | P64: =(SUM(L64:O64)/SUM(H64:K64)) -> 0 | R64: 40000 | T64: =R64-S64 -> 40000
C65: # of persons involved in mentorship others | D65: 0.27 | E65: 0.4 | T65: =R65-S65 -> 0
T66: =R66-S66 -> 0
T67: =R67-S67 -> 0
T68: =R68-S68 -> 0
F69: 1) Intentional delegation of leadership roles in the teams (all teams). With job descriptions for each role. | G69: JDs by Q2 given | I69: 1 | P69: =(SUM(L69:O69)/SUM(H69:K69)) -> 0 | R69: 0 | T69: =R69-S69 -> 0
F70: 2) Exchange programs of music teams- part of training exposure (twice a year) | G70: 2 | I70: 1 | K70: 1 | P70: =(SUM(L70:O70)/SUM(H70:K70)) -> 0 | R70: 20000 | T70: =R70-S70 -> 20000
F71: 4) Music Leaders meetings (2 times a year, one is a retreat)- Include leadership & discipleship trainings. | G71: 2 | H71: 1 | J71: 1 | P71: =(SUM(L71:O71)/SUM(H71:K71)) -> 0 | R71: 45000 | T71: =R71-S71 -> 45000
F72: 11) Worship Ministry retreat | G72: 1 | K72: 1 | P72: =(SUM(L72:O72)/SUM(H72:K72)) -> 0 | R72: =200000-50000 -> 150000 | T72: =R72-S72 -> 150000
F73: 7) Music Team zoom hangout/ fellowship | G73: 2 | I73: 1 | J73: 1 | P73: =(SUM(L73:O73)/SUM(H73:K73)) -> 0 | T73: =R73-S73 -> 0
F74: 6) Monthly Prayer Leaders meetings- Except January | G74: 11 | H74: 2 | I74: 3 | J74: 3 | K74: 3 | P74: =(SUM(L74:O74)/SUM(H74:K74)) -> 0 | T74: =R74-S74 -> 0
F75: 5) Creative Arts meetings per Q (Leaders / team) | G75: 4 | H75: 1 | I75: 1 | J75: 1 | K75: 1 | P75: =(SUM(L75:O75)/SUM(H75:K75)) -> 0 | R75: 10000 | T75: =R75-S75 -> 10000
F76: 10a) Ushers management team meetings- 3 per year | G76: 3 | H76: 1 | J76: 1 | K76: 1 | P76: =(SUM(L76:O76)/SUM(H76:K76)) -> 0 | R76: 4000 | T76: =R76-S76 -> 4000
F77: 9) Usher team leaders meeting (annual) | G77: 1 | I77: 1 | P77: =(SUM(L77:O77)/SUM(H77:K77)) -> 0 | R77: 5000 | T77: =R77-S77 -> 5000
F78: 10) Ushers combined fellowship & training | G78: 1 | I78: 1 | P78: =(SUM(L78:O78)/SUM(H78:K78)) -> 0 | R78: 80000 | T78: =R78-S78 -> 80000
C79: # of participants in the Leadership development initatives | D79: TBC | F79: Report on # of participants in Training of worship leaders in leadership skills & leading worship. | G79: 1 | I79: 1 | P79: =(SUM(L79:O79)/SUM(H79:K79)) -> 0 | T79: =R79-S79 -> 0
F80: Report on # of participants in Leaders retreat annual | G80: 1 | K80: 1 | P80: =(SUM(L80:O80)/SUM(H80:K80)) -> 0 | T80: =R80-S80 -> 0
F81: Report on # of participants in Combined Leaders meetings (3 times a year) | G81: 3 | H81: 1 | I81: 1 | J81: 1 | P81: =(SUM(L81:O81)/SUM(H81:K81)) -> 0 | T81: =R81-S81 -> 0
F82: Report on # of participants in creative arts Leadership development meetings | G82: 4 | H82: 1 | I82: 1 | J82: 1 | K82: 1 | P82: =(SUM(L82:O82)/SUM(H82:K82)) -> 0 | T82: =R82-S82 -> 0
F83: Report on # of participants in Ushers management & team meetings | G83: 4 | H83: 1 | I83: 1 | J83: 1 | K83: 1 | P83: =(SUM(L83:O83)/SUM(H83:K83)) -> 0 | T83: =R83-S83 -> 0
B84: 2.4 Visible and active fellowship oriented forums | C84: Level of involvement/Participation in fellowship/care ministries | D84: 0.12 | E84: 0.4 | T84: =R84-S84 -> 0
T85: =R85-S85 -> 0
T86: =R86-S86 -> 0
T87: =R87-S87 -> 0
T88: =R88-S88 -> 0
T89: =R89-S89 -> 0
T90: =R90-S90 -> 0
T91: =R91-S91 -> 0
F92: 1) Partner with outreach ministry in missions at least once a year. | J92: 1 | P92: =(SUM(L92:O92)/SUM(H92:K92)) -> 0 | T92: =R92-S92 -> 0
T93: =R93-S93 -> 0
B94: 3.2 An equipped congregation that is actively and effectively engaged in evangelism. | C94: Proportion of congregants who are enthusiastically and consistently sharing the gospel of Christ. | D94: 0.45 | E94: 0.65 | T94: =R94-S94 -> 0
T95: =R95-S95 -> 0
T96: =R96-S96 -> 0
T97: =R97-S97 -> 0
B98: 3.3 Planted and established vibrant, Christ centered churces that are advancing the Kingdom of God. | C98: # of congregations planted and established. | D98: 3 | E98: 5 | T98: =R98-S98 -> 0
T99: =R99-S99 -> 0
T100: =R100-S100 -> 0
...

Sheet Media
C1: WORKPLAN & APPRAISAL TOOL FOR MEDIA MINISTRY: YEAR 2022
O2: Overall achievement | P2: =AVERAGE(P6:P112) -> 0
A3: NAME OF ASSEMBLY/DEPT: | C3: NG. RD MEDIA | E3: NAME: | H3: Qtr of year | L3: Qtr of year | R3: (only for Assembly/departmental workplan)
H4: Planned Implementation | L4: Actual Implementation | P4: Progress | R4: BUDGET | S4: SELF FUNDING | T4: BUDGET Request | V4: NARRATIVE REPORT 2022 | AA4: Appraisal
A5: Goal by 2023 & Target | B5: Outcome(s) | C5: Outcome indicator(s) | D5: BASELINE 2019 | E5: TARGET 2023 | F5: 2022 Activities | G5: TARGET/ INDICATOR | H5: I | I5: II | J5: III | K5: IV | L5: I | M5: II | N5: III | O5: IV | P5: (auto-calculated) | V5: 1ST QUARTER | W5: 2ND QUARTER | X5: 3RD QUARTER | Y5: 4TH QUARTER | AA5: SELF | AB5: SUPERVISOR
A6: There is increased spiritual engagement and expression of regular congregants through worship, prayer and the word; Level of congregants engagement measured as good (from 75% to 85%) | B6: 1.1 Congregants expressing and experiencing Christ-centered, vibrant and relevant worship | C6: Proportion of worship content that is Christ-centered | D6: 0.87 | E6: Keep it at at least 90%
C10: Level of congregations responsiveness to the worship | D10: 0.63 | E10: Keep it at at least 80%
B14: 1.2 Congregants are increasingly engaged in fervent, continuous prayer empowered by the Holy Spirit | C14: Proportion of people engaged in fervent, continuous prayer | D14: 0.44 | E14: Keep it at at least 70%
C18: # of prayer initiatives currently in place
B22: 1.3 Congregants are experienceing and responding to Christ-centred and relevent preaching and teaching | C22: Proportion of preaching and teaching that is Christ-like centred and relevant | D22: 0.92 | E22: Keep it at at least 90%
C26: Level of congregation's responsiveness to the preaching and teaching | D26: 0.83 | E26: Keep it at at least 80%
B30: 1.4 Congregants encountering quality ministry in every aspect of the worship service | C30: Level of quality in every aspect of the worship service | D30: 0.84 | E30: Keep it at at least 90% | F30: Ensure quality media support for an uniterrupted worship experience by congregants (Software Plugins Purchased) | G30: 2 | H30: 1 | J30: 1 | P30: =(SUM(L30:O30)/SUM(H30:K30)) -> 0 | R30: 40000 | S30: 0 | T30: =R30-S30 -> 40000
F31: Creative production of Weekly Highlights | G31: 52 | H31: 13 | I31: 13 | J31: 13 | K31: 13 | P31: =(SUM(L31:O31)/SUM(H31:K31)) -> 0 | R31: 30000 | T31: =R31-S31 -> 30000
F32: Church services are recorded in various media | G32: 260 | H32: 65 | I32: 65 | J32: 65 | K32: 65 | P32: =(SUM(L32:O32)/SUM(H32:K32)) -> 0 | R32: 200000 | S32: 100000 | T32: =R32-S32 -> 100000
F33: Thematic Banners For the Year Produced; Support printing of design for assemblies (Print budget in respective assembly) | G33: 1 | H33: 1 | P33: =(SUM(L33:O33)/SUM(H33:K33)) -> 0 | R33: 180000 | T33: =R33-S33 -> 180000
A35: There is increased spiritual maturity of regular congregants through effective discipleship, mentorship and leadership development; At least 50% of regular congregants, at any given time, who understand, communicate and live out the gospel | B35: 2.1 Congregants effectively discipled and discipling others | C35: # of congregants being discipled | D35: 0.5 | E35: 0.6
T38: =R38-S38 -> 0
C39: # of congregants discipling others | D39: 0.46 | E39: 0.55 | T39: =R39-S39 -> 0
T40: =R40-S40 -> 0
T42: =R42-S42 -> 0
B43: 2.2 Increased number of persons involved in mentorship programs | C43: # ofpersons involved in mentorship programs - being mentored | D43: 0.29 | E43: 0.4 | T43: =R43-S43 -> 0
C47: # of persons involved in mentorship others | D47: 0.27 | E47: 0.4
B51: 2.3 Visible and active leadership development | C51: # of Leadership development initiatives | D51: 86 in diff ministries across assemblies | E51: 100 initiatives | F51: Monthly fellowships & devotions | G51: 12 | H51: 3 | I51: 3 | J51: 3 | K51: 3 | P51: =(SUM(L51:O51)/SUM(H51:K51)) -> 0 | R51: 40000 | T51: =R51-S51 -> 40000
F52: Sauti School training held | G52: 2 | I52: 1 | K52: 1 | P52: =(SUM(L52:O52)/SUM(H52:K52)) -> 0 | R52: 90000 | S52: 50000 | T52: =R52-S52 -> 40000
F53: Sauti Master Classes held | G53: 4 | H53: 1 | I53: 1 | J53: 1 | K53: 1 | P53: =(SUM(L53:O53)/SUM(H53:K53)) -> 0 | R53: 40000 | S53: 10000 | T53: =R53-S53 -> 30000
F54: Sauti ToT Training/Workshop | G54: 1 | H54: 1 | P54: =(SUM(L54:O54)/SUM(H54:K54)) -> 0 | R54: 25000 | T54: =R54-S54 -> 25000
F55: Writers Training | G55: 2 | I55: 1 | K55: 1 | P55: =(SUM(L55:O55)/SUM(H55:K55)) -> 0 | R55: 30000 | T55: =R55-S55 -> 30000
C56: # of participants in the Leadership development initatives | D56: TBC | F56: Report on # of participants in Monthly fellowships & devotions | G56: 4 | H56: 1 | I56: 1 | J56: 1 | K56: 1 | P56: =(SUM(L56:O56)/SUM(H56:K56)) -> 0
F57: Report on # of participants in Sauti School training held | G57: 1 | I57: 1 | P57: =(SUM(L57:O57)/SUM(H57:K57)) -> 0
F58: Report on # of participants in Sauti Master Classes held | G58: 4 | H58: 1 | I58: 1 | J58: 1 | K58: 1 | P58: =(SUM(L58:O58)/SUM(H58:K58)) -> 0
F59: Report on # of participants in Sauti ToT Training/Workshop | G59: 1 | H59: 1 | P59: =(SUM(L59:O59)/SUM(H59:K59)) -> 0
F60: Report on # of participants in Writers Training | G60: 2 | I60: 2 | K60: 2 | P60: =(SUM(L60:O60)/SUM(H60:K60)) -> 0
B61: 2.4 Visible and active fellowship oriented forums | C61: Level of involvement/Participation in fellowship/care ministries | D61: 0.12 | E61: 0.4
A66: Regular congregants are participating in holistic outreach, evangelism and viable Church Planting; At least 60% of regular congregants participating; and 2 churches planted | B66: 3.1 An equipped congregation that is actively and effectively engaged in holistic outreach. | C66: Proportion of congregants who are enthusiastically and consistently involved in holistic outreach. | D66: 0.22 | E66: 0.55 | T66: =R66-S66 -> 0
T67: =R67-S67 -> 0
B70: 3.2 An equipped congregation that is actively and effectively engaged in evangelism. | C70: Proportion of congregants who are enthusiastically and consistently sharing the gospel of Christ. | D70: 0.45 | E70: 0.65 | F70: Movie Fridays Running; report on attendance, sharing of the gospel and how many received Christ | G70: 4 | H70: 1 | I70: 1 | J70: 1 | K70: 1 | P70: =(SUM(L70:O70)/SUM(H70:K70)) -> 0 | R70: 45000 | S70: 25000 | T70: =R70-S70 -> 20000
T71: =R71-S71 -> 0
B73: 3.3 Planted and established vibrant, Christ centered churces that are advancing the Kingdom of God. | C73: # of congregations planted and established. | D73: 3 | E73: 5
C77: # of strucutred ministries established in the church plants (Limited to the church plants including Children incl ROPES, youth, young adults and the fellowship/care ministries) | D77: 28 | E77: 35
A82: Children, Youth, and Young Adults are actively and variously engaged in influencing the world around them by living out and sharing their Christian testimony; At least 50% of Children, youth and young adults | B82: 4.1 Children actively living out and sharing their Christian testimony | C82: % of children living out and sharing their Christian testimony (home, school, play arenas etc) | D82: 0.49 | E82: 0.6
B86: 4.2 Youth actively living out and sharing their Christian testimony | C86: % of youth (ages13-17) involved actively living out and sharing their Christian testimony (understand, communicate and living out the gospel) | D86: 0.13 | E86: 0.45
B90: 4.3 Young adults actively living out and sharing their Christian testimony | C90: % of young adults (ages 18-29) actively living out their Christian testimony (understand, communicate and living out the gospel) | D90: 0.16 | E90: 0.45
A95: Governance and management structures are aligned and strengthened effectively overseeing the affairs of NBC and its growth; Alignment and strength of governance and management structures rated as good | B95: 5.1 Governance and management structures are fully aligned to the changing structure of the church | C95: % level of alignment across the entire NBC | D95: 0.72 | E95: 0.95
B99: 5.2 Governance and management structures strengthened to effecitvely give oversight to the growing and dynamic church | C99: Level of strengthening attained | D99: 0.7 | E99: 0.95
B103: 5.3 Increased Registered Membership | C103: % increased propotion of members | D103: 0.31 | E103: At least 50% of congregation at any one time are members
A107: CRITICAL SUPPORT/ADMINISTRATIVE ITEMS | B107: Reaching out with the gospel through digital and Print media while increasing visibility of NBC | C107: Outreach to others beyond NBC | F107: Weekly broadcasts are produced and running in various media outlets | G107: 52 | H107: 13 | I107: 13 | J107: 13 | K107: 13 | P107: =(SUM(L107:O107)/SUM(H107:K107)) -> 0 | R107: 50000 | T107: =R107-S107 -> 50000
F108: Church Services are streamed & are reaching masses | G108: 156 | H108: 39 | I108: 39 | J108: 39 | K108: 39 | P108: =(SUM(L108:O108)/SUM(H108:K108)) -> 0 | R108: 500000 | T108: =R108-S108 -> 500000
F109: Sermon Publications | G109: 2 | I109: 1 | K109: 1 | P109: =(SUM(L109:O109)/SUM(H109:K109)) -> 0 | R109: 50000 | T109: =R109-S109 -> 50000
F110: Printing of monthly bulletin (Ngong Rd) | G110: 12 | H110: 3 | I110: 3 | J110: 3 | K110: 3 | P110: =(SUM(L110:O110)/SUM(H110:K110)) -> 0 | R110: 30000 | T110: =R110-S110 -> 30000
F111: Newsletters produced Bi- Monthly | G111: 6 | H111: 2 | I111: 2 | J111: 1 | K111: 1 | P111: =(SUM(L111:O111)/SUM(H111:K111)) -> 0 | R111: 30000 | T111: =R111-S111 -> 30000
B112: Appropriate storage of information | C112: Information storage for posterity | F112: Library Digitization | G112: 800 | H112: 200 | I112: 200 | J112: 200 | K112: 200 | P112: =(SUM(L112:O112)/SUM(H112:K112)) -> 0 | R112: 40000 | T112: =R112-S112 -> 40000
B114: Administrative support | C114: Equipment serviced and repaired as required | F114: Refereshment for Sunday media teams | R114: 50000 | T114: =R114-S114 -> 50000
F115: Service Contracts For LED Screens & UPS Units | R115: 300000 | T115: =R115-S115 -> 300000
F116: Repairs & Maintenance | R116: 500000 | T116: =R116-S116 -> 500000
F117: Printing & Stationery | R117: 26800 | T117: =R117-S117 -> 26800
F118: Batteries For Mics | R118: 60000 | T118: =R118-S118 -> 60000
F119: Ministry Facillitation/Transport & Communication | R119: 100000 | T119: =R119-S119 -> 100000
F120: Digital Camera | R120: =100000*0 -> 0 | T120: =R120-S120 -> 0
F121: Memory Sticks | R121: =50000*0 -> 0 | T121: =R121-S121 -> 0
F122: Subscriptions | R122: 25000 | T122: =R122-S122 -> 25000
F123: TOTAL BUDGET | R123: =SUM(R3:R122) -> 2481800 | S123: =SUM(S3:S122) -> 185000 | T123: =SUM(T3:T122) -> 2296800
R126: Approved budget: | T126: 2296800
B128: Signed by employee: | E128: Date:
B131: Signed by Supervisor: | E131: Date:

Sheet NBC Kibera 
B1: WORKPLAN & APPRAISAL TOOL FOR NBC KIBERA: YEAR 2022
O2: Overall achievement | P2: =AVERAGE(P6:P96) -> 0
B3: NAME OF ASSEMBLY/DEPT: | E3: NAME: | H3: Qtr of year | L3: Qtr of year | R3: (only for Assembly/departmental workplan)
H4: Planned Implementation | L4: Actual Implementation | P4: Progress | R4: BUDGET | S4: SELF FUNDING | T4: BUDGET Request | V4: NARRATIVE REPORT 2022 | AA4: Appraisal
A5: Goal by 2023 & Target | B5: Outcome(s) | C5: Outcome indicator(s) | D5: BASELINE 2019 | E5: TARGET 2023 | F5: 2022 Activities | G5: TARGET/ INDICATOR | H5: I | I5: II | J5: III | K5: IV | L5: I | M5: II | N5: III | O5: IV | P5: (auto-calculated) | V5: 1ST QUARTER | W5: 2ND QUARTER | X5: 3RD QUARTER | Y5: 4TH QUARTER | AA5: SELF | AB5: SUPERVISOR
A6: There is increased spiritual engagement and expression of regular congregants through worship, prayer and the word; Level of congregants engagement measured as good (from 75% to 85%) | B6: 1.1 Congregants expressing and experiencing Christ-centered, vibrant and relevant worship | C6: Proportion of worship content that is Christ-centered | D6: 0.87 | E6: Keep it at at least 90% | F6: Worship team retreat & planning meeting | G6: 1 | I6: 1 | P6: =(SUM(L6:O6)/SUM(H6:K6)) -> 0 | R6: 30000 | T6: =R6-S6 -> 30000
F7: Worship team vocational training | G7: 1 | H7: 1 | P7: =(SUM(L7:O7)/SUM(H7:K7)) -> 0 | R7: 15000 | T7: =R7-S7 -> 15000
F8: Pastoral fellowship with worship team | G8: 4 | H8: 1 | I8: 1 | J8: 1 | K8: 1 | P8: =(SUM(L8:O8)/SUM(H8:K8)) -> 0 | R8: 7000 | T8: =R8-S8 -> 7000
F9: Invite vetted worship teams (honoraria) | G9: 4 | H9: 1 | I9: 1 | J9: 1 | K9: 1 | P9: =(SUM(L9:O9)/SUM(H9:K9)) -> 0 | R9: 5000 | T9: =R9-S9 -> 5000
F10: Worship team prayer retreat | G10: 1 | I10: 1 | P10: =(SUM(L10:O10)/SUM(H10:K10)) -> 0 | R10: 7000 | T10: =R10-S10 -> 7000
F11: Holy Communion every month | G11: 4 | H11: 1 | I11: 1 | J11: 1 | K11: 1 | P11: =(SUM(L11:O11)/SUM(H11:K11)) -> 0 | R11: 15000 | T11: =R11-S11 -> 15000
C12: Level of congregations responsiveness to the worship | D12: 0.63 | E12: Keep it at at least 80% | F12: Worship Experience | I12: 1 | P12: =(SUM(L12:O12)/SUM(H12:K12)) -> 0 | R12: 30000 | T12: =R12-S12 -> 30000
F13: Street worship | K13: 1 | P13: =(SUM(L13:O13)/SUM(H13:K13)) -> 0 | R13: 10000 | T13: =R13-S13 -> 10000
F14: Christmas carol service (incl catering) | K14: 1 | P14: =(SUM(L14:O14)/SUM(H14:K14)) -> 0 | R14: 25000 | T14: =R14-S14 -> 25000
F15: Worship Leaders planning meeting | G15: 1 | H15: 1 | P15: =(SUM(L15:O15)/SUM(H15:K15)) -> 0 | R15: 5000 | T15: =R15-S15 -> 5000
B16: 1.2 Congregants are increasingly engaged in fervent, continuous prayer empowered by the Holy Spirit | C16: Proportion of people engaged in fervent, continuous prayer | D16: 0.44 | E16: Keep it at at least 70% | F16: Weekly prayer service (Berean hour) | G16: 49 | H16: 11 | I16: 13 | J16: 13 | K16: 12 | P16: =(SUM(L16:O16)/SUM(H16:K16)) -> 0 | R16: 44000 | T16: =R16-S16 -> 44000
F17: Morning glory (intercessory prayers) | G17: 52 | H17: 13 | I17: 13 | J17: 13 | K17: 13 | P17: =(SUM(L17:O17)/SUM(H17:K17)) -> 0 | T17: =R17-S17 -> 0
F18: Men's prayer breakfast | G18: 8 | H18: 2 | I18: 2 | J18: 2 | K18: 2 | P18: =(SUM(L18:O18)/SUM(H18:K18)) -> 0 | R18: 20000 | S18: 10000 | T18: =R18-S18 -> 10000
F19: Congregational prayer and fasting | G19: 3 | H19: 1 | I19: 1 | J19: 1 | P19: =(SUM(L19:O19)/SUM(H19:K19)) -> 0 | T19: =R19-S19 -> 0
C20: # of prayer initiatives currently in place | F20: Prayer kesha | G20: 3 | H20: 1 | I20: 1 | J20: 1 | P20: =(SUM(L20:O20)/SUM(H20:K20)) -> 0 | R20: 20000 | T20: =R20-S20 -> 20000
F21: Cross over kesha | G21: 1 | K21: 1 | P21: =(SUM(L21:O21)/SUM(H21:K21)) -> 0 | R21: 20000 | T21: =R21-S21 -> 20000
B22: 1.3 Congregants are experienceing and responding to Christ-centred and relevent preaching and teaching | C22: Proportion of preaching and teaching that is Christ-like centred and relevant | D22: 0.92 | E22: Keep it at at least 90% | F22: Honorarium | G22: 4 | H22: 1 | I22: 1 | J22: 1 | K22: 1 | P22: =(SUM(L22:O22)/SUM(H22:K22)) -> 0 | R22: 40000 | T22: =R22-S22 -> 40000
F23: Baptism | G23: 1 | I23: 1 | P23: =(SUM(L23:O23)/SUM(H23:K23)) -> 0 | R23: 5000 | T23: =R23-S23 -> 5000
F24: Service leaders training | G24: 1 | H24: 1 | P24: =(SUM(L24:O24)/SUM(H24:K24)) -> 0 | R24: 2000 | T24: =R24-S24 -> 2000
F25: Training of ushers and welcomers | G25: 1 | I25: 1 | P25: =(SUM(L25:O25)/SUM(H25:K25)) -> 0 | R25: 33000 | S25: 12500 | T25: =R25-S25 -> 20500
F26: Pulpit flowers | G26: Half year reports | I26: 1 | K26: 1 | P26: =(SUM(L26:O26)/SUM(H26:K26)) -> 0 | R26: 30000 | T26: =R26-S26 -> 30000
F27: Purchase of fabric | G27: Half year reports | I27: 1 | K27: 1 | P27: =(SUM(L27:O27)/SUM(H27:K27)) -> 0 | R27: 20000 | T27: =R27-S27 -> 20000
F28: Sanctuary décor | G28: 4 | H28: 1 | I28: 1 | J28: 1 | K28: 1 | P28: =(SUM(L28:O28)/SUM(H28:K28)) -> 0 | R28: 40000 | T28: =R28-S28 -> 40000
F29: Sunday tea | G29: 4 | H29: 1 | I29: 1 | J29: 11 | P29: =(SUM(L29:O29)/SUM(H29:K29)) -> 0 | R29: 100000 | T29: =R29-S29 -> 100000
F30: Enhance hospitality ministry | G30: 2 | H30: 1 | J30: 1 | P30: =(SUM(L30:O30)/SUM(H30:K30)) -> 0 | R30: 25000 | T30: =R30-S30 -> 25000
C31: Level of congregation's responsiveness to the preaching and teaching
D32: 0.83 | E32: Keep it at at least 80% | T32: =R32-S32 -> 0
B33: 1.4 Congregants encountering quality ministry in every aspect of the worship service | C33: Level of quality in every aspect of the worship service | D33: 0.84 | E33: Keep it at at least 90% | T33: =R33-S33 -> 0
T34: =R34-S34 -> 0
T35: =R35-S35 -> 0
A36: There is increased spiritual maturity of regular congregants through effective discipleship, mentorship and leadership development; At least 50% of regular congregants, at any given time, who understand, communicate and live out the gospel | B36: 2.1 Congregants effectively discipled and discipling others | C36: # of congregants being discipled | D36: 0.5 | E36: 0.6 | F36: Men's convention | G36: 1 | J36: 1 | R36: 25000 | S36: 15000 | T36: =R36-S36 -> 10000
F37: Weekly HGF | G37: 49 | H37: 11 | I37: 13 | J37: 13 | K37: 12 | P37: =(SUM(L37:O37)/SUM(H37:K37)) -> 0 | T37: =R37-S37 -> 0
F38: PMCC | G38: 2 | I38: 1 | K38: 1 | P38: =(SUM(L38:O38)/SUM(H38:K38)) -> 0 | R38: 10000 | T38: =R38-S38 -> 10000
C39: # of congregants discipling others | D39: 0.46 | E39: 0.55 | F39: Parenting sessions (child dedicatio | G39: 1 | I39: 1 | P39: =(SUM(L39:O39)/SUM(H39:K39)) -> 0 | R39: 15000 | S39: 7000 | T39: =R39-S39 -> 8000
F40: HGF materials + Trainings | G40: 2 | H40: 1 | J40: 1 | P40: =(SUM(L40:O40)/SUM(H40:K40)) -> 0 | R40: 12000 | T40: =R40-S40 -> 12000
F41: Young men Kambuzi | G41: 1 | K41: 1 | P41: =(SUM(L41:O41)/SUM(H41:K41)) -> 0 | R41: 25000 | S41: 20000 | T41: =R41-S41 -> 5000
F42: Young men picnic | G42: 1 | I42: 1 | P42: =(SUM(L42:O42)/SUM(H42:K42)) -> 0 | R42: 8000 | S42: 6000 | T42: =R42-S42 -> 2000
B43: 2.2 Increased number of persons involved in mentorship programs | C43: # ofpersons involved in mentorship programs - being mentored | D43: 0.29 | E43: 0.4 | F43: Young men retreat | G43: 1 | J43: 1 | P43: =(SUM(L43:O43)/SUM(H43:K43)) -> 0 | R43: 3000 | T43: =R43-S43 -> 3000
F44: Badili Program sessions | G44: 1 | J44: 1 | P44: =(SUM(L44:O44)/SUM(H44:K44)) -> 0 | R44: 50000 | T44: =R44-S44 -> 50000
F45: Badili training + honorarium | G45: 1 | I45: 1 | P45: =(SUM(L45:O45)/SUM(H45:K45)) -> 0 | R45: 10000 | T45: =R45-S45 -> 10000
F46: Badili Planning and mobilization | G46: 2 | H46: 1 | K46: 1 | P46: =(SUM(L46:O46)/SUM(H46:K46)) -> 0 | R46: 10000 | T46: =R46-S46 -> 10000
F47: Badili camp | H47: 1 | J47: 1 | P47: =(SUM(L47:O47)/SUM(H47:K47)) -> 0 | R47: 60000 | T47: =R47-S47 -> 60000
F48: Father daughter day | G48: 1 | K48: 1 | P48: =(SUM(L48:O48)/SUM(H48:K48)) -> 0 | R48: 6000 | S48: 3000 | T48: =R48-S48 -> 3000
F49: Father son day | G49: 1 | K49: 1 | P49: =(SUM(L49:O49)/SUM(H49:K49)) -> 0 | R49: 6000 | S49: 3000 | T49: =R49-S49 -> 3000
C50: # of persons involved in mentorship others | D50: 0.27 | E50: 0.4 | F50: Men Hike | G50: 1 | J50: 1 | P50: =(SUM(L50:O50)/SUM(H50:K50)) -> 0 | R50: 12000 | S50: 9000 | T50: =R50-S50 -> 3000
F51: Men Honorarium and stationery | R51: 13000 | T51: =R51-S51 -> 13000
T52: =R52-S52 -> 0
F53: Counsellors training | G53: 1 | I53: 1 | P53: =(SUM(L53:O53)/SUM(H53:K53)) -> 0 | R53: 15000 | T53: =R53-S53 -> 15000
F54: Pastorate planning workshop | G54: 1 | H54: 1 | P54: =(SUM(L54:O54)/SUM(H54:K54)) -> 0 | R54: 10000 | T54: =R54-S54 -> 10000
C55: # of participants in the Leadership development initatives | D55: TBC | F55: Visitation and Benevolence | G55: 4 | H55: 1 | I55: 1 | J55: 1 | K55: 1 | P55: =(SUM(L55:O55)/SUM(H55:K55)) -> 0 | R55: 120000 | T55: =R55-S55 -> 120000
B56: 2.4 Visible and active fellowship oriented forums | C56: Level of involvement/Participation in fellowship/care ministries | D56: 0.12 | E56: 0.4 | F56: Grief recovery program | G56: 1 | J56: 1 | P56: =(SUM(L56:O56)/SUM(H56:K56)) -> 0 | R56: 5000 | T56: =R56-S56 -> 5000
F57: Men End year fellowship | G57: 1 | K57: 1 | P57: =(SUM(L57:O57)/SUM(H57:K57)) -> 0 | R57: 3000 | T57: =R57-S57 -> 3000
F58: Ladies monthly fellowship | G58: 11 | H58: 2 | I58: 3 | J58: 3 | K58: 3 | P58: =(SUM(L58:O58)/SUM(H58:K58)) -> 0 | R58: 120000 | S58: 40000 | T58: =R58-S58 -> 80000
F59: Olives Fellowship | G59: 4 | H59: 1 | I59: 1 | J59: 1 | K59: 1 | P59: =(SUM(L59:O59)/SUM(H59:K59)) -> 0 | R59: 10000 | T59: =R59-S59 -> 10000
F60: Daughters of Ruth | G60: 4 | H60: 1 | I60: 1 | J60: 1 | K60: 1 | P60: =(SUM(L60:O60)/SUM(H60:K60)) -> 0 | R60: 10000 | T60: =R60-S60 -> 10000
F61: Family Fun Day | G61: 1 | J61: 1 | P61: =(SUM(L61:O61)/SUM(H61:K61)) -> 0 | R61: 40000 | T61: =R61-S61 -> 40000
F62: Cultural Sunday | G62: 1 | H62: 1 | P62: =(SUM(L62:O62)/SUM(H62:K62)) -> 0 | R62: 40000 | S62: 15000 | T62: =R62-S62 -> 25000
F63: Couples Marriage enrichment | G63: 2 | H63: 1 | J63: 1 | P63: =(SUM(L63:O63)/SUM(H63:K63)) -> 0 | R63: 250000 | S63: 200000 | T63: =R63-S63 -> 50000
F64: Couples Seminar | G64: 2 | H64: 1 | J64: 1 | P64: =(SUM(L64:O64)/SUM(H64:K64)) -> 0 | R64: 40000 | S64: 20000 | T64: =R64-S64 -> 20000
T65: =R65-S65 -> 0
A66: Regular congregants are participating in holistic outreach, evangelism and viable Church Planting; At least 60% of regular congregants participating; and 2 churches planted | B66: 3.1 An equipped congregation that is actively and effectively engaged in holistic outreach. | C66: Proportion of congregants who are enthusiastically and consistently involved in holistic outreach. | D66: 0.22 | E66: 0.55 | F66: Sports Ministry Tournament | G66: 1 | J66: 1 | P66: =(SUM(L66:O66)/SUM(H66:K66)) -> 0 | R66: 30000 | T66: =R66-S66 -> 30000
F67: Sports outreach to coaches | G67: 1 | H67: 1 | I67: 1 | K67: 1 | P67: =(SUM(L67:O67)/SUM(H67:K67)) -> 0 | R67: 12000 | T67: =R67-S67 -> 12000
F68: Assembly mission month | G68: 1 | H68: 1 | P68: =(SUM(L68:O68)/SUM(H68:K68)) -> 0 | R68: 30000 | T68: =R68-S68 -> 30000
F69: Year round outreach and evangelism training | G69: 4 | H69: 1 | I69: 1 | J69: 1 | K69: 1 | P69: =(SUM(L69:O69)/SUM(H69:K69)) -> 0 | R69: 30000 | T69: =R69-S69 -> 30000
B70: 3.2 An equipped congregation that is actively and effectively engaged in evangelism. | C70: Proportion of congregants who are enthusiastically and consistently sharing the gospel of Christ. | D70: 0.45 | E70: 0.65 | F70: Community Support | G70: 4 | H70: 1 | I70: 1 | J70: 1 | K70: 1 | P70: =(SUM(L70:O70)/SUM(H70:K70)) -> 0 | R70: 10000 | T70: =R70-S70 -> 10000
F71: Discipleship materials + training | G71: 2 | I71: 1 | P71: =(SUM(L71:O71)/SUM(H71:K71)) -> 0 | R71: 30000 | T71: =R71-S71 -> 30000
F72: 40 Days of Grace and Power | G72: 1 | J72: 1 | P72: =(SUM(L72:O72)/SUM(H72:K72)) -> 0 | R72: 50000 | T72: =R72-S72 -> 50000
F73: NBC Kibera 3rd Anniversary | G73: 1 | H73: 1 | P73: =(SUM(L73:O73)/SUM(H73:K73)) -> 0 | R73: 50000 | T73: =R73-S73 -> 50000
T74: =R74-S74 -> 0
C75: % of children living out and sharing their Christian testimony (home, school, play arenas etc) | F75: Holiday Bible Club | G75: 2 | I75: 1 | K75: 1 | P75: =(SUM(L75:O75)/SUM(H75:K75)) -> 0 | R75: 110000 | S75: 50000 | T75: =R75-S75 -> 60000
F76: ROPES Program camp + picnic | G76: 2 | I76: 1 | K76: 1 | P76: =(SUM(L76:O76)/SUM(H76:K76)) -> 0 | R76: 70000 | T76: =R76-S76 -> 70000
A77: Children, Youth, and Young Adults are actively and variously engaged in influencing the world around them by living out and sharing their Christian testimony; At least 50% of Children, youth and young adults | B77: 4.1 Children actively living out and sharing their Christian testimony | D77: 0.49 | E77: 0.6 | F77: Counsellors Training | G77: 1 | I77: 1 | P77: =(SUM(L77:O77)/SUM(H77:K77)) -> 0 | R77: 25000 | T77: =R77-S77 -> 25000
F78: Children workers training | G78: 1 | I78: 1 | P78: =(SUM(L78:O78)/SUM(H78:K78)) -> 0 | R78: 20000 | T78: =R78-S78 -> 20000
F79: Children workers retreat | G79: 1 | K79: 1 | P79: =(SUM(L79:O79)/SUM(H79:K79)) -> 0 | R79: 30000 | T79: =R79-S79 -> 30000
B80: 4.2 Youth actively living out and sharing their Christian testimony | C80: % of youth (ages13-17) involved actively living out and sharing their Christian testimony (understand, communicate and living out the gospel) | D80: 0.13 | E80: 0.45 | F80: Teens bible study | G80: 12 | H80: 3 | I80: 3 | J80: 3 | K80: 3 | P80: =(SUM(L80:O80)/SUM(H80:K80)) -> 0 | R80: 7500 | T80: =R80-S80 -> 7500
F81: Teens Monthly fellowship | G81: 12 | H81: 3 | I81: 3 | J81: 3 | K81: 3 | P81: =(SUM(L81:O81)/SUM(H81:K81)) -> 0 | R81: 7500 | T81: =R81-S81 -> 7500
F82: Teens week | G82: 2 | I82: 1 | K82: 1 | P82: =(SUM(L82:O82)/SUM(H82:K82)) -> 0 | R82: 25000 | T82: =R82-S82 -> 25000
F83: Teens Hike | G83: 1 | J83: 1 | P83: =(SUM(L83:O83)/SUM(H83:K83)) -> 0 | R83: 40000 | S83: 30000 | T83: =R83-S83 -> 10000
F84: Young She monthly fellowship | G84: 12 | H84: 3 | I84: 3 | J84: 3 | K84: 3 | P84: =(SUM(L84:O84)/SUM(H84:K84)) -> 0 | R84: 20000 | S84: 10000 | T84: =R84-S84 -> 10000
F85: Young Men Monthly fellowship | G85: 12 | H85: 3 | I85: 3 | J85: 3 | K85: 3 | P85: =(SUM(L85:O85)/SUM(H85:K85)) -> 0 | R85: 20000 | S85: 10000 | T85: =R85-S85 -> 10000
B86: 4.3 Young adults actively living out and sharing their Christian testimony | C86: % of young adults (ages 18-29) actively living out their Christian testimony (understand, communicate and living out the gospel) | D86: 0.16 | E86: 0.45 | F86: Collegers termly fellowship | G86: 4 | H86: 1 | I86: 1 | J86: 1 | K86: 1 | P86: =(SUM(L86:O86)/SUM(H86:K86)) -> 0 | R86: 20000 | S86: 10000 | T86: =R86-S86 -> 10000
F87: Creative Arts dance and drama | G87: 2 | H87: 1 | J87: 1 | P87: =(SUM(L87:O87)/SUM(H87:K87)) -> 0 | R87: 15000 | T87: =R87-S87 -> 15000
T88: =R88-S88 -> 0
C89: % increased propotion of members | F89: Receiving members | G89: 1 | I89: 1 | P89: =(SUM(L89:O89)/SUM(H89:K89)) -> 0 | R89: 10000 | T89: =R89-S89 -> 10000
B90: 5.3 Increased Registered Membership | D90: 0.31 | E90: At least 50% of congregation at any one time are members | T90: =R90-S90 -> 0
C91: Ministry activities that result to salvation to those who do not know God | F91: Report on Number of people who have given their lives to Christ as Lord and Saviour in Church and through outreach initiatives | G91: 4 | H91: 1 | I91: 1 | J91: 1 | K91: 1 | P91: =(SUM(L91:O91)/SUM(H91:K91)) -> 0 | S91: 0 | T91: 0 | U91: =SUM(S91-T91) -> 0
C92: Ministries of the church have been sufficiently supported | F92: Report on Church giving for the year; target is to achieve at least 80% | G92: 4 | H92: 1 | I92: 1 | J92: 1 | K92: 1 | P92: =(SUM(L92:O92)/SUM(H92:K92)) -> 0 | S92: 0 | T92: 0 | U92: =SUM(S92-T92) -> 0
C93: Congregation is cared for and nurtured | F93: Report on number of visitation, counselling and benevolence contacts per quarter. At least two Pastoral visits to congregant family per month | G93: 4 | H93: 1 | I93: 1 | J93: 1 | K93: 1 | P93: =(SUM(L93:O93)/SUM(H93:K93)) -> 0 | T93: 0 | U93: =SUM(S93-T93) -> 0
C94: Involvement in the Preaching Ministry of the assembly and NBC in general | F94: Report on number of preaching assignments carried out per quarter (at least 12 per quarter) | G94: 48 | H94: 12 | I94: 12 | J94: 12 | K94: 12 | P94: =(SUM(L94:O94)/SUM(H94:K94)) -> 0 | S94: 0 | T94: 0 | U94: =SUM(S94-T94) -> 0
C95: 6.5 Capacity building for Assembly staff team | F95: Report on activities undertaken to build/strengthen staff team and build capacity or competencies | G95: 3 | I95: 1 | J95: 1 | K95: 1 | P95: =(SUM(L95:O95)/SUM(H95:K95)) -> 0
C96: Engagement with the Church as assigned to various Committees by Senior Pastor | F96: Quarterly report on involvement in meeting(s) or forums excluding SMT meetings | G96: 4 | H96: 1 | I96: 1 | J96: 1 | K96: 1 | P96: =(SUM(L96:O96)/SUM(H96:K96)) -> 0 | S96: 0 | T96: 0 | U96: =SUM(S96-T96) -> 0
T97: =R97-S97 -> 0
F98: Staff Cost | R98: 5479150 | T98: =R98-S98 -> 5479150
F99: Print & Stationery | R99: 48000 | T99: =R99-S99 -> 48000
F100: Cartridge | R100: 54000 | T100: =R100-S100 -> 54000
...

Sheet NBC ORongai
B1: WORKPLAN & APPRAISAL TOOL FOR NBC ONGATA RONGAI: YEAR 2022
O2: Overall achievement | P2: =AVERAGE(P6:P109) -> 0
B3: NAME OF ASSEMBLY/DEPT: ONGATA RONGAI | H3: Qtr of year | L3: Qtr of year | P3: Progress | R3: (only for Assembly/departmental workplan)
H4: Planned Implementation | L4: Actual Implementation | R4: BUDGET | T4: BUDGET Request | V4: NARRATIVE REPORT 2022 | AA4: Appraisal
A5: Goal by 2023 & Target | B5: Outcome(s) | C5: Outcome indicator(s) | D5: BASELINE 2019 | E5: TARGET 2023 | F5: 2022 Activities | G5: TARGET/ INDICATOR | H5: I | I5: II | J5: III | K5: IV | L5: I | M5: II | N5: III | O5: IV | P5: (auto-calculated) | S5: Self Funding | V5: 1ST QUARTER | W5: 2ND QUARTER | X5: 3RD QUARTER | Y5: 4TH QUARTER | AA5: SELF | AB5: SUPERVISOR
A6: There is increased spiritual engagement and expression of regular congregants through worship, prayer and the word; Level of congregants engagement measured as good (from 75% to 85%) | B6: 1.1 Congregants expressing and experiencing Christ-centered, vibrant and relevant worship | C6: Proportion of worship content that is Christ-centered | D6: 0.87 | E6: Keep it at at least 90% | F6: Invite music teams who will lead Christ-centered music (Honorarium for visitng music teams and preachers including youth service) | G6: 4 | H6: 1 | I6: 1 | J6: 1 | K6: 1 | P6: =(SUM(L6:O6)/SUM(H6:K6)) -> 0 | R6: 100000 | T6: 100000
F7: Holy Communion every month | G7: 12 | H7: 3 | I7: 3 | J7: 3 | K7: 3 | P7: =(SUM(L7:O7)/SUM(H7:K7)) -> 0 | R7: 35000 | T7: 35000
F8: Training for worship team | G8: 1 | I8: 1 | P8: =(SUM(L8:O8)/SUM(H8:K8)) -> 0
F9: Dedicate Monday's as prayer day for worship team (so as to hear from God) qtly report | G9: 4 | H9: 1 | I9: 1 | J9: 1 | K9: 1 | P9: =(SUM(L9:O9)/SUM(H9:K9)) -> 0
F10: Various expression of worship through creative arts at least once a quarter | G10: 4 | H10: 1 | I10: 1 | J10: 1 | K10: 1 | P10: =(SUM(L10:O10)/SUM(H10:K10)) -> 0
C11: Level of congregations responsiveness to the worship | D11: 0.63 | E11: Keep it at at least 80%
B13: 1.2 Congregants are increasingly engaged in fervent, continuous prayer empowered by the Holy Spirit | C13: Proportion of people engaged in fervent, continuous prayer | D13: 0.44 | E13: Keep it at at least 70% | F13: Recruit additional 7 new intercessors (from the current 8) | G13: 7 | H13: 7 | P13: =(SUM(L13:O13)/SUM(H13:K13)) -> 0
F14: Training for intercessers. | G14: 2 | H14: 1 | J14: 1 | P14: =(SUM(L14:O14)/SUM(H14:K14)) -> 0 | R14: 20000 | T14: =R14-S14 -> 20000
F15: Women praying weekly in a two-day prayer chain | G15: 48 | H15: 12 | I15: 12 | J15: 12 | K15: 12 | P15: =(SUM(L15:O15)/SUM(H15:K15)) -> 0 | T15: =R15-S15 -> 0
F16: Men meeting together every 2 weeks for prayer | G16: 26 | H16: 6 | I16: 6 | J16: 6 | P16: =(SUM(L16:O16)/SUM(H16:K16)) -> 0 | T16: =R16-S16 -> 0
F17: Youth leaders praying every Saturday morning | G17: 48 | H17: 12 | I17: 12 | J17: 12 | K17: 12 | P17: =(SUM(L17:O17)/SUM(H17:K17)) -> 0 | T17: =R17-S17 -> 0
C18: # of prayer initiatives currently in place | E18: Keep it at at least 70% | F18: Strengthen monthly 1st Sunday prayer meeting | G18: 12 | H18: 3 | I18: 3 | J18: 3 | K18: 3 | P18: =(SUM(L18:O18)/SUM(H18:K18)) -> 0 | T18: =R18-S18 -> 0
F19: Hold 48 weekly prayer meeting (Friday) | G19: 48 | H19: 12 | I19: 12 | J19: 12 | K19: 12 | P19: =(SUM(L19:O19)/SUM(H19:K19)) -> 0 | T19: =R19-S19 -> 0
F20: Hold 3 Keshas Facilitation & Hospitality (Honorarium for worship team) | G20: 2 | I20: 1 | J20: 1 | P20: =(SUM(L20:O20)/SUM(H20:K20)) -> 0 | R20: 30000 | T20: =R20-S20 -> 30000
F21: Congregational prayer and fasting in addition to global initiative | G21: 3 | I21: 1 | J21: 1 | K21: 1 | P21: =(SUM(L21:O21)/SUM(H21:K21)) -> 0 | T21: =R21-S21 -> 0
B22: 1.3 Congregants are experienceing and responding to Christ-centred and relevent preaching and teaching | C22: Proportion of preaching and teaching that is Christ-like centred and relevant | D22: 0.92 | E22: Keep it at at least 90% | F22: Invite preachers who will preach Christ-centered sermons (Honorarium for visitng music teams and preachers including youth service) | G22: 4 | H22: 1 | I22: 1 | J22: 1 | K22: 1 | P22: =(SUM(L22:O22)/SUM(H22:K22)) -> 0 | T22: =R22-S22 -> 0
F23: Training of in-house preachers | G23: 2 | H23: 1 | K23: 1 | P23: =(SUM(L23:O23)/SUM(H23:K23)) -> 0 | R23: 5000 | T23: =R23-S23 -> 5000
C24: Level of congregation's responsiveness to the preaching and teaching | D24: 0.83 | E24: Keep it at at least 80% | F24: Conduct 2 Baptism Classes and Baptism in 2021 | G24: 2 | I24: 1 | K24: 1 | P24: =(SUM(L24:O24)/SUM(H24:K24)) -> 0 | T24: =R24-S24 -> 0
F25: Regular altar calls after preaching. Report on number of people who receive Christ in the services | G25: 4 | H25: 1 | I25: 1 | J25: 1 | K25: 1 | P25: =(SUM(L25:O25)/SUM(H25:K25)) -> 0 | T25: =R25-S25 -> 0
F26: Report on testimonies from congregants out of the teachings | G26: 4 | H26: 1 | I26: 1 | J26: 1 | K26: 1 | P26: =(SUM(L26:O26)/SUM(H26:K26)) -> 0 | T26: =R26-S26 -> 0
B27: 1.4 Congregants encountering quality ministry in every aspect of the worship service | C27: Level of quality in every aspect of the worship service | D27: 0.84 | E27: Keep it at at least 90% | F27: Equipping a team of at least 15 ushers and relevant training | G27: 1 training | I27: 1 | P27: =(SUM(L27:O27)/SUM(H27:K27)) -> 0 | R27: 5000 | T27: =R27-S27 -> 5000
F28: Recruit and equip a team of 15 welcomers (one from each growth group) | G28: 1 training | H28: 1 | P28: =(SUM(L28:O28)/SUM(H28:K28)) -> 0 | R28: 5000 | T28: =R28-S28 -> 5000
F29: Re-orientation for the 15 members of the hospitality team | G29: 1 | H29: 1 | P29: =(SUM(L29:O29)/SUM(H29:K29)) -> 0 | R29: 5000 | T29: =R29-S29 -> 5000
F30: Décor. Have a décor ministry team | G30: 1 | H30: 1 | P30: =(SUM(L30:O30)/SUM(H30:K30)) -> 0 | R30: 80000 | T30: =R30-S30 -> 80000
F31: Reconstitute Holy communion ministry team | G31: 1 | H31: 1 | P31: =(SUM(L31:O31)/SUM(H31:K31)) -> 0 | T31: =R31-S31 -> 0
T32: =R32-S32 -> 0
A33: There is increased spiritual maturity of regular congregants through effective discipleship, mentorship and leadership development; At least 50% of regular congregants, at any given time, who understand, communicate and live out the gospel | B33: 2.1 Congregants effectively discipled and discipling others | C33: # of congregants being discipled | D33: 0.5 | E33: 0.6 | F33: Have at least 6 active youth Growth Groups by end of 2021 | G33: 4 new group | I33: 2 | K33: 2 | P33: =(SUM(L33:O33)/SUM(H33:K33)) -> 0 | T33: =R33-S33 -> 0
F34: Bible study materials & Facilitation - Youth ministry | G34: 4 | H34: 1 | I34: 1 | J34: 1 | K34: 1 | P34: =(SUM(L34:O34)/SUM(H34:K34)) -> 0 | R34: 36000 | S34: 5000 | T34: =R34-S34 -> 31000
F35: Effective Couples Ministry in 2022 targetting 30 couples with 3 meetings | G35: 3 | H35: 1 | I35: 1 | J35: 1 | P35: =(SUM(L35:O35)/SUM(H35:K35)) -> 0 | R35: 100000 | S35: 70000 | T35: =R35-S35 -> 30000
F36: Do 1 Parenting seminar in 2022 | G36: 1 | K36: 1 | P36: =(SUM(L36:O36)/SUM(H36:K36)) -> 0 | R36: 105000 | S36: 55000 | T36: =R36-S36 -> 50000
F37: Do 2 Child dedication in 2022 | G37: 2 | I37: 1 | K37: 1 | P37: =(SUM(L37:O37)/SUM(H37:K37)) -> 0 | R37: 10000 | S37: 10000 | T37: =R37-S37 -> 0
F38: Do 1 Family day in 2022: | G38: 1 | K38: 1 | P38: =(SUM(L38:O38)/SUM(H38:K38)) -> 0 | R38: 100000 | T38: =R38-S38 -> 100000
F39: Timely availabity of relevant Bible study Materials: Growth groups | G39: 4 | H39: 1 | I39: 1 | J39: 1 | K39: 1 | P39: =(SUM(L39:O39)/SUM(H39:K39)) -> 0 | R39: 100000 | S39: 100000 | T39: =R39-S39 -> 0
C40: # of congregants discipling others | D40: 0.46 | E40: 0.55 | F40: Have at least one session for disciplers | G40: 1 | H40: 1 | P40: =(SUM(L40:O40)/SUM(H40:K40)) -> 0 | T40: =R40-S40 -> 0
F41: Recruit disciplers for ROPES and KUPAA participants | G41: 1 | H41: 1 | P41: =(SUM(L41:O41)/SUM(H41:K41)) -> 0 | T41: =R41-S41 -> 0
F42: One joint sessions for those in discipleship relationships | G42: 1 | K42: 1 | P42: =(SUM(L42:O42)/SUM(H42:K42)) -> 0 | T42: =R42-S42 -> 0
B43: 2.2 Increased number of persons involved in mentorship programs | C43: # ofpersons involved in mentorship programs - being mentored | D43: 0.29 | E43: 0.4 | F43: Facilitation of KUPAA ministry in 2022 (honorarium for some of the speakers, snacks, transportation incase of site visits) | G43: 1 | H43: 1 | P43: =(SUM(L43:O43)/SUM(H43:K43)) -> 0 | R43: 40000 | S43: 10000 | T43: =R43-S43 -> 30000
C44: # of persons involved in mentorship others | D44: 0.27 | E44: 0.4 | T44: =R44-S44 -> 0
T45: =R45-S45 -> 0
T46: =R46-S46 -> 0
B47: 2.3 Visible and active leadership development | C47: # Leadership development initatives | D47: TBC | E47: 100 initiatives | F47: Recruit and have 3 trainings for 30 teachers | G47: 3 | H47: 1 | I47: 1 | J47: 1 | P47: =(SUM(L47:O47)/SUM(H47:K47)) -> 0 | R47: 45000 | T47: =R47-S47 -> 45000
F48: Have 2 Co-workers fellowships targetting 100 leaders by end of 2022 | G48: 2 | H48: 1 | K48: 1 | P48: =(SUM(L48:O48)/SUM(H48:K48)) -> 0 | R48: 110000 | T48: =R48-S48 -> 110000
F49: Monthly Coworkers meetings | G49: 10 | H49: 2 | I49: 3 | J49: 3 | K49: 2 | P49: =(SUM(L49:O49)/SUM(H49:K49)) -> 0 | R49: 0 | T49: =R49-S49 -> 0
F50: Do 3 Growth Group leaders meetings for training fellowship and support including youth Bible study | G50: 3 | H50: 1 | I50: 1 | J50: 1 | P50: =(SUM(L50:O50)/SUM(H50:K50)) -> 0 | R50: 20000 | T50: =R50-S50 -> 20000
F51: Do Leadership meetings and 1 retreat/training | G51: 4 | H51: 1 | I51: 1 | J51: 1 | K51: 1 | P51: =(SUM(L51:O51)/SUM(H51:K51)) -> 0 | R51: 30000 | T51: =R51-S51 -> 30000
F52: Monthly ministry evaluation meetings for youth leaders | G52: 12 | H52: 3 | I52: 3 | J52: 3 | K52: 3 | P52: =(SUM(L52:O52)/SUM(H52:K52)) -> 0 | R52: 12000 | T52: =R52-S52 -> 12000
C53: # of participants in the Leadership development initatives | D53: 87 participants across all leadership initaitives | E53: TBC | F53: # of teachers trained in the 3 teacher trainings | G53: 3 | H53: 1 | I53: 1 | J53: 1 | P53: =(SUM(L53:O53)/SUM(H53:K53)) -> 0 | T53: =R53-S53 -> 0
F54: # of participants in the 2 Co-workers fellowships | G54: 2 | H54: 1 | K54: 1 | P54: =(SUM(L54:O54)/SUM(H54:K54)) -> 0 | T54: =R54-S54 -> 0
F55: average # of participants in Monthly Coworkers meetings | G55: 10 | H55: 2 | I55: 3 | J55: 3 | K55: 2 | P55: =(SUM(L55:O55)/SUM(H55:K55)) -> 0 | T55: =R55-S55 -> 0
F56: # of participants in the Growth Group leaders meetings/fellowships (including youth Bible study) | G56: 3 | H56: 1 | I56: 1 | J56: 1 | P56: =(SUM(L56:O56)/SUM(H56:K56)) -> 0 | T56: =R56-S56 -> 0
F57: # of participants in the Leadership meetings and 1 retreat/training | G57: 4 | H57: 1 | I57: 1 | J57: 1 | K57: 1 | P57: =(SUM(L57:O57)/SUM(H57:K57)) -> 0 | T57: =R57-S57 -> 0
F58: Average # of participants in the Monthly ministry evaluation meetings for youth leaders | G58: 12 | H58: 3 | I58: 3 | J58: 3 | K58: 3 | P58: =(SUM(L58:O58)/SUM(H58:K58)) -> 0 | T58: =R58-S58 -> 0
B59: 2.4 Visible and active fellowship oriented forums | C59: Level of involvement/Participation in fellowship/care ministries | D59: 0.12 | E59: 0.4 | F59: Teachers Quaterly Fellowship and support Meetings: | G59: 4 | H59: 1 | I59: 1 | J59: 1 | K59: 1 | P59: =(SUM(L59:O59)/SUM(H59:K59)) -> 0 | R59: 15000 | T59: =R59-S59 -> 15000
F60: Grow Men’s ministry in 2022 targeting 60 men per meeting | G60: 4 | H60: 1 | I60: 1 | J60: 1 | K60: 1 | P60: =(SUM(L60:O60)/SUM(H60:K60)) -> 0 | R60: 80000 | S60: 30000 | T60: =R60-S60 -> 50000
F61: Strengthen Ladies Ministry in 2022 targeting 70 ladies in the monthly meeting | G61: 10 | H61: 2 | I61: 3 | J61: 3 | K61: 2 | P61: =(SUM(L61:O61)/SUM(H61:K61)) -> 0 | R61: 100000 | S61: 40000 | T61: =R61-S61 -> 60000
F62: DUNAMIS Conventions | G62: 1 | J62: 1 | P62: =(SUM(L62:O62)/SUM(H62:K62)) -> 0 | R62: 200000 | T62: =R62-S62 -> 200000
T63: =R63-S63 -> 0
A64: Regular congregants are participating in holistic outreach, evangelism and viable Church Planting; At least 60% of regular congregants participating; and 2 churches planted | B64: 3.1 An equipped congregation that is actively and effectively engaged in holistic outreach. | C64: Proportion of congregants who are enthusiastically and consistently involved in holistic outreach. | D64: 0.22 | E64: 0.4 | F64: Support 3 Children in their Education | G64: 3 | H64: 3 | P64: =(SUM(L64:O64)/SUM(H64:K64)) -> 0 | R64: 50000 | T64: =R64-S64 -> 50000
F65: Support the walk in welfare needs of the sorrounding community | G65: 4 | H65: 1 | I65: 1 | J65: 1 | K65: 1 | P65: =(SUM(L65:O65)/SUM(H65:K65)) -> 0 | R65: 50000 | T65: =R65-S65 -> 50000
B66: 3.2 An equipped congregation that is actively and effectively engaged in evangelism. | C66: Proportion of congregants who are enthusiastically and consistently sharing the gospel of Christ. | D66: 0.45 | E66: 0.55 | F66: Have 2 evangelism training in 2022 | G66: 2 | I66: 1 | K66: 1 | P66: =(SUM(L66:O66)/SUM(H66:K66)) -> 0 | R66: 20000 | T66: =R66-S66 -> 20000
F67: Neighbourhood evangelism during mission month | G67: 1 | J67: 1 | P67: =(SUM(L67:O67)/SUM(H67:K67)) -> 0 | R67: 20000 | T67: =R67-S67 -> 20000
B68: 3.3 Planted and established vibrant, Christ centered churces that are advancing the Kingdom of God.
A70: Children, Youth, and Young Adults are actively and variously engaged in influencing the world around them by living out and sharing their Christian testimony; At least 50% of Children, youth and young adults | B70: 4.1 Children actively living out and sharing their Christian testimony | C70: % of children living out and sharing their Christian testimony (home, school, play arenas etc) | D70: 0.49 | E70: 0.65 | F70: Have ROPES program targeting 25 kids through the year in 2021 (Qtly reports) | G70: 4 | H70: 1 | I70: 1 | J70: 1 | K70: 1 | P70: =(SUM(L70:O70)/SUM(H70:K70)) -> 0 | R70: 110000 | S70: 55000 | T70: =R70-S70 -> 55000
F71: Target at least 350 children in our Holiday Bible club by end 2021 | G71: 3 | I71: 1 | J71: 1 | K71: 1 | P71: =(SUM(L71:O71)/SUM(H71:K71)) -> 0 | R71: 150000 | T71: =R71-S71 -> 150000
F72: Acquire curriculium for 270 kids in 2022 | G72: 1 | H72: 1 | P72: =(SUM(L72:O72)/SUM(H72:K72)) -> 0 | R72: 75000 | T72: =R72-S72 -> 75000
F73: Acquire teaching aids for 7 Sunday School Classes | G73: 1 | H73: 1 | P73: =(SUM(L73:O73)/SUM(H73:K73)) -> 0 | R73: 35000 | T73: =R73-S73 -> 35000
F74: Do 4 Scripture championships | G74: 4 | H74: 1 | I74: 1 | J74: 1 | K74: 1 | P74: =(SUM(L74:O74)/SUM(H74:K74)) -> 0 | R74: 5000 | T74: =R74-S74 -> 5000
F75: Use of creative arts Quarterly | G75: 4 | H75: 1 | I75: 1 | J75: 1 | K75: 1 | P75: =(SUM(L75:O75)/SUM(H75:K75)) -> 0 | R75: 5000 | T75: =R75-S75 -> 5000
F76: Pastor/teacher to children visitation | G76: 4 | H76: 1 | I76: 1 | J76: 1 | K76: 1 | P76: =(SUM(L76:O76)/SUM(H76:K76)) -> 0 | R76: 30000 | T76: =R76-S76 -> 30000
F77: Child reach child outreach | G77: 1 | I77: 1 | P77: =(SUM(L77:O77)/SUM(H77:K77)) -> 0 | R77: 30000 | T77: =R77-S77 -> 30000
B78: 4.2 Youth actively living out and sharing their Christian testimony | C78: % of youth (ages13-17) involved actively living out and sharing their Christian testimony (understand, communicate and living out the gospel) | D78: 0.13 | E78: 0.45 | F78: Holiday High schoolers holiday sessions | G78: 3 | I78: 1 | J78: 1 | K78: 1 | P78: =(SUM(L78:O78)/SUM(H78:K78)) -> 0 | R78: 30000 | T78: =R78-S78 -> 30000
F79: 2022 Excan Program | G79: 1 | I79: 1 | P79: =(SUM(L79:O79)/SUM(H79:K79)) -> 0 | R79: 35000 | S79: 15000 | T79: =R79-S79 -> 20000
F80: Train and engage a team of at least 10 Youth for the JIWE teens service (Honorarium for trainer.) | G80: 1 training | I80: 1 | P80: =(SUM(L80:O80)/SUM(H80:K80)) -> 0 | R80: 10000 | T80: =R80-S80 -> 10000
F81: Strengthen a creative arts ministry in 2022 (refreshments and props) for teens ministry preparing skits for Easter and Christmas holidays | G81: 4 | H81: 1 | I81: 1 | J81: 1 | K81: 1 | P81: =(SUM(L81:O81)/SUM(H81:K81)) -> 0 | R81: 10000 | T81: =R81-S81 -> 10000
B82: 4.3 Young adults actively living out and sharing their Christian testimony | C82: % of young adults (ages 18-29) actively living out their Christian testimony (understand, communicate and living out the gospel) | D82: 0.16 | E82: 0.45 | F82: Acquire necessary resources within the youth service to enable growth of up to 120 youth in 2021(Beautification of the youth sanctuary podium). | G82: 1 | H82: 1 | P82: =(SUM(L82:O82)/SUM(H82:K82)) -> 0 | T82: =R82-S82 -> 0
F83: Have School of Word in 2022 | G83: 1 | I83: 1 | P83: =(SUM(L83:O83)/SUM(H83:K83)) -> 0 | R83: 10000 | T83: =R83-S83 -> 10000
F84: Rewards and appreciation culture once a month for bible trivia . | G84: 10 | H84: 2 | I84: 3 | J84: 3 | K84: 2 | P84: =(SUM(L84:O84)/SUM(H84:K84)) -> 0 | R84: 7000 | T84: =R84-S84 -> 7000
F85: Establish a pre-service youth prayer team (qtly reporting) | G85: 4 | H85: 1 | I85: 1 | J85: 1 | K85: 1 | P85: =(SUM(L85:O85)/SUM(H85:K85)) -> 0 | R85: 12000 | T85: =R85-S85 -> 12000
F86: Sensitize and Train Youth in outreach and evangelism within their service and also in the church. | G86: 1 | J86: 1 | P86: =(SUM(L86:O86)/SUM(H86:K86)) -> 0 | T86: =R86-S86 -> 0
F87: Have youth involved in 2 outreach activities in the year 2022 | G87: 2 | I87: 1 | J87: 1 | P87: =(SUM(L87:O87)/SUM(H87:K87)) -> 0 | R87: 40000 | T87: =R87-S87 -> 40000
F88: One Youth Outreach Concert | G88: 1 | I88: 1 | P88: =(SUM(L88:O88)/SUM(H88:K88)) -> 0 | R88: 50000 | T88: =R88-S88 -> 50000
F89: 1 Youth sports outreach initiatives | G89: 1 | K89: 1 | P89: =(SUM(L89:O89)/SUM(H89:K89)) -> 0 | R89: 60000 | T89: =R89-S89 -> 60000
F90: 4 Youth Hangout sessions | G90: 10 | H90: 2 | I90: 3 | J90: 3 | K90: 2 | P90: =(SUM(L90:O90)/SUM(H90:K90)) -> 0 | R90: 50000 | T90: =R90-S90 -> 50000
F91: 1 Youth Camp | G91: 1 | K91: 1 | P91: =(SUM(L91:O91)/SUM(H91:K91)) -> 0 | R91: 200000 | T91: =R91-S91 -> 200000
T92: =R92-S92 -> 0
A93: Governance and management structures are aligned and strengthened effectively overseeing the affairs of NBC and its growth; Alignment and strength of governance and management structures rated as good | B93: 5.1 Governance and management structures are fully aligned to the changing structure of the church | C93: % level of alignment across the entire NBC | D93: 0.72 | E93: 0.95 | F93: Have 1 open day meeting | G93: 1 | K93: 1 | P93: =(SUM(L93:O93)/SUM(H93:K93)) -> 0 | T93: =R93-S93 -> 0
T94: =R94-S94 -> 0
R95: 100000 | T95: =R95-S95 -> 100000
B96: 5.2 Governance and management structures strengthened to effecitvely give oversight to the growing and dynamic church | C96: Level of strengthening attained | D96: 0.75 | E96: 0.95 | T96: =R96-S96 -> 0
T97: =R97-S97 -> 0
T98: =R98-S98 -> 0
T99: =R99-S99 -> 0
B100: 5.3 Increased Registered Membership | C100: % increased propotion of members | E100: At least 50% of congregation at any one time are members | F100: Do 2 Membership Classes in 2022 | G100: 2 | I100: 1 | K100: 1 | P100: =(SUM(L100:O100)/SUM(H100:K100)) -> 0 | T100: =R100-S100 -> 0
T101: =R101-S101 -> 0
T102: =R102-S102 -> 0
...

Sheet NBC Westlands
B1: WORKPLAN & APPRAISAL TOOL FOR NBC WESTLANDS: YEAR 2022
O2: Overall achievement | P2: =AVERAGE(P6:P123) -> 0
B3: NAME OF ASSEMBLY/DEPT:Westlands | E3: NAME: | H3: Qtr of year | L3: Qtr of year | R3: (only for Assembly/departmental workplan)
H4: Planned Implementation | L4: Actual Implementation | P4: Progress | R4: BUDGET | S4: SELF FUNDING | T4: BUDGET Request | V4: NARRATIVE REPORT 2022 | AA4: Appraisal
A5: Goal by 2023 & Target | B5: Outcome(s) | C5: Outcome indicator(s) | D5: BASELINE 2019 | E5: TARGET 2023 | F5: 2022 Activities | G5: TARGET/ INDICATOR | H5: I | I5: II | J5: III | K5: IV | L5: I | M5: II | N5: III | O5: IV | P5: (auto-calculated) | V5: 1ST QUARTER | W5: 2ND QUARTER | X5: 3RD QUARTER | Y5: 4TH QUARTER | AA5: SELF | AB5: SUPERVISOR
A6: There is increased spiritual engagement and expression of regular congregants through worship, prayer and the word; Level of congregants engagement measured as good (from 75% to 85%) | B6: 1.1 Congregants expressing and experiencing Christ-centered, vibrant and relevant worship | C6: Proportion of worship content that is Christ-centered | D6: 0.87 | E6: Keep it at at least 90% | F6: Three Overflow school of worship trainings | G6: 3 | H6: 1 | J6: 1 | K6: 1 | P6: =(SUM(L6:O6)/SUM(H6:K6)) -> 0 | R6: 20000 | S6: 0 | T6: =R6-S6 -> 20000
F7: Quarterly overflow worship team meetings | G7: 3 | H7: 1 | I7: 1 | J7: 1 | P7: =(SUM(L7:O7)/SUM(H7:K7)) -> 0 | R7: 30000 | S7: 0 | T7: =R7-S7 -> 30000
F8: 40 weekly overflow bible study on the Sermon text | G8: weekly | H8: 10 | I8: 10 | J8: 10 | K8: 10 | P8: =(SUM(L8:O8)/SUM(H8:K8)) -> 0 | R8: 10000 | S8: 0 | T8: =R8-S8 -> 10000
C9: Level of congregations responsiveness to the worship | D9: 0.63 | E9: Keep it at at least 80% | F9: 40 Weekly Overflow practices | G9: weekly | H9: 10 | I9: 10 | J9: 10 | K9: 10 | P9: =(SUM(L9:O9)/SUM(H9:K9)) -> 0 | R9: 40000 | S9: 0 | T9: =R9-S9 -> 40000
F10: Continuous \training of 4 instrumentalists | G10: 4 | H10: 1 | I10: 1 | J10: 1 | K10: 1 | P10: =(SUM(L10:O10)/SUM(H10:K10)) -> 0 | R10: 15000 | S10: 10000 | T10: =R10-S10 -> 5000
F11: Four Ladies led worship services | G11: 4 | H11: 1 | I11: 1 | J11: 1 | K11: 1 | P11: =(SUM(L11:O11)/SUM(H11:K11)) -> 0 | R11: 30000 | T11: =R11-S11 -> 30000
F12: Two children led worship services | G12: 2 | H12: 1 | K12: 1 | P12: =(SUM(L12:O12)/SUM(H12:K12)) -> 0 | R12: 30000 | T12: =R12-S12 -> 30000
F13: Four Young adults led worship services | G13: 4 | H13: 1 | I13: 1 | J13: 1 | K13: 1 | P13: =(SUM(L13:O13)/SUM(H13:K13)) -> 0 | R13: 30000 | T13: =R13-S13 -> 30000
F14: Four men led worship services | G14: 4 | H14: 1 | I14: 1 | J14: 1 | K14: 1 | P14: =(SUM(L14:O14)/SUM(H14:K14)) -> 0 | R14: 110000 | S14: 80000 | T14: =R14-S14 -> 30000
B15: 1.2 Congregants are increasingly engaged in fervent, continuous prayer empowered by the Holy Spirit | C15: Proportion of people engaged in fervent, continuous prayer | D15: 0.44 | E15: Keep it at at least 70% | F15: Two Love Out Loud Worship concerts | G15: 2 | I15: 1 | K15: 1 | P15: =(SUM(L15:O15)/SUM(H15:K15)) -> 0 | R15: 30000 | T15: =R15-S15 -> 30000
F16: Two guests worship teams | G16: 2 | I16: 1 | J16: 1 | P16: =(SUM(L16:O16)/SUM(H16:K16)) -> 0 | R16: 20000 | T16: =R16-S16 -> 20000
F17: Four global weeks of prayer and fasting | G17: 4 | H17: 1 | I17: 1 | J17: 1 | K17: 1 | P17: =(SUM(L17:O17)/SUM(H17:K17)) -> 0 | R17: 10000 | T17: =R17-S17 -> 10000
F18: Pre- service prayers every Sunday | G18: weekly | H18: 13 | I18: 13 | J18: 13 | K18: 13 | P18: =(SUM(L18:O18)/SUM(H18:K18)) -> 0 | T18: =R18-S18 -> 0
F19: Mid-week prayer services on Thursdays | G19: weekly | H19: 13 | I19: 13 | J19: 13 | K19: 8 | P19: =(SUM(L19:O19)/SUM(H19:K19)) -> 0 | T19: =R19-S19 -> 0
C20: # of prayer initiatives currently in place | F20: Quarterly prayer drives within our jurisdiction | G20: 4 | H20: 1 | I20: 1 | J20: 1 | K20: 1 | P20: =(SUM(L20:O20)/SUM(H20:K20)) -> 0 | T20: =R20-S20 -> 0
F21: Prayer Push Weeks [First week of the month] | G21: monthly | H21: 3 | I21: 3 | J21: 3 | K21: 3 | P21: =(SUM(L21:O21)/SUM(H21:K21)) -> 0 | R21: 5000 | T21: =R21-S21 -> 5000
F22: Grow and go preaching program | G22: 4 | H22: 1 | I22: 1 | J22: 1 | K22: 1 | P22: =(SUM(L22:O22)/SUM(H22:K22)) -> 0 | T22: =R22-S22 -> 0
B23: 1.3 Congregants are experienceing and responding to Christ-centred and relevent preaching and teaching | C23: Proportion of preaching and teaching that is Christ-like centred and relevant | D23: 0.92 | E23: Keep it at at least 90% | F23: Quarterly Preachers training | G23: 3 | H23: 1 | I23: 1 | J23: 1 | P23: =(SUM(L23:O23)/SUM(H23:K23)) -> 0 | R23: 8000 | T23: =R23-S23 -> 8000
F24: Spiritual formation teachings | G24: 4 | H24: 1 | I24: 1 | J24: 1 | K24: 1 | P24: =(SUM(L24:O24)/SUM(H24:K24)) -> 0 | R24: 10000 | T24: =R24-S24 -> 10000
F25: Walk through the Bible | G25: 4 | H25: 1 | I25: 1 | J25: 1 | K25: 1 | P25: =(SUM(L25:O25)/SUM(H25:K25)) -> 0 | T25: =R25-S25 -> 0
F26: Six Bible trivias | G26: 6 | H26: 2 | I26: 2 | J26: 2 | P26: =(SUM(L26:O26)/SUM(H26:K26)) -> 0 | R26: 20000 | T26: =R26-S26 -> 20000
C27: Level of congregation's responsiveness to the preaching and teaching | D27: 0.83 | E27: Keep it at at least 80% | F27: To have at least one altar call per month | G27: monthly | H27: 3 | I27: 3 | J27: 3 | K27: 3 | P27: =(SUM(L27:O27)/SUM(H27:K27)) -> 0 | T27: =R27-S27 -> 0
F28: Addition of 50 new members to the church | G28: 50 | H28: 12 | I28: 13 | J28: 13 | K28: 12 | P28: =(SUM(L28:O28)/SUM(H28:K28)) -> 0 | T28: =R28-S28 -> 0
F29: To add at least 50 co-workers in the year | G29: 50 | H29: 12 | I29: 13 | J29: 13 | K29: 12 | P29: =(SUM(L29:O29)/SUM(H29:K29)) -> 0 | R29: 30000 | T29: =R29-S29 -> 30000
F30: Growth in giving in cash and kind | G30: Qtly report | H30: 1 | I30: 1 | J30: 1 | K30: 1 | P30: =(SUM(L30:O30)/SUM(H30:K30)) -> 0 | T30: =R30-S30 -> 0
B31: 1.4 Congregants encountering quality ministry in every aspect of the worship service | C31: Level of quality in every aspect of the worship service | D31: 0.84 | E31: Keep it at at least 90% | F31: Three Hospitality and Ushers team training | G31: 3 | H31: 1 | I31: 1 | J31: 1 | P31: =(SUM(L31:O31)/SUM(H31:K31)) -> 0 | R31: 20000 | T31: =R31-S31 -> 20000
F32: To improve the Sactuary ambience : Stage,pillows, carpet, console & mics | H32: 1 | I32: 1 | P32: =(SUM(L32:O32)/SUM(H32:K32)) -> 0 | R32: 200000 | T32: =R32-S32 -> 200000
F33: Three trainings of service leaders in 2021 | G33: 3 | H33: 1 | I33: 1 | J33: 1 | P33: =(SUM(L33:O33)/SUM(H33:K33)) -> 0 | R33: 6000 | T33: =R33-S33 -> 6000
T34: =R34-S34 -> 0
A35: There is increased spiritual maturity of regular congregants through effective discipleship, mentorship and leadership development; At least 50% of regular congregants, at any given time, who understand, communicate and live out the gospel | B35: 2.1 Congregants effectively discipled and discipling others | C35: # of congregants being discipled | D35: 0.5 | E35: 0.6 | F35: Connect Program for new comers and placing them in Vine Groups [Target 50 new members] | H35: 1 | I35: 1 | J35: 1 | K35: 1 | P35: =(SUM(L35:O35)/SUM(H35:K35)) -> 0 | R35: 30000 | T35: =R35-S35 -> 30000
F36: 15 new Vine Groups | H36: 5 | I36: 5 | J36: 1 | K36: 4 | P36: =(SUM(L36:O36)/SUM(H36:K36)) -> 0 | R36: 22000 | T36: =R36-S36 -> 22000
F37: One baptism class | J37: 1 | P37: =(SUM(L37:O37)/SUM(H37:K37)) -> 0 | R37: 20000 | T37: =R37-S37 -> 20000
F38: One Baby dedication class | K38: 1 | P38: =(SUM(L38:O38)/SUM(H38:K38)) -> 0 | R38: 20000 | T38: =R38-S38 -> 20000
F39: Dating & waiting, pre marital class . | H39: 13 | I39: 13 | J39: 13 | K39: 13 | P39: =(SUM(L39:O39)/SUM(H39:K39)) -> 0 | T39: =R39-S39 -> 0
F40: Kupaa Class | H40: 1 | I40: 1 | J40: 1 | K40: 1 | P40: =(SUM(L40:O40)/SUM(H40:K40)) -> 0 | T40: =R40-S40 -> 0
C41: # of congregants discipling others | D41: 0.46 | E41: 0.55 | F41: 50 Congregants discpling others | G41: semi-annual report | I41: 1 | K41: 1 | P41: =(SUM(L41:O41)/SUM(H41:K41)) -> 0 | T41: =R41-S41 -> 0
T42: =R42-S42 -> 0
T43: =R43-S43 -> 0
T44: =R44-S44 -> 0
B45: 2.2 Increased number of persons involved in mentorship programs | C45: # ofpersons involved in mentorship programs - being mentored | D45: 0.29 | E45: 0.4 | F45: 70 Congregants going through mentorship | G45: semi-annual report | I45: 1 | K45: 1 | P45: =(SUM(L45:O45)/SUM(H45:K45)) -> 0 | T45: =R45-S45 -> 0
T46: =R46-S46 -> 0
T47: =R47-S47 -> 0
T48: =R48-S48 -> 0
C49: # of persons involved in mentoring others | D49: 0.27 | E49: 0.4 | F49: Raise number of those mentoring others to 35 | G49: semi-annual report | I49: 1 | K49: 1 | P49: =(SUM(L49:O49)/SUM(H49:K49)) -> 0 | R49: 20000 | T49: =R49-S49 -> 20000
T50: =R50-S50 -> 0
B51: 2.3 Visible and active leadership development | C51: # of Leadership development initiatives | D51: 86 in diff ministries across assemblies | E51: 100 initiatives | F51: Co-workers training day | G51: 4 | H51: 1 | I51: 1 | J51: 1 | K51: 1 | P51: =(SUM(L51:O51)/SUM(H51:K51)) -> 0 | R51: 50000 | T51: =R51-S51 -> 50000
F52: Involvement in the 318 initiative | G52: May-Sept | I52: 1 | J52: 1 | P52: =(SUM(L52:O52)/SUM(H52:K52)) -> 0 | R52: 50000 | T52: =R52-S52 -> 50000
F53: Bi-monthly vine group leaders meeting | G53: Bi-monthly | H53: 2 | I53: 2 | J53: 2 | P53: =(SUM(L53:O53)/SUM(H53:K53)) -> 0 | R53: 60000 | T53: =R53-S53 -> 60000
T54: =R54-S54 -> 0
C55: # of participants in the Leadership development initatives | D55: TBC | F55: Train 100 leaders in the year | G55: Qtly report | H55: 1 | I55: 1 | J55: 1 | K55: 1 | P55: =(SUM(L55:O55)/SUM(H55:K55)) -> 0 | T55: =R55-S55 -> 0
T56: =R56-S56 -> 0
T57: =R57-S57 -> 0
T58: =R58-S58 -> 0
B59: 2.4 Visible and active fellowship oriented forums | C59: Level of involvement/Participation in fellowship/care ministries | D59: 0.12 | E59: 0.4 | F59: Prince quartery breakfast meetings | H59: 1 | I59: 1 | J59: 1 | K59: 1 | P59: =(SUM(L59:O59)/SUM(H59:K59)) -> 0 | R59: 80000 | S59: 80000 | T59: =R59-S59 -> 0
F60: Prince Men’s Chorale album launch | G60: 1 | H60: 1 | P60: =(SUM(L60:O60)/SUM(H60:K60)) -> 0 | R60: 250000 | S60: 150000 | T60: =R60-S60 -> 100000
F61: Prince Mens mentorship forum | G61: 1 | I61: 1 | P61: =(SUM(L61:O61)/SUM(H61:K61)) -> 0 | R61: 65000 | S61: 35000 | T61: =R61-S61 -> 30000
F62: Daughters Dignity Packs at Farasi Lane | G62: weekly | H62: 13 | I62: 13 | J62: 13 | K62: 13 | P62: =(SUM(L62:O62)/SUM(H62:K62)) -> 0 | R62: 194000 | S62: 144000 | T62: =R62-S62 -> 50000
F63: Daughters quarterly meetings (4 meetings) | G63: 4 | H63: 1 | I63: 1 | J63: 1 | K63: 1 | P63: =(SUM(L63:O63)/SUM(H63:K63)) -> 0 | R63: 132000 | S63: 72000 | T63: =R63-S63 -> 60000
F64: Daughters: Team building/ Retreat | G64: 1 | J64: 1 | P64: =(SUM(L64:O64)/SUM(H64:K64)) -> 0 | R64: 50000 | S64: 20000 | T64: =R64-S64 -> 30000
F65: Daughters: 0-5 mothers club | G65: 4 | H65: 1 | I65: 1 | J65: 1 | K65: 1 | P65: =(SUM(L65:O65)/SUM(H65:K65)) -> 0 | R65: 40000 | S65: 20000 | T65: =R65-S65 -> 20000
F66: Couples: Quartery Fellowships | H66: 1 | I66: 1 | J66: 1 | K66: 1 | P66: =(SUM(L66:O66)/SUM(H66:K66)) -> 0 | R66: 20000 | S66: 0 | T66: =R66-S66 -> 20000
F67: Couple: Ndoa Poa Groups | H67: 3 | I67: 3 | J67: 3 | K67: 3 | P67: =(SUM(L67:O67)/SUM(H67:K67)) -> 0 | R67: 18000 | S67: 0 | T67: =R67-S67 -> 18000
F68: Couples: Couples dinner | K68: 1 | P68: =(SUM(L68:O68)/SUM(H68:K68)) -> 0 | R68: 120000 | S68: 60000 | T68: =R68-S68 -> 60000
F69: Couples: Dating and waiting monthly fellowships | H69: 12 | I69: 13 | J69: 13 | K69: 11 | P69: =(SUM(L69:O69)/SUM(H69:K69)) -> 0 | R69: 24000 | T69: =R69-S69 -> 24000
F70: Couples: Pre marital counseling | G70: 2 | I70: 1 | K70: 1 | P70: =(SUM(L70:O70)/SUM(H70:K70)) -> 0 | R70: 20000 | S70: 20000 | T70: =R70-S70 -> 0
T71: =R71-S71 -> 0
B72: 3.2 An equipped congregation that is actively and effectively engaged in evangelism. | C72: Proportion of congregants who are enthusiastically and consistently sharing the gospel of Christ. | D72: 0.45 | E72: 0.65 | F72: Kwale Bapo scholars program, tuition school outreach & parents motivational talks | G72: 2 | H72: 1 | J72: 1 | P72: =(SUM(L72:O72)/SUM(H72:K72)) -> 0 | R72: 150000 | T72: =R72-S72 -> 150000
F73: PPI, adopt a child, counselling and scholarship at Farasi lane Primary school | G73: Qtly report | H73: 1 | I73: 1 | J73: 1 | K73: 1 | P73: =(SUM(L73:O73)/SUM(H73:K73)) -> 0 | R73: 70000 | T73: =R73-S73 -> 70000
F74: Social welfare | G74: 4 | H74: 1 | I74: 1 | J74: 1 | K74: 1 | P74: =(SUM(L74:O74)/SUM(H74:K74)) -> 0 | R74: 90000 | S74: 70000 | T74: =R74-S74 -> 20000
F75: Engage the congregation to Reach out in Farasi lane secondary school, recruit and run Impact programe | G75: 4 | H75: 1 | I75: 1 | J75: 1 | K75: 1 | P75: =(SUM(L75:O75)/SUM(H75:K75)) -> 0 | R75: 100000 | T75: =R75-S75 -> 100000
F76: Reach out in Lower kabete and chiromo campus recruit and run KUPAA | G76: 4 | H76: 1 | I76: 1 | J76: 1 | K76: 1 | P76: =(SUM(L76:O76)/SUM(H76:K76)) -> 0 | R76: 90000 | T76: =R76-S76 -> 90000
F77: Heaven gates & hell flames in lower kabete Campus | G77: 1 | I77: 1 | P77: =(SUM(L77:O77)/SUM(H77:K77)) -> 0 | R77: 70000 | T77: =R77-S77 -> 70000
B78: 3.3 Planted and established vibrant, Christ centered churces that are advancing the Kingdom of God. | C78: # of congregations planted and established. | D78: 3 | E78: 5 | T78: =R78-S78 -> 0
T79: =R79-S79 -> 0
T80: =R80-S80 -> 0
C81: # of strucutred ministries established in the church plants (Limited to the church plants including Children incl ROPES, youth, young adults and the fellowship/care ministries) | D81: 28 | E81: 35 | F81: 14 Estabilished Ministries | K81: 14 | P81: =(SUM(L81:O81)/SUM(H81:K81)) -> 0
F82: Impact | G82: 1 | I82: 1 | P82: =(SUM(L82:O82)/SUM(H82:K82)) -> 0 | T82: =R82-S82 -> 0
F83: Pre marital | G83: 1 | I83: 1 | P83: =(SUM(L83:O83)/SUM(H83:K83)) -> 0 | T83: =R83-S83 -> 0
F84: Ndoa Poa | G84: 1 | H84: 1 | P84: =(SUM(L84:O84)/SUM(H84:K84)) -> 0 | T84: =R84-S84 -> 0
F85: Adopt a child | G85: 1 | H85: 1 | P85: =(SUM(L85:O85)/SUM(H85:K85)) -> 0 | T85: =R85-S85 -> 0
A87: Children, Youth, and Young Adults are actively and variously engaged in influencing the world around them by living out and sharing their Christian testimony; At least 50% of Children, youth and young adults | B87: 4.1 Children actively living out and sharing their Christian testimony | C87: % of children living out and sharing their Christian testimony (home, school, play arenas etc) | D87: 0.49 | E87: 0.6 | F87: Two Trainings for 15 teachers | G87: 2 | H87: 1 | J87: 1 | P87: =(SUM(L87:O87)/SUM(H87:K87)) -> 0 | R87: 25000 | T87: =R87-S87 -> 25000
F88: Ropes program incoporating Farasi Lane | G88: Qtly report | H88: 1 | I88: 1 | J88: 1 | K88: 1 | P88: =(SUM(L88:O88)/SUM(H88:K88)) -> 0 | R88: 220000 | S88: 120000 | T88: =R88-S88 -> 100000
F89: 48 Sunday school classes teaching, discipling and mentoring children 0-14 years | G89: weekly | H89: 12 | I89: `12 | J89: 12 | K89: 12 | P89: =(SUM(L89:O89)/SUM(H89:K89)) -> 0 | T89: =R89-S89 -> 0
F90: Two Sunday school teachers and children service | G90: 2 | H90: 1 | K90: 1 | P90: =(SUM(L90:O90)/SUM(H90:K90)) -> 0 | T90: =R90-S90 -> 0
F91: Flannel Board for teaching | G91: 1 | H91: 1 | P91: =(SUM(L91:O91)/SUM(H91:K91)) -> 0 | R91: 70000 | T91: =R91-S91 -> 70000
F92: Weekly Sunday Materials and Stationery | G92: weekly | H92: 12 | I92: 12 | J92: 12 | K92: 12 | P92: =(SUM(L92:O92)/SUM(H92:K92)) -> 0 | R92: 80000 | T92: =R92-S92 -> 80000
F93: HBCs and Fun day | G93: 2 | H93: 1 | K93: 1 | P93: =(SUM(L93:O93)/SUM(H93:K93)) -> 0 | R93: 50000 | T93: =R93-S93 -> 50000
F94: Sunday school teachers appreciation retreat | G94: 1 | J94: 1 | P94: =(SUM(L94:O94)/SUM(H94:K94)) -> 0 | R94: 80000 | S94: 50000 | T94: =R94-S94 -> 30000
B95: 4.2 Youth actively living out and sharing their Christian testimony | C95: % of youth (ages13-17) involved actively living out and sharing their Christian testimony (understand, communicate and living out the gospel) | D95: 0.13 | E95: 0.45 | F95: Ignite Teens holiday sessions | I95: 1 | J95: 1 | K95: 1 | P95: =(SUM(L95:O95)/SUM(H95:K95)) -> 0 | R95: 20000 | T95: =R95-S95 -> 20000
F96: Teens' Pauline Letter Initiative | I96: 1 | P96: =(SUM(L96:O96)/SUM(H96:K96)) -> 0 | R96: 10000 | T96: =R96-S96 -> 10000
F97: Teens' visitation days | H97: 1 | I97: 1 | J97: 1 | K97: 1 | P97: =(SUM(L97:O97)/SUM(H97:K97)) -> 0 | R97: 24000 | T97: =R97-S97 -> 24000
T98: =R98-S98 -> 0
B99: 4.3 Young adults actively living out and sharing their Christian testimony | C99: % of young adults (ages 18-29) actively living out their Christian testimony (understand, communicate and living out the gospel) | D99: 0.16 | E99: 0.45 | F99: Yads Hike Saturday | I99: 1 | P99: =(SUM(L99:O99)/SUM(H99:K99)) -> 0 | R99: 25000 | S99: 20000 | T99: =R99-S99 -> 5000
F100: Yads Community Impact Day | J100: 1 | P100: =(SUM(L100:O100)/SUM(H100:K100)) -> 0 | R100: 5000 | S100: 0 | T100: =R100-S100 -> 5000
F101: Ladies cookout | I101: 1 | P101: =(SUM(L101:O101)/SUM(H101:K101)) -> 0 | R101: 5000 | S101: 0 | T101: =R101-S101 -> 5000
...

Sheet NBC Kikuyu
B1: WORKPLAN & APPRAISAL TOOL FOR NBC KIKUYU: YEAR 2022
O2: Overall achievement | P2: =AVERAGE(P6:P138) -> 0
B3: NAME OF ASSEMBLY/DEPT: NBC KIKUYU | E3: NAME: | H3: Qtr of year | L3: Qtr of year | R3: (only for Assembly/departmental workplan)
H4: Planned Implementation | L4: Actual Implementation | P4: Progress | R4: BUDGET | S4: SELF FUNDING | T4: BUDGET Request | V4: NARRATIVE REPORT 2022 | AA4: Appraisal
A5: Goal by 2023 & Target | B5: Outcome(s) | C5: Outcome indicator(s) | D5: BASELINE 2019 | E5: TARGET 2023 | F5: 2022 Activities | G5: TARGET/ INDICATOR | H5: I | I5: II | J5: III | K5: IV | L5: I | M5: II | N5: III | O5: IV | P5: (auto-calculated) | V5: 1ST QUARTER | W5: 2ND QUARTER | X5: 3RD QUARTER | Y5: 4TH QUARTER | AA5: SELF | AB5: SUPERVISOR
A6: There is increased spiritual engagement and expression of regular congregants through worship, prayer and the word; Level of congregants engagement measured as good (from 75% to 85%) | B6: 1.1 Congregants expressing and experiencing Christ-centered, vibrant and relevant worship | C6: Proportion of worship content that is Christ-centered | D6: 0.87 | E6: Keep it at at least 90% | F6: Weekly music practices | G6: 50 | H6: 13 | I6: 14 | J6: 14 | K6: 13 | P6: =(SUM(L6:O6)/SUM(H6:K6)) -> 0
F7: One music training | G7: 1 | I7: 1 | P7: =(SUM(L7:O7)/SUM(H7:K7)) -> 0 | R7: 20000 | S7: 20000 | T7: =R7-S7 -> 0
F8: Two music team retreat | G8: 2 | H8: 1 | K8: 1 | P8: =(SUM(L8:O8)/SUM(H8:K8)) -> 0 | R8: 100000 | S8: 100000 | T8: =R8-S8 -> 0
T9: =R9-S9 -> 0
C10: Level of congregations responsiveness to the worship | D10: 0.63 | E10: Keep it at at least 80% | F10: Every Fifth Sunday worship experience | G10: 4 | H10: 1 | I10: 1 | J10: 1 | K10: 1 | P10: =(SUM(L10:O10)/SUM(H10:K10)) -> 0 | R10: 40000 | S10: 40000 | T10: =R10-S10 -> 0
T11: =R11-S11 -> 0
T12: =R12-S12 -> 0
T13: =R13-S13 -> 0
B14: 1.2 Congregants are increasingly engaged in fervent, continuous prayer empowered by the Holy Spirit | C14: Proportion of people engaged in fervent, continuous prayer | D14: 0.44 | E14: Keep it at at least 70% | F14: Congregational prayer and fasting every 5th week | G14: 4 | H14: 1 | I14: 1 | J14: 1 | K14: 1 | P14: =(SUM(L14:O14)/SUM(H14:K14)) -> 0 | T14: =R14-S14 -> 0
F15: Different ministry teams engaged in weekly prayers | G15: 48 | H15: 10 | I15: 12 | J15: 12 | K15: 10 | P15: =(SUM(L15:O15)/SUM(H15:K15)) -> 0 | T15: =R15-S15 -> 0
T16: =R16-S16 -> 0
T17: =R17-S17 -> 0
C18: # of prayer initiatives currently in place | F18: Inuka weekly prayer on Tuesday | G18: 44 | H18: 8 | I18: 13 | J18: 13 | K18: 8 | P18: =(SUM(L18:O18)/SUM(H18:K18)) -> 0 | T18: =R18-S18 -> 0
F19: Men weekly prayer on Sunday | G19: 40 | H19: 8 | I19: 12 | J19: 12 | K19: 8 | P19: =(SUM(L19:O19)/SUM(H19:K19)) -> 0 | T19: =R19-S19 -> 0
F20: Friday prayer service | G20: 48 | H20: 10 | I20: 13 | J20: 13 | K20: 12 | P20: =(SUM(L20:O20)/SUM(H20:K20)) -> 0 | T20: =R20-S20 -> 0
F21: Prayer team weekly prayer | G21: 48 | H21: 10 | I21: 13 | J21: 13 | K21: 12 | P21: =(SUM(L21:O21)/SUM(H21:K21)) -> 0 | T21: =R21-S21 -> 0
B22: 1.3 Congregants are experienceing and responding to Christ-centred and relevent preaching and teaching | C22: Proportion of preaching and teaching that is Christ-like centred and relevant | D22: 0.92 | E22: Keep it at at least 90% | F22: Expository preaching every Sunday | G22: 52 | H22: 13 | I22: 13 | J22: 13 | K22: 13 | P22: =(SUM(L22:O22)/SUM(H22:K22)) -> 0 | T22: =R22-S22 -> 0
F23: Growing through the word engagemnet | G23: 48 | H23: 10 | I23: 13 | J23: 13 | K23: 12 | P23: =(SUM(L23:O23)/SUM(H23:K23)) -> 0 | T23: =R23-S23 -> 0
T24: =R24-S24 -> 0
T25: =R25-S25 -> 0
C26: Level of congregation's responsiveness to the preaching and teaching | D26: 0.83 | E26: Keep it at at least 80% | F26: Altar calls that are relevant to the preaching | G26: 52 | H26: 13 | I26: 13 | J26: 13 | K26: 13 | P26: =(SUM(L26:O26)/SUM(H26:K26)) -> 0 | T26: =R26-S26 -> 0
T27: =R27-S27 -> 0
T28: =R28-S28 -> 0
T29: =R29-S29 -> 0
B30: 1.4 Congregants encountering quality ministry in every aspect of the worship service | C30: Level of quality in every aspect of the worship service | D30: 0.84 | E30: Keep it at at least 90% | F30: Good decoration in the tent | G30: 8 | H30: 2 | I30: 2 | J30: 2 | K30: 2 | P30: =(SUM(L30:O30)/SUM(H30:K30)) -> 0 | R30: 31300 | T30: =R30-S30 -> 31300
F31: trained Ushers | G31: 2 | H31: 1 | J31: 1 | P31: =(SUM(L31:O31)/SUM(H31:K31)) -> 0 | R31: 20000 | S31: 20000 | T31: =R31-S31 -> 0
F32: trained welcomers | G32: 2 | H32: 1 | I32: 1 | P32: =(SUM(L32:O32)/SUM(H32:K32)) -> 0 | R32: 10000 | S32: 10000 | T32: =R32-S32 -> 0
F33: Equiped Hostality ministry Team | G33: 2 | H33: 1 | J33: 1 | P33: =(SUM(L33:O33)/SUM(H33:K33)) -> 0 | R33: 10000 | S33: 10000 | T33: =R33-S33 -> 0
T34: =R34-S34 -> 0
A35: There is increased spiritual maturity of regular congregants through effective discipleship, mentorship and leadership development; At least 50% of regular congregants, at any given time, who understand, communicate and live out the gospel | B35: 2.1 Congregants effectively discipled and discipling others | C35: 200 of congregants being discipled | D35: 0.5 | E35: 0.6 | F35: hgf/discipleship materials | G35: 46 | H35: 10 | I35: 13 | J35: 13 | K35: 10 | P35: =(SUM(L35:O35)/SUM(H35:K35)) -> 0 | R35: 100000 | S35: 100000 | T35: =R35-S35 -> 0
F36: weekly hgf | G36: 46 | H36: 10 | I36: 13 | J36: 13 | K36: 10 | P36: =(SUM(L36:O36)/SUM(H36:K36)) -> 0 | T36: =R36-S36 -> 0
F37: Parenting classes for child dedication | G37: 4 | H37: 1 | I37: 1 | J37: 1 | K37: 1 | P37: =(SUM(L37:O37)/SUM(H37:K37)) -> 0 | R37: 60000 | S37: 60000 | T37: =R37-S37 -> 0
F38: parenting/couples seminars&retreats | G38: 6 | H38: 1 | I38: 2 | J38: 2 | K38: 1 | P38: =(SUM(L38:O38)/SUM(H38:K38)) -> 0 | R38: 300000 | S38: 300000 | T38: =R38-S38 -> 0
T39: =R39-S39 -> 0
C40: 75 of congregants discipling others | D40: 0.46 | E40: 0.55 | F40: Training of 30 hgf leaders | G40: 4 | H40: 1 | I40: 1 | J40: 1 | K40: 1 | P40: =(SUM(L40:O40)/SUM(H40:K40)) -> 0 | R40: 20000 | S40: 20000 | T40: =R40-S40 -> 0
F41: Equiping of 20 men and women leaders | G41: 4 | H41: 1 | I41: 1 | J41: 1 | K41: 1 | P41: =(SUM(L41:O41)/SUM(H41:K41)) -> 0 | R41: 20000 | S41: 20000 | T41: =R41-S41 -> 0
F42: Training of 15 teens and collegers workers | G42: 4 | H42: 1 | I42: 1 | J42: 1 | K42: 1 | P42: =(SUM(L42:O42)/SUM(H42:K42)) -> 0 | T42: =R42-S42 -> 0
F43: Equiping of 10 YADs workers | G43: 4 | H43: 1 | I43: 1 | J43: 1 | K43: 1 | P43: =(SUM(L43:O43)/SUM(H43:K43)) -> 0 | T43: =R43-S43 -> 0
B44: 2.2 Increased number of persons involved in mentorship programs | C44: # ofpersons involved in mentorship programs - being mentored | D44: 0.29 | E44: 0.4 | F44: 12 Growing through the word | G44: 40 | H44: 8 | I44: 13 | J44: 13 | K44: 10 | P44: =(SUM(L44:O44)/SUM(H44:K44)) -> 0 | R44: 60000 | S44: 40000 | T44: =R44-S44 -> 20000
F45: 10 Pulpit ministry of teaching/preaching | G45: 10 | H45: 2 | I45: 3 | J45: 3 | K45: 2 | P45: =(SUM(L45:O45)/SUM(H45:K45)) -> 0 | T45: =R45-S45 -> 0
F46: Men and boys 50 | G46: 3 | I46: 1 | J46: 1 | K46: 1 | P46: =(SUM(L46:O46)/SUM(H46:K46)) -> 0 | R46: 60000 | S46: 60000 | T46: =R46-S46 -> 0
F47: 10 young men in Consistent Bible Reading Program | G47: 2 | H47: 1 | J47: 1 | P47: =(SUM(L47:O47)/SUM(H47:K47)) -> 0 | T47: =R47-S47 -> 0
F48: zumba for ladies | G48: 1 | I48: 1 | P48: =(SUM(L48:O48)/SUM(H48:K48)) -> 0 | R48: 5000 | S48: 5000 | T48: =R48-S48 -> 0
C49: # of persons involved in mentorship others | D49: 0.27 | E49: 0.4 | F49: 8 couples | G49: 10 | H49: 2 | I49: 3 | J49: 3 | K49: 2 | P49: =(SUM(L49:O49)/SUM(H49:K49)) -> 0 | T49: =R49-S49 -> 0
F50: Families that will be hosting college students for mentorship | G50: 10 | H50: 2 | I50: 2 | J50: 3 | K50: 3 | P50: =(SUM(L50:O50)/SUM(H50:K50)) -> 0 | T50: =R50-S50 -> 0
F51: mother and daughter engagement | G51: 1 | J51: 1 | P51: =(SUM(L51:O51)/SUM(H51:K51)) -> 0 | R51: 26000 | S51: 18200 | T51: =R51-S51 -> 7800
F52: ladies cook out | G52: 4 | H52: 1 | I52: 1 | J52: 1 | K52: 1 | P52: =(SUM(L52:O52)/SUM(H52:K52)) -> 0 | R52: 10000 | S52: 10000 | T52: =R52-S52 -> 0
B53: 2.3 Visible and active leadership development | C53: 10 of Leadership development initiatives | D53: 86 in diff ministries across assemblies | E53: 100 initiatives | F53: Trainining of 20 high school CU leaders for leadership development | G53: 2 | H53: 1 | J53: 1 | P53: =(SUM(L53:O53)/SUM(H53:K53)) -> 0 | T53: =R53-S53 -> 0
F54: Equipping of 20 hgf leaders | G54: 4 | H54: 1 | I54: 1 | J54: 1 | K54: 1 | P54: =(SUM(L54:O54)/SUM(H54:K54)) -> 0 | T54: =R54-S54 -> 0
F55: 10 couples | G55: 4 | H55: 1 | I55: 1 | J55: 1 | K55: 1 | P55: =(SUM(L55:O55)/SUM(H55:K55)) -> 0 | T55: =R55-S55 -> 0
F56: 10 preachers | G56: 10 | H56: 2 | I56: 3 | J56: 3 | K56: 2 | P56: =(SUM(L56:O56)/SUM(H56:K56)) -> 0 | T56: =R56-S56 -> 0
F57: 7 music leaders | G57: 4 | H57: 1 | I57: 1 | J57: 1 | K57: 1 | P57: =(SUM(L57:O57)/SUM(H57:K57)) -> 0 | T57: =R57-S57 -> 0
F58: 10 men and 10 ALT | G58: 4 | H58: 1 | I58: 1 | J58: 1 | K58: 1 | P58: =(SUM(L58:O58)/SUM(H58:K58)) -> 0 | T58: =R58-S58 -> 0
F59: 10 children music leaders | G59: 10 | H59: 2 | I59: 3 | J59: 3 | K59: 2 | P59: =(SUM(L59:O59)/SUM(H59:K59)) -> 0 | T59: =R59-S59 -> 0
F60: young adults leaders training | G60: 1 | J60: 1 | P60: =(SUM(L60:O60)/SUM(H60:K60)) -> 0 | R60: 5000 | T60: =R60-S60 -> 5000
C61: 87 of participants in the Leadership development initatives | D61: TBC | F61: Targetting 100 leaders | G61: qtly reporting | H61: 1 | I61: 1 | J61: 1 | K61: 1 | P61: =(SUM(L61:O61)/SUM(H61:K61)) -> 0 | T61: =R61-S61 -> 0
T62: =R62-S62 -> 0
T63: =R63-S63 -> 0
T64: =R64-S64 -> 0
B65: 2.4 Visible and active fellowship oriented forums | C65: Level of involvement/Participation in fellowship/care ministries | D65: 0.12 | E65: 0.4 | F65: Steaadfast men fellowship | G65: 10 | H65: 2 | I65: 3 | J65: 3 | K65: 2 | P65: =(SUM(L65:O65)/SUM(H65:K65)) -> 0 | R65: 60000 | S65: 40000 | T65: =R65-S65 -> 20000
F66: couples fellowship | G66: 4 | H66: 1 | I66: 1 | J66: 1 | K66: 1 | P66: =(SUM(L66:O66)/SUM(H66:K66)) -> 0 | R66: 20000 | T66: =R66-S66 -> 20000
F67: inuka ladies monthly fellowship | G67: 12 | H67: 3 | I67: 3 | J67: 3 | K67: 3 | P67: =(SUM(L67:O67)/SUM(H67:K67)) -> 0 | R67: 47400 | T67: =R67-S67 -> 47400
F68: sunday school teachers fellowship | G68: 1 | I68: 1 | P68: =(SUM(L68:O68)/SUM(H68:K68)) -> 0 | R68: 75000 | S68: 22500 | T68: =R68-S68 -> 52500
T69: =R69-S69 -> 0
A70: Regular congregants are participating in holistic outreach, evangelism and viable Church Planting; At least 60% of regular congregants participating; and 2 churches planted | B70: 3.1 An equipped congregation that is actively and effectively engaged in holistic outreach. | C70: Proportion of congregants who are enthusiastically and consistently involved in holistic outreach. | D70: 0.22 | E70: 0.55 | F70: steadfast men reaching the elderly | G70: 4 | H70: 1 | I70: 1 | J70: 1 | K70: 1 | P70: =(SUM(L70:O70)/SUM(H70:K70)) -> 0 | R70: 30000 | S70: 30000 | T70: =R70-S70 -> 0
F71: hgf neighborhood tea party | G71: 2 | I71: 1 | K71: 1 | P71: =(SUM(L71:O71)/SUM(H71:K71)) -> 0 | R71: 50000 | S71: 50000 | T71: =R71-S71 -> 0
F72: ladies outreach to childrens home | G72: 1 | K72: 1 | P72: =(SUM(L72:O72)/SUM(H72:K72)) -> 0 | R72: 25000 | S72: 25000 | T72: =R72-S72 -> 0
F73: Teachers evangelistic dinner (cost=sh. 1500x 30 teachers | G73: 1 | K73: 1 | P73: =(SUM(L73:O73)/SUM(H73:K73)) -> 0 | R73: 45000 | S73: 15000 | T73: =R73-S73 -> 30000
B74: 3.2 An equipped congregation that is actively and effectively engaged in evangelism. | C74: Proportion of congregants who are enthusiastically and consistently sharing the gospel of Christ. | D74: 0.45 | E74: 0.65 | F74: Training of hgf members on evangelism | G74: 2 | H74: 1 | J74: 1 | P74: =(SUM(L74:O74)/SUM(H74:K74)) -> 0 | R74: 20000 | T74: =R74-S74 -> 20000
F75: social welfare | G75: 10 | H75: 3 | I75: 2 | J75: 3 | K75: 2 | P75: =(SUM(L75:O75)/SUM(H75:K75)) -> 0 | R75: 60000 | T75: =R75-S75 -> 60000
T76: =R76-S76 -> 0
T77: =R77-S77 -> 0
B78: 3.3 Planted and established vibrant, Christ centered churces that are advancing the Kingdom of God. | C78: # of congregations planted and established. | D78: 3 | E78: 5 | T78: =R78-S78 -> 0
T79: =R79-S79 -> 0
T80: =R80-S80 -> 0
T81: =R81-S81 -> 0
C82: # of strucutred ministries established in the church plants (Limited to the church plants including Children incl ROPES, youth, young adults and the fellowship/care ministries) | D82: 28 | E82: 35 | F82: Music team | G82: weekly | H82: 13 | I82: 13 | J82: 13 | K82: 13 | P82: =(SUM(L82:O82)/SUM(H82:K82)) -> 0 | R82: 100000 | S82: 100000 | T82: =R82-S82 -> 0
F83: Assembly leadership Team | G83: monthly | H83: 2 | I83: 3 | J83: 3 | K83: 2 | P83: =(SUM(L83:O83)/SUM(H83:K83)) -> 0 | T83: =R83-S83 -> 0
F84: Hgf ministry team | G84: weekly | H84: 13 | I84: 13 | J84: 13 | K84: 13 | P84: =(SUM(L84:O84)/SUM(H84:K84)) -> 0 | T84: =R84-S84 -> 0
F85: Hospitality ministry team | G85: weekly | H85: 11 | I85: 13 | J85: 13 | K85: 11 | P85: =(SUM(L85:O85)/SUM(H85:K85)) -> 0 | T85: =R85-S85 -> 0
F86: Teens and Colleger's ministry team | G86: monthly | H86: 2 | I86: 3 | J86: 3 | K86: 2 | P86: =(SUM(L86:O86)/SUM(H86:K86)) -> 0 | T86: =R86-S86 -> 0
F87: Media ministry | G87: weekly | H87: 13 | I87: 13 | J87: 13 | K87: 13 | P87: =(SUM(L87:O87)/SUM(H87:K87)) -> 0 | T87: =R87-S87 -> 0
F88: Evangelism and Outreach ministry | G88: monthly | H88: 2 | I88: 3 | J88: 3 | K88: 2 | P88: =(SUM(L88:O88)/SUM(H88:K88)) -> 0 | T88: =R88-S88 -> 0
F89: Ushering ministry | G89: weekly | H89: 13 | I89: 13 | J89: 13 | K89: 13 | P89: =(SUM(L89:O89)/SUM(H89:K89)) -> 0 | T89: =R89-S89 -> 0
F90: Growing in the word team | G90: weekly | H90: 10 | I90: 13 | J90: 13 | K90: 10 | P90: =(SUM(L90:O90)/SUM(H90:K90)) -> 0 | T90: =R90-S90 -> 0
F91: Young adults ministry | G91: monthly | H91: 2 | I91: 3 | J91: 3 | K91: 2 | P91: =(SUM(L91:O91)/SUM(H91:K91)) -> 0 | T91: =R91-S91 -> 0
F92: Inuka fellowship | G92: monthly | H92: 2 | I92: 3 | J92: 3 | K92: 2 | P92: =(SUM(L92:O92)/SUM(H92:K92)) -> 0 | T92: =R92-S92 -> 0
F93: Childrens ministry | G93: weekly | H93: 10 | I93: 13 | J93: 13 | K93: 10 | P93: =(SUM(L93:O93)/SUM(H93:K93)) -> 0 | T93: =R93-S93 -> 0
T94: =R94-S94 -> 0
T95: =R95-S95 -> 0
A96: Children, Youth, and Young Adults are actively and variously engaged in influencing the world around them by living out and sharing their Christian testimony; At least 50% of Children, youth and young adults | B96: 4.1 Children actively living out and sharing their Christian testimony | C96: % of children living out and sharing their Christian testimony (home, school, play arenas etc) | D96: 0.49 | E96: 0.6 | F96: the total includes additional stationnery for the classes, felt fabrics,crayons,pastels,discipleship booklets per series,white board markers | G96: 48 | H96: 12 | I96: 13 | J96: 13 | K96: 10 | P96: =(SUM(L96:O96)/SUM(H96:K96)) -> 0 | R96: 87500 | T96: =R96-S96 -> 87500
F97: childrens concert @50000, childrens art and talent show 25,000,music facilitators transport and practice sessions@ 40,000, children practice refreshment @10,000 | G97: 4 | H97: 1 | I97: 1 | J97: 1 | K97: 1 | P97: =(SUM(L97:O97)/SUM(H97:K97)) -> 0 | R97: 125000 | T97: =R97-S97 -> 125000
F98: childrens prayer day | G98: 1 | J98: 1 | P98: =(SUM(L98:O98)/SUM(H98:K98)) -> 0 | R98: 6000 | T98: =R98-S98 -> 6000
F99: holiday bible club | G99: 4 | H99: 1 | I99: 1 | J99: 1 | K99: 1 | P99: =(SUM(L99:O99)/SUM(H99:K99)) -> 0 | R99: 165000 | S99: 65000 | T99: =R99-S99 -> 100000
B100: 4.2 Youth actively living out and sharing their Christian testimony | C100: % of youth (ages13-17) involved actively living out and sharing their Christian testimony (understand, communicate and living out the gospel) | D100: 0.13 | E100: 0.45 | F100: High School Ministry at Damacrest senior school every weekend (transport cost= Sh 1000 x 30 weekends ) | G100: 30 | H100: 10 | I100: 10 | J100: 10 | P100: =(SUM(L100:O100)/SUM(H100:K100)) -> 0 | R100: 36000 | T100: =R100-S100 -> 36000
...

Sheet NBC Kitengela
A1: 2022 WORK PLAN
A3: NAME OF ASSEMBLY/DEPT: NBC KITENGELA | O3: Overall achievement: | P3: =AVERAGE(P7:P79) -> 0
A5: NAME: REV. PINTO KALI
A7: Goal by 2023 & Target | G7: Target/ Indicator No. | H7: Qtr of year | L7: Qtr of year | P7: Progress
B8: Outcome(s) | C8: Outcome Indicator(s) | D8: Baseline 2019 | E8: Target 2023 | F8: 2022 Activities | H8: Implementation Period | L8: Implementation Period | R8: TOTAL AMOUNT | S8: SELF FUNDING | T8: BUDGET REQUEST | V8: 2022 REPORT | AA8: 2022 Appraisal
H9: I | I9: II | J9: III | K9: IV | L9: I | M9: II | N9: III | O9: IV | V9: 1ST QUARTER | W9: 2ND QUARTER | X9: 3RD QUARTER | Y9: 4TH QUARTER | AA9: SELF | AB9: SUPERVISOR
A10: There is increased spiritual engagement and expression of regular congregants through Worship, Prayer and Teaching the Word; Level of congregants engagement measured as good (from 75% to 85%) | B10: 1.1 Congregants expressing and experiencing Christ-centered, vibrant and relevant worship | C10: Proportion of worship content that is Christ-centered | D10: 0.91 | E10: 0.9 | F10: 1) Ensure that the content of songs, prayers, drama skits, etc. are Christ-centred through co-ordinated planning between the pastorate and the relevant service teams | G10: 4 | H10: 1 | I10: 1 | J10: 1 | K10: 1 | P10: =(SUM(L10:O10)/SUM(H10:K10)) -> 0 | R10: 0 | S10: 0 | T10: 0
F11: 2) Ensure that the members of the Creative service teams are engaged in Bible study and prayer to focus their ministry on exalting Christ | G11: 50 | H11: 12 | I11: 13 | J11: 13 | K11: 12 | P11: =(SUM(L11:O11)/SUM(H11:K11)) -> 0 | R11: 0 | S11: 0 | T11: 0
F12: Train relevant service teams (Music, service leading and drama teams) so as to focus their ministry on exalting Christ | G12: 2 | I12: 1 | K12: 1 | P12: =(SUM(L12:O12)/SUM(H12:K12)) -> 0 | R12: 132000 | S12: 55000 | T12: 77000
C13: Level of congregations responsiveness to the worship | D13: 0.8 | E13: 0.8 | F13: 1) Ensure that Service Planning teams are engaged in planning services for greater impact and greater congregational participation | G13: 24 | H13: 6 | I13: 6 | J13: 6 | K13: 6 | P13: =(SUM(L13:O13)/SUM(H13:K13)) -> 0 | R13: 0 | S13: 0 | T13: 0
F14: 2) Ensure that Service ministry teams utilise different styles, including dance and prayer, and audio-visual support during congregational worship | G14: 4 | H14: 1 | I14: 1 | J14: 1 | K14: 1 | P14: =(SUM(L14:O14)/SUM(H14:K14)) -> 0 | R14: 0 | S14: 0 | T14: 0
B15: 1.2 Congregants are increasingly engaged in fervent, continuous prayer empowered by the Holy Spirit | C15: Proportion of people engaged in fervent, continuous prayer | D15: ___% | E15: 0.7 | F15: 1) Encourage congregational participation in corporate and individual prayers as well as at least 3 communal prayer and fasting times | G15: 4 | H15: 1 | I15: 1 | J15: 1 | K15: 1 | P15: =(SUM(L15:O15)/SUM(H15:K15)) -> 0 | R15: 0 | S15: 0 | T15: 0
F16: 2) Encourage openness to the Holy Spirit in the course of worship services | G16: 4 | H16: 1 | I16: 1 | J16: 1 | K16: 1 | P16: =(SUM(L16:O16)/SUM(H16:K16)) -> 0 | R16: 0 | S16: 0 | T16: 0
C17: Number of prayer initiatives currently in place | D17: ___ | E17: 52 | F17: 1) Hold pre-service prayers before the Sunday services that are open to all congregants | G17: 52 | H17: 13 | I17: 13 | J17: 13 | K17: 13 | P17: =(SUM(L17:O17)/SUM(H17:K17)) -> 0 | R17: 0 | S17: 0 | T17: 0
D18: ___ | E18: 4 | F18: 2) Hold special prayer sessions (morning/afternoon) open to all congregants | G18: 3 | I18: 1 | J18: 1 | K18: 1 | P18: =(SUM(L18:O18)/SUM(H18:K18)) -> 0 | R18: 35000 | S18: 0 | T18: 35000
B19: 1.3 Congregants are experiencing and responding to Christ-centred and relevent preaching and teaching | C19: Proportion of preaching and teaching that is Christ-centred and relevant | D19: 0.83 | E19: 0.9 | F19: 1) Develop a preaching programme that allows for a focus of various expressions of worship, prayer and Bible knowledge that are both Christ-centred and relevant to the congregation | G19: 4 | H19: 1 | I19: 1 | J19: 1 | K19: 1 | P19: =(SUM(L19:O19)/SUM(H19:K19)) -> 0 | R19: 0 | S19: 0 | T19: 0
F20: 2) Establish a competent and diverse pool of well-grounded preachers through provision of trainings on preachings and invitation of competent preachers from beyond the pastoral team | G20: 1 | J20: 1 | P20: =(SUM(L20:O20)/SUM(H20:K20)) -> 0 | R20: 20000 | S20: 0 | T20: 20000
C21: Level of congregation's responsiveness to the preaching and teaching | D21: 0.8 | E21: 0.8 | F21: Develop daily family devotions material for the congregation that provide follow up Bible studies based on the weekly pulpit teachings and distribute these every Sunday | G21: 52 | H21: 13 | I21: 13 | J21: 13 | K21: 13 | P21: =(SUM(L21:O21)/SUM(H21:K21)) -> 0 | R21: 0 | S21: 0 | T21: 0
B22: 1.4 Congregants encountering quality ministry in every aspect of the worship service | C22: Level of quality in every aspect of the worship service | D22: 0.8 | E22: 0.9 | F22: 1) Ensure Service Planning teams are regularly preparing for and implementing high standards of ministry (Media, Ushers, Hospitality, Service Leaders.) | G22: 4 | H22: 1 | I22: 1 | J22: 1 | K22: 1 | P22: =(SUM(L22:O22)/SUM(H22:K22)) -> 0 | R22: 0 | S22: 0 | T22: 0
F23: 2) Ensure that new attendees are made to feel welcome and cared for; and that weekly follow-up of visitors is carried out in a structured manner | G23: 4 | H23: 1 | I23: 1 | J23: 1 | K23: 1 | P23: =(SUM(L23:O23)/SUM(H23:K23)) -> 0 | R23: 0 | S23: 0 | T23: 0
F24: 3) Ensuring provision of décor and flowers for sanctuary décor to create an inviting atmosphere for the congregation | G24: 4 | H24: 1 | I24: 1 | J24: 1 | K24: 1 | P24: =(SUM(L24:O24)/SUM(H24:K24)) -> 0 | R24: 0 | S24: 0 | T24: 0
A26: There is increased spiritual maturity of regular congregants through Effective Discipleship, Mentorship and Leadership Development; At least 50% of regular congregants, at any given time, who understand, communicate and live out the gospel | B26: 2.1 Congregants effectively discipled and discipling others | C26: Percentage of children being discipled | D26: 0.4 | E26: 0.6 | F26: 1) Conduct a survey to establish # of families engaged in daily family devotions so as to encourage parents to disciple their children using the Word of God. | G26: 2 | I26: 1 | K26: 1 | P26: =(SUM(L26:O26)/SUM(H26:K26)) -> 0 | R26: 0 | S26: 0 | T26: 0
F27: 2) Develop a holistic curriculum for children that is in tandem with the church preaching plan | G27: 4 | H27: 1 | I27: 1 | J27: 1 | K27: 1 | P27: =(SUM(L27:O27)/SUM(H27:K27)) -> 0 | R27: 0 | S27: 0 | T27: 0
F28: 3) Establish and maintain a pool of trained teachers; incl. youth and young adults to disciple children through Sunday School and HBC | G28: 2 | H28: 1 | J28: 1 | P28: =(SUM(L28:O28)/SUM(H28:K28)) -> 0 | R28: 50000 | S28: 0 | T28: 50000
C29: Percentage of youth being discipled & discipling others | D29: ___% | E29: 0.6 | F29: 1) Identify and mobilise individuals to disciple the youth through life-on-life discipleship relationships | G29: At least 6 disciplers | K29: 6 | P29: =(SUM(L29:O29)/SUM(H29:K29)) -> 0 | R29: 0 | S29: 0 | T29: 0
F30: 2) Equip the youth in Bible knowledge and in leading Bible Studies through weekly Bible study sessions | G30: 52 | H30: 13 | I30: 13 | J30: 13 | K30: 13 | P30: =(SUM(L30:O30)/SUM(H30:K30)) -> 0 | R30: 0 | S30: 0 | T30: 0
C31: Percentage of young adults being discipled & discipling others | D31: ___% | E31: 0.6 | F31: 1) Identify and mobilise individuals to disciple young adults through life-on-life discipleship relationships | G31: At least 3 disciplers | K31: 3 | P31: =(SUM(L31:O31)/SUM(H31:K31)) -> 0 | R31: 0 | S31: 0 | T31: 0
F32: 2) Equip young adults in Bible knowledge and in leading Bible Studies through monthly Bible study sessions | G32: 12 | H32: 3 | I32: 3 | J32: 3 | K32: 3 | P32: =(SUM(L32:O32)/SUM(H32:K32)) -> 0 | R32: 0 | S32: 0 | T32: 0
F33: 3) Engage young adults in Teens' week and Holiday Bible Club for discipliship opportunities | G33: 3 | I33: 1 | J33: 1 | K33: 1 | P33: =(SUM(L33:O33)/SUM(H33:K33)) -> 0 | R33: 0 | S33: 0 | T33: 0
C34: Percentage of adults discipling others | D34: ___% | E34: 0.55 | F34: 1) Train Small Group Leaders to be able to disciple through the Small Groups ministry | G34: 2 | I34: 1 | K34: 1 | P34: =(SUM(L34:O34)/SUM(H34:K34)) -> 0 | R34: 16000 | S34: 0 | T34: 16000
F35: 2) Mobilise and train adults to identify those younger than them that they can disciple through life-on-life discipleship relationships through two (2) discipler/disciplee joint forums | G35: 2 | I35: 1 | K35: 1 | P35: =(SUM(L35:O35)/SUM(H35:K35)) -> 0 | R35: 50000 | S35: 0 | T35: 50000
B36: 2.2 Increased number of persons involved in mentorship programs | C36: Percentage of persons involved in mentorship programs - being mentored | D36: ___% | E36: 0.4 | F36: Develop and implement an IMPACT Programme for ex-form four candidates to train and equip them for college and university life (runs for 6 months) | G36: 1 | J36: 1 | P36: =(SUM(L36:O36)/SUM(H36:K36)) -> 0 | R36: 150000 | S36: 100000 | T36: 50000
F37: Develop and implement a career guidance programme for youth and young adults | G37: 1 | J37: 1 | P37: =(SUM(L37:O37)/SUM(H37:K37)) -> 0 | R37: 0 | S37: 0 | T37: 0
C38: Percentage of persons involved in mentorship - mentoring others | D38: ___% | E38: 0.4 | F38: 1) Identify and mobilise adults in various career sectors to mentor youth and young adults through career guidance relationships and internship opportunities (incl. training domestic workers) | G38: 2 | I38: 1 | K38: 1 | P38: =(SUM(L38:O38)/SUM(H38:K38)) -> 0 | R38: 0 | S38: 0 | T38: 0
B39: 2.3 Visible and active leadership development | C39: Number of Leadership development initiatives | D39: 5 | E39: 6 | F39: Training and fellowship meetings for All leaders | G39: 4 | H39: 1 | I39: 1 | J39: 1 | K39: 1 | P39: =(SUM(L39:O39)/SUM(H39:K39)) -> 0 | R39: 30000 | S39: 0 | T39: 30000
C40: Percentage of participants in the Leadership development initatives | D40: 0.73 | E40: 0.8 | F40: Report on number of participants in the all leaders trainings | G40: 4 | H40: 1 | I40: 1 | J40: 1 | K40: 1 | P40: =(SUM(L40:O40)/SUM(H40:K40)) -> 0 | R40: 0 | S40: 0 | T40: 0
B41: 2.4 Visible and active fellowship-oriented forums | C41: Level of involvement/participation in Small group activities | D41: ___% | E41: 0.9 | F41: Establish at least 5 new Small groups as close as possible to congregants and encourage active participation; or absorb at least 50 people into exisiting groups | G41: 5 | K41: 5 | P41: =(SUM(L41:O41)/SUM(H41:K41)) -> 0 | R41: 0 | S41: 0 | T41: 0
C42: Level of involvement/participation in Youth fellowship group activities | D42: ___% | E42: 0.6 | F42: Plan and carry out various youth activities (incl. Youth Camp) to enhance fellowship among them | G42: 3 | I42: 1 | J42: 1 | K42: 1 | P42: =(SUM(L42:O42)/SUM(H42:K42)) -> 0 | R42: 293000 | S42: 165000 | T42: 128000
C43: Level of involvement/participation in Young adults fellowship group activities | D43: ___% | E43: 0.6 | F43: Plan and carry out various activities for young adults to enhance fellowship among them | G43: 4 | H43: 1 | I43: 1 | J43: 1 | K43: 1 | P43: =(SUM(L43:O43)/SUM(H43:K43)) -> 0 | R43: 125000 | S43: 65000 | T43: 60000
C44: Level of involvement/participation in Angaza Ladies fellowship group activities | D44: ___% | E44: 0.6 | F44: Plan and carry out various activities for Angaza Ladies to enhance fellowship among them | G44: 4 | H44: 1 | I44: 1 | J44: 1 | K44: 1 | P44: =(SUM(L44:O44)/SUM(H44:K44)) -> 0 | R44: 170000 | S44: 32000 | T44: 138000
C45: Level of involvement/participation in Men of Valour fellowship group activities | D45: ___% | E45: 0.6 | F45: Plan and carry out various activities for Men of Valour to enhance fellowship among them | G45: 4 | H45: 1 | I45: 1 | J45: 1 | K45: 1 | P45: =(SUM(L45:O45)/SUM(H45:K45)) -> 0 | R45: 160000 | S45: 30000 | T45: 130000
C46: Level of involvement/participation in the Caleb Generation fellowship group activities | D46: ___% | E46: 0.6 | F46: Plan and carry out various activities for the Caleb Generation to enhance fellowship among them | G46: 2 | I46: 1 | K46: 1 | P46: =(SUM(L46:O46)/SUM(H46:K46)) -> 0 | R46: 88000 | S46: 54000 | T46: 34000
A48: Regular congregants are participating in Holistic Outreach, Evangelism and viable Church Planting; At least 60% of regular congregants participating | B48: 3.1 An equipped congregation that is actively and effectively engaged in holistic outreach | C48: Proportion of children who are enthusiastically and consistently involved in holistic outreach | D48: ___% | E48: 0.55 | F48: 1) Equip the children in holistic outreach, within the curriculum | G48: 1 | K48: 1 | P48: =(SUM(L48:O48)/SUM(H48:K48)) -> 0 | R48: 5000 | S48: 0 | T48: 5000
F49: 2) Put into place a church Community Development Program to prepare children to volunteer and add value to the community | G49: 1 | J49: 1 | P49: =(SUM(L49:O49)/SUM(H49:K49)) -> 0 | R49: 0 | S49: 0 | T49: 0
C50: Proportion of youth who are enthusiastically and consistently involved in holistic outreach | D50: ___% | E50: 0.55 | F50: 1) Equip youth and young adults to carry out Outreach missions to schools (incl. PPI), universities, hospitals, prisons, etc. | G50: 4 | H50: 1 | I50: 1 | J50: 1 | K50: 1 | P50: =(SUM(L50:O50)/SUM(H50:K50)) -> 0 | R50: 5000 | T50: 5000
F51: 2) Put into place a church Community Development Program to prepare youth and young adults to volunteer and add value to the community | G51: 3 | I51: 1 | J51: 1 | K51: 1 | P51: =(SUM(L51:O51)/SUM(H51:K51)) -> 0 | R51: 283000 | S51: 0 | T51: 283000
C52: Proportion of adults who are enthusiastically and consistently involved in holistic outreach | D52: ___% | E52: 0.55 | F52: 2) Equip adults to carry out Outreach missions to schools (incl. PPI), universities, hospitals, prisons, etc. | G52: 2 | I52: 1 | K52: 1 | P52: =(SUM(L52:O52)/SUM(H52:K52)) -> 0 | R52: 0 | S52: 0 | T52: 0
F53: 3) Put into place a church Community Development Program to prepare adults to volunteer and add value to the community (incl. public and social policy issues) | G53: 2 | I53: 1 | K53: 1 | P53: =(SUM(L53:O53)/SUM(H53:K53)) -> 0 | R53: 140000 | S53: 0 | T53: 140000
B54: 3.2 An equipped congregation that is actively and effectively engaged in evangelism | C54: Proportion of children who are enthusiastically and consistently sharing the gospel of Christ | D54: 0.2 | E54: 0.65 | F54: 1) Children involved in presenting the gospel of Christ through door-to-door outreach or outreach missions | G54: 1 | J54: 1 | P54: =(SUM(L54:O54)/SUM(H54:K54)) -> 0 | R54: 3500 | S54: 0 | T54: 3500
C55: Proportion of youth who are enthusiastically and consistently sharing the gospel of Christ | D55: 0.1 | E55: 0.65 | F55: 2) Youth and young adults involved in presenting the gospel of Christ through door-to-door outreach and outreach missions | G55: 2 | I55: 1 | K55: 1 | P55: =(SUM(L55:O55)/SUM(H55:K55)) -> 0 | R55: 3500 | S55: 0 | T55: 3500
C56: Proportion of adults who are enthusiastically and consistently sharing the gospel of Christ | D56: 0.2 | E56: 0.65 | F56: 3) Adults involved in presenting the gospel of Christ through door-to-door outreach and outreach missions | G56: 2 | I56: 1 | K56: 1 | P56: =(SUM(L56:O56)/SUM(H56:K56)) -> 0 | R56: 3500 | S56: 0 | T56: 3500
B57: 3.3 Planted and established vibrant, Christ centered churces that are advancing the Kingdom of God | C57: Number of congregations planted and established | D57: N/A | E57: N/A
C58: Number of strucutred ministries established in the church plants | D58: 8 Core & 4 Fellowship | E58: 6 Additional ministries | F58: Establish 2 additional ministries in 2020 | G58: 2 | K58: 2 | P58: =(SUM(L58:O58)/SUM(H58:K58)) -> 0 | R58: 0 | S58: 0 | T58: 0
A60: At least 50% of Children, Youth, and Young Adults are actively and variously engaged in influencing the world around them by living out and sharing their Christian testimony | B60: 4.1 Children actively living out and sharing their Christian testimony | C60: Percentage of children living out and sharing their Christian testimony (at home, school, play arenas, etc.) | D60: 0.2 | E60: 0.6 | F60: Children learning to live out and share their faith through weekly Bible lessons in Sunday School | G60: 52 | H60: 13 | I60: 13 | J60: 13 | K60: 13 | P60: =(SUM(L60:O60)/SUM(H60:K60)) -> 0 | R60: 0 | S60: 0 | T60: 0
F61: Children's Activities (incl. Holiday Bible Club and Day Camps) | G61: 3 | I61: 1 | J61: 1 | K61: 1 | P61: =(SUM(L61:O61)/SUM(H61:K61)) -> 0 | R61: 464000 | S61: 100000 | T61: 364000
F62: 2) Equip and provide opportunities for children to actively participate in church services through music, prayer, Bible reading and drama skits | G62: 4 | H62: 1 | I62: 1 | J62: 1 | K62: 1 | P62: =(SUM(L62:O62)/SUM(H62:K62)) -> 0 | R62: 0 | S62: 0 | T62: 0
B63: 4.2 Youth actively living out and sharing their Christian testimony | C63: Percentage of youth (ages 13-17) involved in actively living out and sharing their Christian testimony (who understand, communicate and live out the gospel) | D63: ___% | E63: 0.45 | F63: 1) Create holistic training programmes that will enable, mobilise and equip youth to minister to children, youth and adults within and outside NBC | G63: 2 | I63: 1 | K63: 1 | P63: =(SUM(L63:O63)/SUM(H63:K63)) -> 0 | R63: 0 | S63: 0 | T63: 0
F64: 2) Provide opportunities for youth to actively participate in church services through music, prayer, Bible reading and drama skits | G64: 4 | H64: 1 | I64: 1 | J64: 1 | K64: 1 | P64: =(SUM(L64:O64)/SUM(H64:K64)) -> 0 | R64: 0 | S64: 0 | T64: 0
B65: 4.3 Young adults actively living out and sharing their Christian testimony | C65: Percentage of young adults (ages 18-29) involved in actively living out and sharing their Christian testimony (who understand, communicate and live out the gospel) | D65: ___% | E65: 0.45 | F65: 1) Create holistic training programmes that will enable, mobilise and equip young adults to minister to children, youth and adults within and outside NBC | G65: 2 | I65: 1 | K65: 1 | P65: =(SUM(L65:O65)/SUM(H65:K65)) -> 0 | R65: 0 | S65: 0 | T65: 0
F66: 2) Provide opportunities for young adults to actively participate in church services through music, prayer, Bible reading and drama skits | G66: 4 | H66: 1 | I66: 1 | J66: 1 | K66: 1 | P66: =(SUM(L66:O66)/SUM(H66:K66)) -> 0 | R66: 0 | S66: 0 | T66: 0
A68: Governance and management structures are aligned and strengthened; effectively overseeing the affairs of NBC and its growth; Alignment and strength of governance and management structures rated as good | B68: 5.1 Governance and management structures are fully aligned to the changing structure of the church | C68: Percentage level of alignment across the entire NBC | D68: ___% | E68: 0.95 | F68: Establish the structures of the various NBC Kitengela ministries to ensure full alignment with the structure of Nairobi Baptist Church as a whole | G68: All 11 ministries to have a ministry team | K68: 11 | P68: =(SUM(L68:O68)/SUM(H68:K68)) -> 0 | R68: 0 | S68: 0 | T68: 0
B69: 5.2 Governance and management structures strengthened to effectively give oversight to the growing and dynamic church | C69: Percentage level of strengthening of governance and management structures attained | D69: ___% | E69: 0.95 | F69: Strengthen the structures of the various NBC Kitengela ministries to ensure effective oversight of the ministry functions and activities (2 meetings per year) | G69: 2 | I69: 1 | K69: 1 | P69: =(SUM(L69:O69)/SUM(H69:K69)) -> 0 | R69: 0 | S69: 0 | T69: 0
F70: Produce at least 2 print and electronic products that share ministry information and testimonies to motivate ministry participation | G70: 2 | I70: 1 | K70: 1 | P70: =(SUM(L70:O70)/SUM(H70:K70)) -> 0 | R70: 52000 | S70: 0 | T70: 52000
B71: 5.3 Increased Registered Membership | C71: Percentage level of increased propotion of members to regular congregants | D71: 0.15 | E71: 0.5 | F71: 1) Carry out 2 new believers classes (to facilitate their baptism and begin their journey of spiritual growth) | G71: 2 | I71: 1 | J71: 1 | P71: =(SUM(L71:O71)/SUM(H71:K71)) -> 0 | R71: 0 | S71: 0 | T71: 0
F72: 2) Carry out 2 baptism classes (to facilitate their admission as registered members) | G72: 2 | J72: 1 | K72: 1 | P72: =(SUM(L72:O72)/SUM(H72:K72)) -> 0 | R72: 21000 | S72: 0 | T72: 21000
F73: 3) Carry out 2 membership classes | G73: 2 | H73: 1 | K73: 1 | P73: =(SUM(L73:O73)/SUM(H73:K73)) -> 0 | R73: 8000 | S73: 0 | T73: 8000
A75: Lead Pastor's Key Ministry Areas Summary | B75: 6.1 Community presented with the Gospel of Christ | C75: Ministry activities that result to salvation to those who do not know God | F75: Report on number of people who have given their lives to Christ as Lord and Saviour in Church and through outreach initiatives | G75: 4 | H75: 1 | I75: 1 | J75: 1 | K75: 1 | P75: =(SUM(L75:O75)/SUM(H75:K75)) -> 0 | R75: 0 | S75: 0 | T75: 0
B76: 6.2 Resource Mobilization done so as to sustain ministry activities | C76: Ministries of the church have been sufficiently supported | F76: Report on Church giving for the year; target is to achieve at least 80% | G76: 4 | H76: 1 | I76: 1 | J76: 1 | K76: 1 | P76: =(SUM(L76:O76)/SUM(H76:K76)) -> 0 | R76: 0 | S76: 0 | T76: 0
B77: 6.3 Member Care: Visitation, Benevolence and Counselling | C77: Congregation is cared for and nurtured | F77: Report on number of visitation, counselling and benevolence contacts per quarter. At least two Pastoral visits to congregant family per month | G77: 4 | H77: 1 | I77: 1 | J77: 1 | K77: 1 | P77: =(SUM(L77:O77)/SUM(H77:K77)) -> 0 | R77: 597000 | S77: 268000 | T77: 329000
B78: 6.4 Preaching Ministry | C78: Involvement in the Preaching Ministry of the assembly and NBC in general | F78: Report on number of preaching assignments carried out per quarter (at least 12 per quarter) | G78: 48 | H78: 12 | I78: 12 | J78: 12 | K78: 12 | P78: =(SUM(L78:O78)/SUM(H78:K78)) -> 0 | R78: 0 | S78: 0 | T78: 0
B79: 6.5 Involvement with other NBC Global matters | C79: Engagement with the Church as assigned to various Committees by Senior Pastor | F79: Quarterly report on involvement in meeting(s) or forums including trainings for pastors, pastoral trainees and interns in various areas of ministry service and in leadership | G79: 4 | H79: 1 | I79: 1 | J79: 1 | K79: 1 | P79: =(SUM(L79:O79)/SUM(H79:K79)) -> 0 | R79: 0 | S79: 0 | T79: 0
B81: Creative Arts Ministry Admin Costs (Costumes, Props, Honoraria, Gift tokens, Partnerships, Facilitation and Repairs) | R81: 165000 | S81: 0 | T81: 165000
B82: Holy Communion Admin Costs | R82: 68000 | S82: 0 | T82: 68000
B83: Sunday Services Transport Costs | G83: 52 | H83: 13 | I83: 13 | J83: 13 | K83: 13 | P83: 0 | R83: 522000 | S83: 0 | T83: 522000
B84: Creative Media Ministry Admin Costs (Accessories, Facilitation & Repairs) | R84: 128000 | S84: 0 | T84: 128000
B85: Ushering, Hospitality and Security Ministries | R85: 45000 | S85: 0 | T85: 45000
B86: Décor & Flowers Ministry | R86: 72000 | S86: 0 | T86: 72000
B87: Child Dedication (Counselling, Bibles and Certificates) | R87: 30000 | S87: 7500 | T87: 22500
B88: Airtime facilitation for Ministry (Children's Ministry leaders) | R88: 30000 | S88: 0 | T88: 30000
B89: Discipleship Books & Materials (Library) | R89: 30000 | S89: 0 | T89: 30000
B90: Airtime facilitation for Ministry (Small Group Leaders) | R90: 87000 | S90: 0 | T90: 87000
B91: Airtime & Fellowship Retreats facilitation for Ministry (Staff) | R91: 52000 | S91: 0 | T91: 52000
B92: Airfare & Accomodation facilitation for Ministry Partnerships | G92: 2 | H92: 1 | J92: 1 | P92: 0 | R92: 100000 | S92: 0 | T92: 100000
B93: Ministry Banners | R93: 30000 | S93: 0 | T93: 30000
B94: Airtime facilitation and accessories (Communication Ministry) | R94: 18000 | S94: 0 | T94: 18000
B95: Counselling Ministry Admin Costs (Airtime facilitation and Bible Gifts for Newly Weds) | R95: 20500 | S95: 0 | T95: 20500
B96: Dorcas Ministry (Social Welfare Support) | G96: 4 | H96: 1 | I96: 1 | J96: 1 | K96: 1 | P96: 0 | R96: 328000 | S96: 0 | T96: 328000
B97: Lease of House and Field (plus Insurance Premiums & Tent Maintenance) | R97: 2610000 | S97: 0 | T97: 2610000
B98: Hire of Tents and Chairs | R98: 360000 | S98: 0 | T98: 360000
B99: Sunday Refreshments | R99: 760000 | S99: 100000 | T99: 660000
B100: Utilities Costs (Electricity and Water) | R100: 84000 | S100: 0 | T100: 84000
B101: Computer Repairs & Maintenance | R101: 36000 | S101: 0 | T101: 36000
B102: Various Office Costs (Refreshments, Bottled Water, Stationery & Printer Toner) | R102: 180000 | S102: 0 | T102: 180000
B103: Office Communication (Telephone, Wifi and Zoom Meetings) | R103: 234000 | S103: 0 | T103: 234000
B104: Office Transport and Odd Repairs | R104: 140000 | S104: 0 | T104: 140000
B105: Cleaning personnel and materials plus Health and Safety | R105: 348784 | S105: 0 | T105: 348784
B106: Security personnel Costs | R106: 626400 | S106: 0 | T106: 626400
B108: Personnel costs - NBC Staff | R108: 5016377 | S108: 0 | T108: 5016377
R109: =SUM(R10:R108) -> 15025561 | S109: =SUM(S10:S108) -> 976500 | T109: =SUM(T10:T108) -> 14049061
P112: GRAND TOTAL | R112: 15025561 | S112: 976500 | T112: 14049061 | U112: 0
...

Sheet GMO 
B1: WORKPLAN & APPRAISAL TOOL FOR GLOBAL MISSIONS & OUTREACH YEAR: 2022
O2: Overall achievement | P2: =AVERAGE(P6:P159) -> 0.13235294
B3: NAME OF ASSEMBLY/DEPT: | E3: NAME: | H3: Qtr of year | L3: Qtr of year | R3: (only for Assembly/departmental workplan)
H4: Planned Implementation | L4: Actual Implementation | P4: Progress | R4: BUDGET | S4: SELF FUNDING | T4: BUDGET Request | V4: NARRATIVE REPORT 2022 | AA4: Appraisal
A5: Goal by 2023 & Target | B5: Outcome(s) | C5: Outcome indicator(s) | D5: BASELINE 2019 | E5: TARGET 2023 | F5: 2022 Activities | G5: TARGET/ INDICATOR | H5: I | I5: II | J5: III | K5: IV | L5: I | M5: II | N5: III | O5: IV | P5: (auto-calculated) | V5: 1ST QUARTER | W5: 2ND QUARTER | X5: 3RD QUARTER | Y5: 4TH QUARTER | AA5: SELF | AB5: SUPERVISOR
A6: There is increased spiritual engagement and expression of regular congregants through worship, prayer and the word; Level of congregants engagement measured as good (from 75% to 85%) | B6: 1.1 Congregants expressing and experiencing Christ-centered, vibrant and relevant worship | C6: Proportion of worship content that is Christ-centered | D6: 0.87 | E6: Keep it at at least 90%
C10: Level of congregations responsiveness to the worship | D10: 0.63 | E10: Keep it at at least 80%
B14: 1.2 Congregants are increasingly engaged in fervent, continuous prayer empowered by the Holy Spirit | C14: Proportion of people engaged in fervent, continuous prayer | D14: 0.44 | E14: Keep it at at least 70%
C18: # of prayer initiatives currently in place
B22: 1.3 Congregants are experienceing and responding to Christ-centred and relevent preaching and teaching | C22: Proportion of preaching and teaching that is Christ-like centred and relevant | D22: 0.92 | E22: Keep it at at least 90%
C26: Level of congregation's responsiveness to the preaching and teaching | D26: 0.83 | E26: Keep it at at least 80%
B30: 1.4 Congregants encountering quality ministry in every aspect of the worship service | C30: Level of quality in every aspect of the worship service | D30: 0.84 | E30: Keep it at at least 90%
A35: There is increased spiritual maturity of regular congregants through effective discipleship, mentorship and leadership development; At least 50% of regular congregants, at any given time, who understand, communicate and live out the gospel | B35: 2.1 Congregants effectively discipled and discipling others | C35: # of congregants being discipled | D35: 0.5 | E35: 0.6 | F35: MAC: Interns & trainess support | G35: 4 | H35: 1 | I35: 1 | J35: 1 | K35: 1 | P35: =(SUM(L35:O35)/SUM(H35:K35)) -> 0 | R35: 1500000 | S35: 0 | T35: =R35-S35 -> 1500000
F36: MAC: Train two theologians by paying their fees | G36: 4 | H36: 1 | I36: 1 | J36: 1 | K36: 1 | P36: =(SUM(L36:O36)/SUM(H36:K36)) -> 0 | R36: 200000 | S36: 0 | T36: =R36-S36 -> 200000
F37: MAC: Support 9 missionaries | G37: 4 | H37: 1 | I37: 1 | J37: 1 | K37: 1 | P37: =(SUM(L37:O37)/SUM(H37:K37)) -> 0 | R37: 948000 | S37: 0 | T37: =R37-S37 -> 948000
F38: MAC: Support 9 missionary agencies | G38: 9 | H38: 1 | I38: 1 | J38: 1 | K38: 1 | P38: =(SUM(L38:O38)/SUM(H38:K38)) -> 0 | R38: 894000 | S38: 0 | T38: =R38-S38 -> 894000
F39: MAC: monitoring and evaluation of missionaries and mission agencies | G39: 4 | H39: 1 | I39: 1 | J39: 1 | K39: 1 | P39: =(SUM(L39:O39)/SUM(H39:K39)) -> 0 | R39: 750000 | S39: 0 | T39: =R39-S39 -> 750000
F40: MAC: Annual missionaries Family seminar | G40: 1 | J40: 1 | P40: =(SUM(L40:O40)/SUM(H40:K40)) -> 0 | R40: 60000 | S40: 0 | T40: =R40-S40 -> 60000
F41: MAC: Encourage and suppport short term missions | G41: 1 | J41: 1 | P41: =(SUM(L41:O41)/SUM(H41:K41)) -> 0 | R41: 75000 | S41: 0 | T41: =R41-S41 -> 75000
F42: MAC: Quartery updates and hosting when Partners come knocking | G42: 4 | H42: 1 | I42: 1 | J42: 1 | K42: 1 | P42: =(SUM(L42:O42)/SUM(H42:K42)) -> 0 | R42: 120000 | S42: 0 | T42: =R42-S42 -> 120000
F43: MAC: Strengthening Kwale Missions | G43: 4 | H43: 2 | J43: 2 | P43: =(SUM(L43:O43)/SUM(H43:K43)) -> 0 | R43: 200000 | S43: 0 | T43: =R43-S43 -> 200000
C45: # of congregants discipling others | D45: 0.46 | E45: 0.55
B49: 2.2 Increased number of persons involved in mentorship programs | C49: # ofpersons involved in mentorship programs - being mentored | D49: 0.29 | E49: 0.4
C52: # of persons involved in mentorship others | D52: 0.27 | E52: 0.4
B56: 2.3 Visible and active leadership development | C56: # of Leadership development initiatives | D56: 86 in diff ministries across assemblies | E56: 100 initiatives
C60: # of participants in the Leadership development initatives | D60: TBC
B64: 2.4 Visible and active fellowship oriented forums | C64: Level of involvement/Participation in fellowship/care ministries | D64: 0.12 | E64: 0.4
A69: Regular congregants are participating in holistic outreach, evangelism and viable Church Planting; At least 60% of regular congregants participating; and 2 churches planted | B69: 3.1 An equipped congregation that is actively and effectively engaged in holistic outreach. | C69: Proportion of congregants who are enthusiastically and consistently involved in holistic outreach. | D69: 0.22 | E69: 0.55 | F69: KIBRA: Outreach through Medi-care, report on patients seen & congregants involved | G69: 4 | H69: 1 | I69: 1 | J69: 1 | K69: 1 | P69: =(SUM(L69:O69)/SUM(H69:K69)) -> 0 | R69: 0 | S69: 0 | T69: =R69-S69 -> 0
F70: KIBRA: Outreach through Medi-care, therapy and social-economic support to HIV infected patients, number of sessions | G70: 48 | H70: 12 | I70: 12 | J70: 12 | K70: 12 | P70: =(SUM(L70:O70)/SUM(H70:K70)) -> 0 | R70: 254000 | S70: 0 | T70: =R70-S70 -> 254000
F71: KIBRA: Submission of reports to the county in compliance to MoH set standards | G71: 100 | H71: 100 | I71: 100 | J71: 100 | K71: 100 | P71: =(SUM(L71:O71)/SUM(H71:K71)) -> 0 | R71: 0 | S71: 0 | T71: =R71-S71 -> 0
D72: 0.45 | E72: 0.65 | F72: KIBRA:Ensure availability of drugs and reagents and that the pharmacy is well maintained (ensure reconciled system and actual stock of medicines) | G72: 100 | H72: 100 | I72: 100 | J72: 100 | K72: 100 | P72: =(SUM(L72:O72)/SUM(H72:K72)) -> 0 | R72: 1200000 | S72: 1200000 | T72: =R72-S72 -> 0
F73: KIBRA: Weekly special clinics; report on numbers in CWC and ANC visits | G73: 50 | H73: 12 | I73: 13 | J73: 13 | K73: 12 | P73: =(SUM(L73:O73)/SUM(H73:K73)) -> 0 | R73: 30000 | S73: 0 | T73: =R73-S73 -> 30000
F74: KIBRA: Special clinics/ medical camp; report on one medical camp successfully held | G74: 2 | H74: 1 | J74: 1 | P74: =(SUM(L74:O74)/SUM(H74:K74)) -> 0 | R74: 110000 | S74: 0 | T74: =R74-S74 -> 110000
F75: KIBRA: Promotion of Reproductive Health Initiatives | G75: 3 | I75: 1 | J75: 1 | K75: 1 | P75: =(SUM(L75:O75)/SUM(H75:K75)) -> 0 | R75: 30000 | S75: 0 | T75: =R75-S75 -> 30000
F76: SW: Outreach through high school education | G76: 4 | H76: 1 | I76: 1 | J76: 1 | K76: 1 | P76: =(SUM(L76:O76)/SUM(H76:K76)) -> 0 | R76: 3000000 | T76: =R76-S76 -> 3000000
F77: SW: Outreach through college/University Education | G77: 4 | H77: 1 | I77: 1 | J77: 1 | K77: 1 | P77: =(SUM(L77:O77)/SUM(H77:K77)) -> 0 | R77: 1300000 | T77: =R77-S77 -> 1300000
F78: SW: Extended time of discipleship of Bapo Scholars through students camp | G78: 1 | K78: 1 | P78: =(SUM(L78:O78)/SUM(H78:K78)) -> 0 | R78: 200000 | T78: =R78-S78 -> 200000
F79: SW: Social welfare to others: fees balances and sponsor to other students. | G79: 4 | H79: 1 | I79: 1 | J79: 1 | K79: 1 | P79: =(SUM(L79:O79)/SUM(H79:K79)) -> 0 | R79: 60000 | T79: =R79-S79 -> 60000
F80: SW: Mentorship/Tution forums for sponsored students | G80: 2 | H80: 1 | K80: 1 | P80: =(SUM(L80:O80)/SUM(H80:K80)) -> 0 | R80: 60000 | T80: =R80-S80 -> 60000
F81: SW: Emergency fund | G81: 4 | H81: 1 | I81: 1 | J81: 1 | K81: 1 | P81: =(SUM(L81:O81)/SUM(H81:K81)) -> 0 | R81: 90000 | T81: =R81-S81 -> 90000
F82: SW: Food and toiletries for selected institutions that request support | G82: 4 | H82: 1 | I82: 1 | J82: 1 | K82: 1 | P82: =(SUM(L82:O82)/SUM(H82:K82)) -> 0 | R82: 60000 | T82: =R82-S82 -> 60000
F83: SW: Other forms of support to non church members | G83: 4 | H83: 1 | I83: 1 | J83: 1 | K83: 1 | P83: =(SUM(L83:O83)/SUM(H83:K83)) -> 0 | R83: 100000 | T83: =R83-S83 -> 100000
F84: SW: Food for immediate support for weekly clients | G84: 4 | H84: 1 | I84: 1 | J84: 1 | K84: 1 | P84: =(SUM(L84:O84)/SUM(H84:K84)) -> 0 | R84: 161000 | T84: =R84-S84 -> 161000
F85: SW: Love INC Ngong Road involvement | G85: 4 | H85: 1 | I85: 1 | J85: 1 | K85: 1 | P85: =(SUM(L85:O85)/SUM(H85:K85)) -> 0 | R85: 60000 | T85: =R85-S85 -> 60000
F86: SW: Repair & distribution of Wheelchairs | G86: 4 | H86: 1 | I86: 1 | J86: 1 | K86: 1 | P86: =(SUM(L86:O86)/SUM(H86:K86)) -> 0 | R86: 200000 | S86: 50000 | T86: =R86-S86 -> 150000
F87: SW: Disability conference and support meetings | G87: 4 | H87: 1 | I87: 1 | J87: 1 | K87: 1 | P87: =(SUM(L87:O87)/SUM(H87:K87)) -> 0 | R87: 180500 | S87: 30000 | T87: =R87-S87 -> 150500
F88: SW: Deaf ministry: interpretation & Training | G88: 4 | H88: 1 | I88: 1 | J88: 1 | K88: 1 | P88: =(SUM(L88:O88)/SUM(H88:K88)) -> 0 | R88: 330000 | S88: 0 | T88: =R88-S88 -> 330000
F89: SW: Disaster response ministry: report on involvement and # of people impacted | G89: 4 | H89: 1 | I89: 1 | J89: 1 | K89: 1 | P89: =(SUM(L89:O89)/SUM(H89:K89)) -> 0 | R89: 100000 | S89: 50000 | T89: =R89-S89 -> 50000
F90: SW: Number of participants in Entrepreneurship support eg mentored & networking | G90: 4 | H90: 1 | I90: 1 | J90: 1 | K90: 1 | P90: =(SUM(L90:O90)/SUM(H90:K90)) -> 0 | R90: 513600 | S90: 233600 | T90: =R90-S90 -> 280000
F91: KWALE: Outreach through provision of affordable, accessible , available health care to the community. Volunteers welcomed from the congregation. Qtly report on patients attended to | G91: 4 | H91: 1 | I91: 1 | J91: 1 | K91: 1 | P91: =(SUM(L91:O91)/SUM(H91:K91)) -> 0 | R91: 20000 | T91: =R91-S91 -> 20000
F92: KWALE: Outreach through partnership with other organisations like PS Kenya. | G92: 4 | H92: 1 | I92: 1 | J92: 1 | K92: 1 | P92: =(SUM(L92:O92)/SUM(H92:K92)) -> 0 | T92: =R92-S92 -> 0
F93: KWALE: Monthly submission of reports to the subcounty health department in compliance to MOH standards. | G93: 4 | H93: 1 | I93: 1 | J93: 1 | K93: 1 | P93: =(SUM(L93:O93)/SUM(H93:K93)) -> 0 | T93: =R93-S93 -> 0
F94: KWALE: Quarterly stocking of drugs in the pharmacy. Use of bin cards and cloud based(Banda health) systems to avoid stockouts. | G94: 4 | H94: 1 | I94: 1 | J94: 1 | K94: 1 | P94: =(SUM(L94:O94)/SUM(H94:K94)) -> 0 | R94: 1440000 | S94: 540000 | T94: =R94-S94 -> 900000
F95: KWALE: Home visits | G95: 4 | H95: 1 | I95: 1 | J95: 1 | K95: 1 | M95: 25 | P95: =(SUM(L95:O95)/SUM(H95:K95)) -> 6.25 | R95: 18000 | T95: =R95-S95 -> 18000 | W95: visited about 25 families.
F96: KWALE: Child welfare clinic every Wednesday and ANC on daily basis. | G96: 4 | H96: 1 | I96: 1 | J96: 1 | K96: 1 | P96: =(SUM(L96:O96)/SUM(H96:K96)) -> 0 | T96: =R96-S96 -> 0
F97: KWALE: Conduct at least one medical camp each year. | G97: 4 | H97: 1 | I97: 1 | J97: 1 | K97: 1 | N97: 0 | P97: =(SUM(L97:O97)/SUM(H97:K97)) -> 0 | R97: 300000 | S97: 150000 | T97: =R97-S97 -> 150000 | W97: The medical camp will be in the fourth quarter.
F98: KWALE:Mazumalume pastors' training programme. | G98: 4 | H98: 1 | I98: 1 | J98: 1 | K98: 1 | M98: 0 | P98: =(SUM(L98:O98)/SUM(H98:K98)) -> 0 | R98: 50000 | T98: =R98-S98 -> 50000 | W98: The Facilitator was unavailable and Rev. Kassims transition complicated things.
F99: KWALE: Men's fellowship: Hydrocele camps | G99: 4 | H99: 1 | I99: 1 | J99: 1 | K99: 1 | M99: 0 | P99: =(SUM(L99:O99)/SUM(H99:K99)) -> 0 | R99: 150000 | S99: 150000 | T99: =R99-S99 -> 0 | W99: The ministry is still ongoing but under Godwill's ministry organisation.
F100: KWALE: Outreach to youth and children | G100: 4 | H100: 1 | I100: 1 | J100: 1 | K100: 1 | M100: 3 | P100: =(SUM(L100:O100)/SUM(H100:K100)) -> 0.75 | R100: 100000 | T100: =R100-S100 -> 100000 | W100: We have had 2 youth leaders' training and 1 children ministry training. We have trained 12 youth leaders and 35 Sunday school teachers for the work of ministry.
F101: KWALE: School ministry through PPI teaching of CRE | G101: 4 | H101: 1 | I101: 1 | J101: 1 | K101: 1 | M101: 8 | P101: =(SUM(L101:O101)/SUM(H101:K101)) -> 2 | R101: 73000 | T101: =R101-S101 -> 73000 | W101: We expanded PPI from 5 to 8 schools. So far, we are reaching about 1000 students every week.
F102: KWALE: Development of playground | G102: 1 | K102: 1 | P102: =(SUM(L102:O102)/SUM(H102:K102)) -> 0 | R102: 0 | T102: =R102-S102 -> 0
F103: KWALE: Mission support | G103: 4 | H103: 1 | I103: 1 | J103: 1 | K103: 1 | P103: =(SUM(L103:O103)/SUM(H103:K103)) -> 0 | R103: 150000 | T103: =R103-S103 -> 150000
B104: 3.2 An equipped congregation that is actively and effectively engaged in evangelism. | C104: Proportion of congregants who are enthusiastically and consistently sharing the gospel of Christ. | F104: FOS: Organize interfaith forums in Somali dominated areas | G104: 4 | H104: 1 | I104: 1 | J104: 1 | K104: 1 | P104: =(SUM(L104:O104)/SUM(H104:K104)) -> 0 | R104: 20000 | T104: =R104-S104 -> 20000
F105: FOS: Show care to the vulnerable in the Somali community | G105: 4 | H105: 1 | I105: 1 | J105: 1 | K105: 1 | P105: =(SUM(L105:O105)/SUM(H105:K105)) -> 0 | R105: 15000 | T105: =R105-S105 -> 15000
F106: FOS: Training on apologetics, Somali language, digital ministry for outreach | G106: 4 | H106: 1 | I106: 1 | J106: 1 | K106: 1 | P106: =(SUM(L106:O106)/SUM(H106:K106)) -> 0 | R106: 20000 | T106: =R106-S106 -> 20000
F107: FOS: Prayers once a week | G107: 4 | H107: 1 | I107: 1 | J107: 1 | K107: 1 | P107: =(SUM(L107:O107)/SUM(H107:K107)) -> 0 | R107: 10000 | T107: =R107-S107 -> 10000
F108: FOS: Prayer walks in Somali dominated areas | G108: 4 | H108: 1 | I108: 1 | J108: 1 | K108: 1 | P108: =(SUM(L108:O108)/SUM(H108:K108)) -> 0 | R108: 15000 | T108: =R108-S108 -> 15000
F109: FOS: Training on effective teaching of ESL | G109: 4 | H109: 1 | I109: 1 | J109: 1 | K109: 1 | P109: =(SUM(L109:O109)/SUM(H109:K109)) -> 0 | R109: 50000 | T109: =R109-S109 -> 50000
F110: FOS: English and Kiswahili language ministry, at least 2 students a week | G110: 4 | H110: 1 | I110: 1 | J110: 1 | K110: 1 | P110: =(SUM(L110:O110)/SUM(H110:K110)) -> 0 | R110: 9000 | T110: =R110-S110 -> 9000
F111: FOS: School ministry through PPI (primary) and CU (secondary and higher institutions) | G111: 4 | H111: 1 | I111: 1 | J111: 1 | K111: 1 | P111: =(SUM(L111:O111)/SUM(H111:K111)) -> 0 | R111: 10000 | T111: =R111-S111 -> 10000
F112: FOS: Recreation activities such as sports, outings | G112: 4 | H112: 1 | I112: 1 | J112: 1 | K112: 1 | P112: =(SUM(L112:O112)/SUM(H112:K112)) -> 0 | R112: 20000 | T112: =R112-S112 -> 20000
F113: FOS: MBBs care to meet their felt needs as they arise- rent support for Noor Diin | G113: 4 | H113: 1 | I113: 1 | J113: 1 | K113: 1 | P113: =(SUM(L113:O113)/SUM(H113:K113)) -> 0 | R113: 60000 | T113: =R113-S113 -> 60000
F114: FOS: Specialized medical outreach | G114: 4 | H114: 1 | I114: 1 | J114: 1 | K114: 1 | P114: =(SUM(L114:O114)/SUM(H114:K114)) -> 0 | R114: 124000 | T114: =R114-S114 -> 124000
F115: NGRD: Set up an information desk, stock up on Bibles, Four Spritual Laws and any outreach materials (including an outreach newsletter) | G115: Qtly report on # of visits | H115: 1 | I115: 1 | J115: 1 | K115: 1 | P115: =(SUM(L115:O115)/SUM(H115:K115)) -> 0 | R115: 80000 | T115: =R115-S115 -> 80000
F116: NGRD: In-person meetings with all outreachers in GMO 4 meetings | G116: 4 | H116: 1 | I116: 1 | J116: 1 | K116: 1 | P116: =(SUM(L116:O116)/SUM(H116:K116)) -> 0 | R116: 15000 | T116: =R116-S116 -> 15000
F117: NGRD: Organize atleast 3 Ngong Road mission activities where the congregation gets to: 1. engage in praying for the lost 2. seek opportunity to show care 3. seek opportunities to share the gospel | G117: 3 | I117: 1 | J117: 1 | K117: 1 | P117: =(SUM(L117:O117)/SUM(H117:K117)) -> 0 | R117: 100000 | T117: =R117-S117 -> 100000
F118: NGRD: Having at least 10 staff members engage in the planned outreach activities | G118: 1 team of 10 staff | I118: 1 | P118: =(SUM(L118:O118)/SUM(H118:K118)) -> 0 | R118: 0 | T118: =R118-S118 -> 0
F119: NGRD: Share regular reports on what is going on in the outreach ministry using the media platforms. | G119: 3 | I119: 1 | J119: 1 | K119: 1 | P119: =(SUM(L119:O119)/SUM(H119:K119)) -> 0 | R119: 0 | T119: =R119-S119 -> 0
F120: NGRD: Collaborate with the music/worship ministry to stage one drama production and have the production visit atleast one high school and one campus | G120: 3 | I120: 1 | J120: 1 | K120: 1 | P120: =(SUM(L120:O120)/SUM(H120:K120)) -> 0 | R120: 110000 | T120: =R120-S120 -> 110000
F121: NGRD: Have at least 3 HGF's engaging in a neighbourhood /community outreach activity | G121: 3 | I121: 1 | J121: 1 | K121: 1 | P121: =(SUM(L121:O121)/SUM(H121:K121)) -> 0 | R121: 0 | T121: =R121-S121 -> 0
F122: NGRD: Join with FOS and begin an English teacher training for atleast 5 teachers who can join the team in praying, teaching and evangelizing to the S' people in Eastleigh | G122: 5 | I122: 1 | J122: 2 | K122: 2 | P122: =(SUM(L122:O122)/SUM(H122:K122)) -> 0 | R122: 91000 | T122: =R122-S122 -> 91000
F123: NGRD: Zonal Pastoral Care | G123: Qtly report | H123: 1 | I123: 1 | J123: 1 | K123: 1 | P123: =(SUM(L123:O123)/SUM(H123:K123)) -> 0 | R123: 100000 | T123: =R123-S123 -> 100000
F124: NGRD: Creative ministry: 1. lending a voice and skills to the creative ministry e.g. stage set up, thinking through Sunday content, creation and involvement in the drama | G124: Qtly report | H124: 1 | I124: 1 | J124: 1 | K124: 1 | P124: =(SUM(L124:O124)/SUM(H124:K124)) -> 0
F125: NGRD: 2. Preaching engagements: Engaging in preaching in services, fellowships, funeral meetings, weddings and missions. Adults Fellowship. | G125: Qtly report | H125: 1 | I125: 1 | J125: 1 | K125: 1 | P125: =(SUM(L125:O125)/SUM(H125:K125)) -> 0
F126: NGRD: 3. Patroning the Prime Time Young Adults Fellowship. | G126: Qtly report | H126: 1 | I126: 1 | J126: 1 | K126: 1 | P126: =(SUM(L126:O126)/SUM(H126:K126)) -> 0
F127: GO WEST preparation | G127: Half yr report | I127: 1 | K127: 1 | P127: =(SUM(L127:O127)/SUM(H127:K127)) -> 0 | R127: 650000 | T127: =R127-S127 -> 650000
B128: 3.3 Planted and established vibrant, Christ centered churces that are advancing the Kingdom of God.
A133: Children, Youth, and Young Adults are actively and variously engaged in influencing the world around them by living out and sharing their Christian testimony; At least 50% of Children, youth and young adults | B133: 4.1 Children actively living out and sharing their Christian testimony | C133: % of children living out and sharing their Christian testimony (home, school, play arenas etc) | D133: 0.49 | E133: 0.6
B140: 4.2 Youth actively living out and sharing their Christian testimony | C140: % of youth (ages13-17) involved actively living out and sharing their Christian testimony (understand, communicate and living out the gospel) | D140: 0.13 | E140: 0.45
B144: 4.3 Young adults actively living out and sharing their Christian testimony | C144: % of young adults (ages 18-29) actively living out their Christian testimony (understand, communicate and living out the gospel) | D144: 0.16 | E144: 0.45
A148: Governance and management structures are aligned and strengthened effectively overseeing the affairs of NBC and its growth; Alignment and strength of governance and management structures rated as good | B148: 5.1 Governance and management structures are fully aligned to the changing structure of the church | C148: % level of alignment across the entire NBC | D148: 0.72 | E148: 0.95
B152: 5.2 Governance and management structures strengthened to effecitvely give oversight to the growing and dynamic church | C152: Level of strengthening attained | D152: 0.7 | E152: 0.95 | R152: 0
F155: Strategic Plan implementation | R155: 0
B156: 5.3 Increased Registered Membership | C156: % increased propotion of members | D156: 0.31 | E156: At least 50% of congregation at any one time are members
C161: administrative costs | D161: 3 | E161: 5 | F161: KIBRA: Staff Renumeration | R161: 4302322 | S161: - | T161: 4302322
F162: KIBRA: Staff/ Ministry team welfare | R162: 183000 | S162: - | T162: 183000
F163: KIBRA: Roofing and Paintworks | S163: 0
F164: KIBRA: Repairs and Renovations | R164: 200000 | S164: - | T164: 200000
F165: KIBRA: Administry Costs | R165: 895000 | T165: 895000
F166: SW: Transport and other admin costs | R166: 116000 | T166: =R166-S166 -> 116000
...

Sheet Administry
C1: ADMINISTRY/OPERATIONS 2022 WORKPLAN
K3: Overall achievement | N3: =AVERAGE(N7:N78) -> 0
F4: Qtr of year | J4: Qtr of year
A5: Strategic Objectives/ Impact | B5: Strategies/ Outcomes | C5: Activities | D5: Performance Indicators(Target) | E5: TARGET | F5: Planned implementation | J5: Actual as implimented (report) | N5: Progress | P5: 2022 REPORT | U5: Appraisal
E6: No. | F6: I | G6: II | H6: III | I6: IV | J6: I | K6: II | L6: III | M6: IV | P6: 1ST QUARTER | Q6: 2ND QUARTER | R6: 3RD QUARTER | S6: 4TH QUARTER | U6: SELF | V6: SUPERVISOR
A7: Sound and accurate finance expertise and accurate financial records, controls and procedures implemented and maintained in accordance with internal financial policy, procedures, standards and statutory financial requirements | B7: Accurate and timely financial reporting. | C7: Reporting of finacial performance to congregation. | D7: Quarterly reporting to congregation | E7: 4 | F7: 1 | G7: 1 | H7: 1 | I7: 1 | N7: =(SUM(J7:M7)/SUM(F7:I7)) -> 0
C8: Reporting of financial performance to finance and Resource Mobilization Committees of the Elders Court. | D8: Bi- monthly reporting to Finance and RM committee | E8: 4 | F8: 1 | G8: 1 | H8: 1 | I8: 1 | N8: =(SUM(J8:M8)/SUM(F8:I8)) -> 0
C9: Reporting of financial performance to finance committee SMT. | D9: Monthly reporting to SMT | E9: 10 | F9: 2 | G9: 3 | H9: 3 | I9: 2 | N9: =(SUM(J9:M9)/SUM(F9:I9)) -> 0
B10: Adequate and efficient system of internal control. | C10: Timely completion of Annual Audit by March | D10: A timely and successful Audit | E10: 1 | F10: 1 | N10: =(SUM(J10:M10)/SUM(F10:I10)) -> 0
C11: Timely completion of Interim Audit | D11: A timely and successful interim Audit | E11: 1 | I11: 1 | N11: =(SUM(J11:M11)/SUM(F11:I11)) -> 0
B12: Compliance with requisite financial and regulatory requirements and standards. | C12: Follow up on the Management letter and the internal Audit Report | D12: Follow up and reporting on Issues arising from management letter and the Internal Audit report | E12: 4 | F12: 1 | G12: 1 | H12: 1 | I12: 1 | N12: =(SUM(J12:M12)/SUM(F12:I12)) -> 0
